 Dungeon Crawl Stone Soup version 0.18.1-48-g4cf74bf (webtiles) character file.

10645398 Goblin1989 the Annihilator (level 27, 249/249 HPs)
             Began as a Demonspawn Fire Elementalist on May 17, 2016.
             Was the Champion of Makhleb.
             Escaped with the Orb
             ... and 15 runes on Aug 1, 2016!
             The game lasted 1 day 08:33:29 (165803 turns).

Goblin1989 the Annihilator (DsFE)             Turns: 165803, Time: 1 , 08:33:30

Health: 249/249    AC: 50    Str: 15    XL:     27
Magic:  63/63      EV: 20    Int: 65    God:    Makhleb [******]
Gold:   12802      SH: 33    Dex: 25    Spells: 10 memorised, 7 levels left

rFire  + + .     SeeInvis .     d - +9 Staff of Wucad Mu {channel}
rCold  + + +     Gourm    .     k - +8 orange crystal plate armour {Archmagi, Int+3 Clar SustAt}
rNeg   + + +     Faith    .     R - +5 large shield "Myontim" {Regen+ Int+7}
rPois  ∞         Spirit   .     x - -2 hat of the Alchemist {rElec rPois rF+ rC+ rN+ MR+ rMut rCorr}
rElec  +         Dismiss  .     q - +1 cloak of the Beekeeper {MR+ Int+3 Stlth-}
rCorr  +         Reflect  +     (gloves unavailable)
rMut   +         Harm     .     l - +0 pair of boots of the Game Afoot {rC+ Dex+6}
SustAt +         Clarity  +     W - amulet of the Establishment {Reflect Int+9 SH+2}
MR     +++++                    t - ring "Soatez" {MP+9 Int+7 Slay-4}
Stlth  +.........               X - ring "Qeh Baet" {Str+4 Int+10}

@: lich-form (expiring), almost entirely resistant to hostile enchantments, very
unstealthy
A: claws 3, talons 1, agile 1, fire resistance 1, hurl damnation, foul stench 2,
powered by pain 3, shaggy fur 2, strong 1, evolution 1, rot immunity, flame
cloud immunity, sturdy frame 3
a: Damnation, End Transformation, Minor Destruction, Lesser Servant of Makhleb,
Major Destruction, Greater Servant of Makhleb, Renounce Religion
0: Orb of Zot
}: 15/15 runes: serpentine, barnacled, slimy, silver, golden, iron, obsidian,
icy, bone, abyssal, demonic, glowing, magical, fiery, dark


You escaped.
You worshipped Makhleb.
Makhleb was exalted by your worship.
You were not hungry.
You were a lich.
You visited 18 branches of the dungeon, and saw 93 of its levels.
You visited Pandemonium 1 time, and saw 33 of its levels.
You visited the Abyss 3 times.
You completed 8 ziggurats, and saw 216 of their levels.
You also visited: Trove.

You collected 23843 gold pieces.
You spent 9424 gold pieces at shops.

Inventory:

Hand Weapons
 d - the +9 Staff of Wucad Mu (weapon) {channel}
   (You found it on level 27 of a ziggurat)
Missiles
 K - 247 javelins of penetration (quivered)
Armour
 k - the +8 orange crystal plate armour (worn) {Archmagi, Int+3 Clar SustAt}
   (You acquired it on level 13 of a ziggurat)

   It affects your intelligence (+3).
   It sustains your strength, intelligence and dexterity.
   It protects you against confusion.
 l - the +0 pair of boots of the Game Afoot (worn) {rC+ Dex+6}
   (You found it on level 22 of a ziggurat)

   It affects your dexterity (+6).
   It protects you from cold.
 q - the +1 cloak of the Beekeeper (worn) {MR+ Int+3 Stlth-}
   (You acquired it on level 15 of a ziggurat)

   It affects your intelligence (+3).
   It affects your resistance to hostile enchantments.
   It makes you less stealthy.
 x - the -2 hat of the Alchemist (worn) {rElec rPois rF+ rC+ rN+ MR+ rMut rCorr}
   (You found it on level 12 of a ziggurat)

   It protects you from fire.
   It protects you from cold.
   It insulates you from electricity.
   It protects you from poison.
   It protects you from negative energy.
   It affects your resistance to hostile enchantments.
   It protects you from acid and corrosion.
   It protects you from mutation.
 R - the +5 large shield "Myontim" (worn) {Regen+ Int+7}
   (You found it on level 17 of a ziggurat)

   It affects your intelligence (+7).
   It increases your rate of regeneration.
Jewellery
 t - the ring "Soatez" (right claw) {MP+9 Int+7 Slay-4}
   (You found it on level 9 of a ziggurat)

   [ring of magical power]

   It affects your intelligence (+7).
   It affects your accuracy and damage with ranged weapons and melee attacks
   (-4).
   It affects your magic capacity (+9).
 W - the amulet of the Establishment (around neck) {Reflect Int+9 SH+2}
   (You found it on level 24 of a ziggurat)

   [amulet of reflection]

   It shields you and reflects attacks.
   It affects your intelligence (+9).
   It affects your SH (+2).
 X - the ring "Qeh Baet" (left claw) {Str+4 Int+10}
   (You found it on level 23 of a ziggurat)

   [ring of strength]

   It affects your strength (+4).
   It affects your intelligence (+10).
Wands
 a - a wand of hasting (5/9)
 B - a wand of heal wounds (3/9)
 S - a wand of teleportation (3/9)
Scrolls
 m - 113 scrolls of identify
 n - 166 scrolls of teleportation
 p - 2 scrolls of acquirement
 u - 101 scrolls of remove curse
 z - 115 scrolls of fog
 E - a scroll of summoning
 F - 89 scrolls of recharging
 J - 9 scrolls of immolation {!r}
 Q - 74 scrolls of blinking {!r}
Potions
 c - 113 potions of cure mutation {!q}
 T - 10 potions of cancellation
Miscellaneous
 y - a legendary deck of changes {the Alchemist, drawn: 8}
 M - 2 figurines of a ziggurat
 P - a legendary deck of changes {the Alchemist, drawn: 3}
 V - a disc of storms
Comestibles
 i - 46 bread rations


   Skills:
 O Level 27 Fighting
 O Level 27 Short Blades
 O Level 27 Long Blades
 O Level 27 Axes
 O Level 27 Maces & Flails
 O Level 27 Polearms
 O Level 27 Staves
   Level 19.7 Bows
 O Level 27 Crossbows
 O Level 27 Throwing
 O Level 27 Armour
 O Level 27 Dodging
 O Level 27 Stealth
 O Level 27 Shields
 O Level 27 Unarmed Combat
 O Level 27 Spellcasting
 O Level 27 Conjurations
 O Level 27 Hexes
 O Level 27 Charms
 O Level 27 Necromancy
 O Level 27 Translocations
 O Level 27 Transmutations
 O Level 27 Fire Magic
 O Level 27 Ice Magic
 O Level 27 Air Magic
 O Level 27 Earth Magic
   Level 0.2 Poison Magic
 O Level 27 Invocations
 O Level 27 Evocations


You had 7 spell levels left.
You knew the following spells:

 Your Spells              Type           Power        Failure   Level  Hunger
a - Tornado               Air            #########.   1%          9    N/A
b - Darkness              Hex            #########.   0%          6    N/A
c - Apportation           Tloc           #########.   0%          1    N/A
d - Shatter               Erth           #########.   1%          9    N/A
e - Lehudib's Crystal Sp  Conj/Erth      #########.   1%          8    N/A
g - Glaciate              Conj/Ice       #########.   1%          9    N/A
h - Haste                 Chrm           ########     0%          6    N/A
i - Necromutation         Trmt/Necr      ##########   1%          8    N/A
j - Controlled Blink      Tloc           N/A          1%          8    N/A
z - Fire Storm            Conj/Fire      #########.   1%          9    N/A

Dungeon Overview and Level Annotations

Branches:
Dungeon (15/15)            Temple (1/1) D:7            Lair (8/8) D:10
 Shoals (4/4) Lair:4        Snake (4/4) Lair:5        Slime (6/6) Lair:8
    Orc (2/2) D:11            Elf (3/3) Orc:2        Vaults (5/5) D:13
  Crypt (3/3) Vaults:3       Tomb (3/3) Crypt:3      Depths (5/5) D:15
   Hell (1/1)                 Dis (7/7) Hell            Geh (7/7) Hell
    Coc (7/7) Hell            Tar (7/7) Hell            Zot (5/5) Depths:5

Altars:
Ashenzari
Dithmenos
Elyvilon
Fedhas
Gozag
Kikubaaqudgha
Makhleb
Nemelex Xobeh
Okawaru
Pakellas
Qazlal
Sif Muna
Trog
Vehumet
Xom
Yredelemnul
Zin
The Shining One
Beogh
Jiyva

Shops:
D:6 :[=   D:8 %   D:12 (*![   Orc:2 =[(*   Shoals:1 %   Shoals:2 :   Shoals:4 =
Snake:1 }   Vaults:5 %   Depths:1 *   Depths:5 ([[((

Portals:
Hell: Depths:1 Depths:2 Depths:3 Depths:4 Depths:5
Abyss: Depths:4
Pandemonium: Depths:3

Annotations:
D:11 exclusion: downstairs
D:12 exclusion: downstairs
Slime:4 exclusions: fire vortex and upstairs
Elf:2 3 runed doors, exclusion: 3 doors


Innate Abilities, Weirdness & Mutations

You have claws for hands.
Your flesh is heat resistant.
You can hurl damnation.
You frequently emit foul miasma when damaged in melee.
You are powered by pain.
You are immune to rotting.
You are immune to clouds of flame.
Your movements are significantly less encumbered by armour (ER -6).
You have sharp toenails.
You are agile. (Dex +2)
You are covered in thick fur (AC +2).
Your muscles are strong. (Str +2)
You evolve.


Message History

A rust devil comes into view.
The rust devil screeches!
MP restored: 63
There is a stone staircase leading up here.
You climb upwards.
A giant newt comes into view.
There is a stone staircase leading down here.
You feel a surge of power!
The dungeon rumbles!
You kill the giant newt!
Makhleb accepts your kill.
Ka-crash!
You now have 54/63 mp.
There is a stone staircase leading up here.
You climb upwards.
There is a stone staircase leading down here.
Your transformation is almost over.
There is a staircase leading out of the dungeon here.
MP restored: 63 You have escaped!

#.##########..##.# #.....#
##.##.# ### #####.#
#.##.###
##.####.##.#######..#.#..
##...##.#'#.......##.#.#..
#.....'##.#######.##.#.#..
##...###...## #.##...#..
##.###...(.#####.###..#..
#'##...L.....##.# #..'..
##.###....(##....# #..#..
##...###...######.# #..#..
#.....'##.## #.# #..#..
##...##.#'# #.# ##.#..
##.####.## #.####.#.. ###
### #.÷..#.### ####.#>#
#####.###


There were no monsters in sight!

Vanquished Creatures
  Cerebov (Pan)
  Antaeus (Coc:7)
  Asmodeus (Geh:7)
  Ereshkigal (Tar:7)
  Gloorx Vloq (Pan)
  the Royal Jelly (Slime:6)
  Ignacio (Pan)
  Mnoleg (Pan)
  the Serpent of Hell (Tar:7)
  Lom Lobon (Pan)
  Dispater (Dis:7)
  258 pandemonium lords
  49 orbs of fire
  Mara (Tomb:2)
  45 juggernauts
  164 ancient liches
  Boris (twice) (Vaults:2 Depths:4)
  Sojobo (Crypt:1)
  153 greater mummies
  73 shard shrikes
  The ghost of Mesmaeker13 the Convoker, a veteran DsGl of Okawaru (Vaults:5)
  93 Killer Klowns
  A caustic shrike (shapeshifter) (Zig:26)
  48 caustic shrikes
  211 golden dragons
  6 curse toes
  Geryon (Hell)
  Nikola (Shoals:4)
  The ghost of Galewind the Portalist, a veteran SpEn of Dithmenos (Zig:12)
  Jory (Depths:4)
  9 pearl dragons
  34 iron giants
  59 Tzitzimimeh
  the Enchantress (Depths:3)
  34 profane servitors
  75 bone dragons
  16 doom hounds
  70 Brimstone Fiends
  Jorgrun (Vaults:1)
  56 electric golems
  65 hellephants
  137 Ice Fiends
  29 Orb Guardians
  125 tentacled monstrosities
  55 liches
  65 Hell Sentinels
  142 titans
  9 quicksilver dragons (shapeshifter)
  148 deep elf master archers
  79 deep elf blademasters
  109 quicksilver dragons
  3 acid blobs (shapeshifter)
  9 sphinxes (shapeshifter)
  8 shadow dragons (shapeshifter)
  128 ancient champions
  4 eldritch tentacles
  73 Executioners
  35 tentacled starspawn
  55 shadow dragons
  59 sphinxes
  Gastronok (D:12)
  307 acid blobs
  9 death cobs
  Frances (Snake:1)
  93 storm dragons
  10 azure jellies (shapeshifter)
  10 thorn hunters
  18 tengu reavers
  The ghost of Malvoorn the Brawler, a journeyman TrMo of Jiyva (Shoals:2)
  A storm dragon (shapeshifter) (Zig:26)
  112 azure jellies
  73 fire giants
  16 daevas
  5 fire giants (shapeshifter)
  111 revenants
  459 greater nagas
  75 frost giants
  7 frost giants (shapeshifter)
  110 draconian monks
  111 draconian scorchers
  Maud (D:14)
  3 iron dragons (shapeshifter)
  35 iron dragons
  3 emperor scorpions (shapeshifter)
  144 draconian knights
  352 ghost moths
  A ghost moth (shapeshifter) (Zig:23)
  Aizul (Depths:2)
  22 caustic shrike zombies
  66 cacodemons
  81 balrugs
  136 orc warlords
  16 juggernaut zombies
  205 emperor scorpions
  40 vault wardens
  24 deep elf sorcerers
  40 warmongers
  5 spriggan defenders
  115 draconian zealots
  13 deep elf elementalists
  73 chaos champions
  115 draconian shifters
  87 curse skulls
  The ghost of Statics the Fighter, a journeyman DsFi of Okawaru (Orc:2)
  34 ghouls
  74 corrupters
  9 angels
  122 draconian callers
  117 draconian annihilators
  The ghost of FrancescoMac the Cruncher, a journeyman MiBe of Trog (Snake:1)
  An elemental wellspring (Coc:5)
  105 very ugly things
  4 stone giants (shapeshifter)
  31 war gargoyles
  20 caustic shrike skeletons
  177 reapers
  48 ironheart preservers
  18 juggernaut skeletons
  49 blood saints
  12 apis (shapeshifter)
  162 stone giants
  91 vampire knights
  51 green draconians
  43 lorocyprocas
  59 mottled draconians
  46 black draconians
  18 apis
  55 purple draconians
  60 salamander stormcallers
  89 deep elf demonologists
  9 dire elephants (shapeshifter)
  62 red draconians
  153 starcursed masses
  51 bennus
  12 ophanim
  37 dire elephants
  58 yellow draconians
  94 spark wasps
  Snorg (Lair:4)
  61 black suns
  91 deep elf annihilators
  62 white draconians
  2 spark wasps (shapeshifter)
  92 merfolk javelineers
  An ettin (shapeshifter) (Zig:26)
  8 quicksilver dragon zombies
  17 crystal guardians
  54 deep elf death magi
  85 eidola
  52 ettins
  43 vault guards
  174 blizzard demons
  138 mummy priests
  86 fire dragons
  32 death oozes
  32 jiangshi
  Josephine (D:14)
  A great orb of eyes (shapeshifter) (Zig:19)
  137 green deaths
  31 merfolk impalers
  100 deep elf high priests
  64 yaktaur captains
  2 kraken zombies
  280 entropy weavers
  64 great orbs of eyes
  11 quicksilver dragon skeletons
  A hydra (shapeshifter) (Zig:26)
  4 juggernaut simulacra
  10 monstrous demonspawn
  69 spriggan air magi
  105 ice dragons
  2 entropy weavers (shapeshifter) (Zig:23)
  104 naga warriors
  48 hell beasts
  17 merfolk avatars
  A ghost crab (shapeshifter) (Zig:18)
  157 hydras
  Fannar (D:11)
  19 rakshasas
  28 catoblepae
  33 ogre magi
  3 caustic shrike simulacra
  2 catoblepae (shapeshifter)
  19 death knights
  13 ghost crabs
  46 centaur warriors
  24 alligators
  76 merfolk aquamancers
  Erica (D:8)
  50 satyrs
  7 alligator snapping turtles (shapeshifter)
  86 anacondas
  An alligator (shapeshifter) (Zig:19)
  A satyr (shapeshifter) (Zig:9)
  A spectral fire giant (Zig:4)
  3 anacondas (shapeshifter)
  3 hell hogs (shapeshifter)
  21 alligator snapping turtles
  2 queen ants (shapeshifter)
  A queen ant (Lair:3)
  16 death yaks
  2 death yaks (shapeshifter)
  174 dancing weapons
  28 thrashing horrors
  17 deep troll earth magi
  131 vampire magi
  35 hell hogs
  20 titan zombies
  154 orc high priests
  2 shock serpents (shapeshifter)
  10 spriggan berserkers
  10 tengu warriors
  33 hell knights
  176 shock serpents
  8 deep troll shamans
  62 sun demons
  8 iron giant zombies
  169 naga sharpshooters
  A spectral spriggan (Zig:9)
  11 iron trolls (shapeshifter)
  Nergalle (Orc:1)
  88 soul eaters
  25 storm dragon zombies
  131 deep elf knights
  71 shadow wraiths
  2 fire crabs
  47 iron trolls
  10 iron golems
  3 fire crabs (shapeshifter)
  8 spatial maelstroms
  27 titan skeletons
  23 storm dragon skeletons
  24 salamander mystics
  156 skeletal warriors
  48 wretched stars
  29 giant orange brains
  93 death drakes
  14 unseen horrors
  87 death scarabs
  63 shadow demons
  9 cherubim
  9 torturous demonspawn
  A spectral spark wasp (Zig:9)
  6 spark wasp zombies
  39 sea snakes
  37 deep trolls
  An unseen horror (shapeshifter) (Zig:24)
  4 giant orange brains (shapeshifter)
  A ghost moth zombie (Dis:7)
  75 naga ritualists
  14 infernal demonspawn
  6 sea snakes (shapeshifter)
  2 deep trolls (shapeshifter)
  27 golden dragon zombies
  6 death drakes (shapeshifter)
  46 spriggan druids
  13 gelid demonspawn
  6 iron giant skeletons
  126 anubis guards
  2 swamp dragons (shapeshifter)
  A spectral iron dragon (Zig:4)
  14 hill giants
  6 lindwurms (shapeshifter)
  120 swamp dragons
  59 phantasmal warriors
  63 harpies
  17 shadow dragon zombies
  9 anaconda zombies
  19 putrid demonspawn
  85 flayed ghosts
  An obsidian statue (Zot:4)
  128 deep elf archers
  8 anaconda skeletons
  89 shambling mangroves
  20 iron dragon zombies
  A harpy (shapeshifter) (Zig:9)
  3 lindwurms
  21 sphinx zombies
  26 golden dragon skeletons
  55 mana vipers
  4 hill giants (shapeshifter)
  57 ironbrand convokers
  27 necromancers
  3 anubis guards (shapeshifter)
  100 ugly things
  A hell hog zombie (Crypt:1)
  48 orc knights
  11 oklob plants
  4 mana vipers (shapeshifter)
  3 shining eyes (shapeshifter)
  2 wolf spider zombies
  12 stone giant zombies
  25 manticores
  39 griffons
  321 orb spiders
  An orb spider (shapeshifter) (Zig:26)
  28 shadow dragon skeletons
  A glowing shapeshifter (Zig:18)
  3 salamanders (shapeshifter)
  64 shining eyes
  100 hornets
  94 orc sorcerers
  218 wolf spiders
  10 sphinx skeletons
  3 wizards
  4 wolf spiders (shapeshifter)
  3 cyclopes (shapeshifter)
  370 deep elf magi
  3 griffons (shapeshifter)
  9 frost giant skeletons
  6 hornets (shapeshifter)
  57 fauns
  4 manticores (shapeshifter)
  25 sirens
  203 moths of wrath
  49 sixfirhies
  44 salamanders
  14 fire giant zombies
  3 octopodes (shapeshifter)
  32 spriggan zombies
  13 frost giant zombies
  4 fauns (shapeshifter)
  2 elephants (shapeshifter)
  45 cyclopes
  372 black mambas
  5 black mambas (shapeshifter)
  3 moths of wrath (shapeshifter)
  A dire elephant zombie (Abyss:1)
  17 fire giant skeletons
  10 worldbinders
  22 iron dragon skeletons
  44 rust devils
  59 elf zombies
  28 elephants
  Joseph (Lair:1)
  A hell hog skeleton (Crypt:2)
  7 water nymphs (shapeshifter)
  4 eyes of devastation (shapeshifter)
  4 ice statues
  2 titan simulacra (Zig:24)
  4 centaur zombies
  132 guardian serpents
  52 water nymphs
  56 apocalypse crabs
  58 vault sentinels
  10 stone giant skeletons
  2 iron giant simulacra
  27 eyes of devastation
  206 naga magi
  8 molten gargoyles (Geh:7)
  4 guardian serpents (shapeshifter)
  A spiny frog (shapeshifter) (Zig:27)
  6 dire elephant skeletons
  5 torpor snails (shapeshifter)
  5 gargoyles
  74 smoke demons
  201 torpor snails
  4 storm dragon simulacra
  98 yaktaurs
  86 hellions
  50 orange demons
  4 centaur skeletons
  30 komodo dragons
  The ghost of herpmino the Covert, a novice OpAs of Ru (D:5)
  2 emperor scorpion zombies
  49 spiny frogs
  7 kobold demonologists
  8 spectral swamp worms (Tar:7)
  A yaktaur zombie (Vaults:1)
  39 rime drakes
  34 efreet
  A spark wasp simulacrum (Zig:13)
  4 komodo dragons (shapeshifter)
  A yaktaur (shapeshifter) (Vaults:3)
  150 freezing wraiths
  124 ice devils
  162 demonic crawlers
  12 spriggan skeletons
  A minotaur zombie (Dis:5)
  39 hellwings
  79 red devils
  5 tengu conjurers
  120 tormentors
  A yaktaur skeleton (Zig:3)
  8 hydra zombies
  60 elf skeletons
  34 ancient zymes
  A death drake zombie (Crypt:1)
  249 guardian mummies
  2 burning bushes (Zot:4)
  A harpy zombie (D:13)
  133 merfolk
  2 jumping spiders (shapeshifter)
  12 polar bears
  50 trolls
  5 merfolk (shapeshifter)
  2 catoblepas skeletons
  2 giant leeches (shapeshifter)
  208 jumping spiders
  3 queen bees (shapeshifter)
  3 trolls (shapeshifter)
  3 golden dragon simulacra
  29 two-headed ogres
  2 wind drakes (shapeshifter) (Zig:11)
  47 boulder beetles
  3 shadow dragon simulacra
  6 silent spectres
  34 giant leeches
  4 hydra skeletons
  3 polar bears (shapeshifter) (Zig:24)
  26 bog bodies
  A tengu simulacrum (Zig:8)
  2 harpy skeletons (Crypt:3)
  A wolf spider simulacrum (Coc:3)
  6 two-headed ogres (shapeshifter)
  19 wind drakes
  8 fire dragon zombies
  A raiju (shapeshifter) (Elf:3)
  Grinder (D:3)
  A minotaur skeleton (Geh:1)
  4 alligator zombies
  A moth of wrath zombie (Crypt:1)
  2 sphinx simulacra
  3 boulder beetles (shapeshifter)
  4 snapping turtles (shapeshifter)
  63 raiju
  3 slime creatures (shapeshifter)
  277 slime creatures
  102 ushabtiu
  9 ettin zombies
  34 snapping turtles
  A fire giant simulacrum (Zig:5)
  4 stone giant simulacra
  4 ice dragon zombies
  37 blink frogs
  127 large abominations
  227 flying skulls
  6 tarantellas (shapeshifter)
  2 black mamba zombies
  A vampire (D:15)
  13 spriggans
  61 wraiths
  11 ettin skeletons
  4 fire dragon skeletons
  68 air elementals
  2 alligator skeletons
  8 redbacks (shapeshifter)
  73 yaks
  2 spriggans (shapeshifter)
  5 ice dragon skeletons
  A dire elephant simulacrum (Crypt:1)
  257 redbacks
  A shapeshifter (Zig:10)
  200 tarantellas
  Eustachio (D:4)
  2 fire bats
  40 shadows
  2 wyverns (shapeshifter)
  11 basilisks
  103 water elementals
  10 wyverns
  67 ynoxinuls
  4 spriggan simulacra
  2 basilisks (shapeshifter)
  32 golden eyes
  3 yaks (shapeshifter)
  9 steam dragons
  3 golden eyes (shapeshifter)
  66 fire elementals
  31 hippogriffs
  A hog (shapeshifter) (Zig:26)
  5 black mamba skeletons
  60 neqoxecs
  3 hippogriffs (shapeshifter)
  12 hungry ghosts
  A warg (shapeshifter) (Zig:26)
  A redback simulacrum (D:15)
  A naga (shapeshifter) (Depths:2)
  72 chaos spawn
  14 mottled dragons
  23 vampire mosquitoes
  A glowing shapeshifter zombie (Crypt:3)
  48 wargs
  3 soldier ants (shapeshifter)
  4 spatial vortices
  34 insubstantial wisps
  A putrid demonspawn zombie (Crypt:3)
  84 small abominations
  A water nymph zombie (Crypt:3)
  161 nagas
  4 swamp worms (shapeshifter)
  2 hell hounds (shapeshifter)
  8 spiny frog zombies
  45 water moccasins
  76 hell hounds
  21 soldier ants
  2 merfolk skeletons (Crypt:3)
  A monstrous demonspawn zombie (Geh:7)
  24 giant eyeballs
  16 porcupines
  33 swamp drakes
  5 giant eyeballs (shapeshifter)
  22 tengu skeletons
  A deep troll skeleton (Vaults:5)
  210 orc warriors
  A black bear (shapeshifter) (Zig:26)
  6 human zombies
  3 spiny frog skeletons
  3 sky beasts
  4 alligator simulacra
  A manticore zombie (Coc:3)
  A fire dragon simulacrum (Depths:1)
  An orc zombie (Vaults:1)
  139 wasps
  60 eyes of draining
  34 ice beasts
  A blink frog zombie (Crypt:2)
  2 ettin simulacra
  A boggart (shapeshifter) (Zig:24)
  A tengu (Lair:1)
  An ice dragon simulacrum (Hell)
  28 necrophages
  4 snapping turtle zombies
  9 black bears (Lair:8)
  A wolf (shapeshifter) (Zig:23)
  30 wolves
  148 ogres
  A manticore skeleton (Crypt:1)
  6 boggarts
  6 phantoms
  A swamp dragon skeleton (Hell)
  2 ogres (shapeshifter)
  2 centaurs (shapeshifter)
  36 centaurs
  4 elf simulacra
  A rime drake zombie (Crypt:2)
  49 crocodiles
  10 big kobolds
  2 rime drake skeletons
  2 big kobolds (shapeshifter)
  28 giant frogs
  A spiny frog simulacrum (Coc:7)
  4 glowing shapeshifter simulacra
  2 gnoll sergeants
  55 earth elementals
  A salamander skeleton (Crypt:1)
  A water moccasin skeleton (D:7)
  8 scorpions
  A human simulacrum (Vaults:4)
  17 killer bees
  A hippogriff skeleton (Crypt:2)
  A troll skeleton (Tar:3)
  76 wights
  2 polar bear skeletons
  A howler monkey (D:9)
  5 electric eels
  22 crimson imps
  7 quasits
  2 giant frog zombies
  44 orc priests
  14 hounds
  12 two-headed ogre zombies (D:9)
  A gnoll shaman (Zig:18)
  235 jellies
  43 orc wizards
  22 iron imps
  11 iguanas
  33 worker ants
  4 human skeletons
  Ijyb (D:3)
  A lightning spire (Zig:18)
  A troll simulacrum (Hell)
  A hell rat (Depths:4)
  A porcupine skeleton (Crypt:2)
  15 sheep
  22 tengu zombies
  A crocodile skeleton (Crypt:1)
  A hound zombie (D:11)
  2 hound skeletons
  459 mummies
  A worker ant zombie (D:7)
  14 gnolls
  A naga simulacrum (Crypt:1)
  49 river rats
  21 adders
  A swamp drake skeleton (Crypt:1)
  26 shadow imps
  93 white imps
  2 ufetubi
  5 oozes
  2 adder zombies
  2 adder skeletons
  3 ball lightnings (Pan)
  9 dart slugs
  16 worms
  5 giant geckos
  94 orcs
  3 ball pythons
  A bat (D:3)
  10 giant cockroaches
  4 goblins
  4 hobgoblins
  5 jackals (Lair:8)
  9 kobolds
  4 quokkas
  7 giant newts
  A jackal skeleton (Crypt:3)
  A jackal zombie (D:5)
  A quokka zombie (D:9)
  5 rats
  59 blocks of ice
  41 briar patches
  11 bushes
  50 crawling corpses
  An eldritch tentacle segment (Zig:18)
  769 fire vortices
  25 fungi
  4 lost souls
  2 lurking horrors (Abyss:1)
  25 macabre masses (Abyss:3)
  80 plants
  17 starspawn tentacles
  A starspawn tentacle segment (Zig:16)
  4 tentacles (Coc:5)
25602 creatures vanquished.

Vanquished Creatures (collateral kills)
  A juggernaut (Zig:27)
  A greater mummy (Zig:13)
  A Killer Klown (Zig:22)
  3 bone dragons
  A Tzitzimitl (Zig:21)
  An iron giant (Dis:7)
  2 tentacled monstrosities
  A quicksilver dragon (Zig:17)
  Asterion (Snake:3)
  5 titans
  An Executioner (Zig:25)
  7 acid blobs
  A tentacled starspawn (Zig:25)
  3 ancient champions
  A draconian monk (Zig:26)
  3 storm dragons
  Ilsuiw (Shoals:4)
  4 greater nagas
  A daeva (Zig:24)
  A ghost moth (Zig:12)
  A juggernaut zombie (Zig:26)
  3 vault wardens
  A frost giant (shapeshifter) (Zig:22)
  3 frost giants
  A draconian knight (Zig:22)
  A deep elf sorcerer (Elf:3)
  3 emperor scorpions
  2 cacodemons (Pan)
  12 orc warlords
  A draconian shifter (Zig:26)
  3 warmongers
  2 ironheart preservers
  3 ophanim
  8 stone giants
  2 draconian callers (Zig:23)
  6 very ugly things
  2 corrupters
  A green draconian (Zot:1)
  A chaos champion (Zig:18)
  2 vampire knights
  4 black draconians
  A mottled draconian (Zig:23)
  A spark wasp (Zig:17)
  2 black suns (Pan)
  A red draconian (Zig:22)
  A purple draconian (Zot:2)
  A white draconian (Zig:17)
  4 yellow draconians
  A vault guard (Vaults:2)
  2 death oozes (Crypt:3)
  2 fire dragons
  A quicksilver dragon zombie (Zig:20)
  A yaktaur captain (Vaults:5)
  A great orb of eyes (Depths:5)
  2 naga warriors
  A merfolk avatar (Zig:7)
  A satyr (Shoals:4)
  A hell hog (Zig:24)
  2 merfolk aquamancers
  A vampire mage (Crypt:1)
  A naga sharpshooter (Snake:4)
  A wretched star (Zig:25)
  A skeletal warrior (Zig:26)
  A death scarab (Zig:21)
  An unseen horror (shapeshifter) (Zig:22)
  An iron troll (Zig:16)
  A spriggan druid (Zig:4)
  An unseen horror (Depths:4)
  A swamp dragon (Zig:19)
  2 shambling mangroves
  3 orc knights
  An anubis guard (Zig:20)
  A harpy (Zig:17)
  A necromancer (Crypt:1)
  A deep elf mage (Elf:3)
  An orc sorcerer (Zig:24)
  10 slime creatures
  A stone giant zombie (Dis:7)
  2 griffons
  A shadow dragon skeleton (Crypt:3)
  A shining eye (Zig:11)
  3 elf zombies
  2 black mambas
  2 moths of wrath
  An elephant (Lair:8)
  An iron dragon skeleton (Zig:13)
  2 apocalypse crabs
  A siren (Zig:23)
  A fire giant skeleton (Crypt:3)
  3 naga magi
  An elf skeleton (Zig:26)
  A yaktaur zombie (Vaults:1)
  4 demonic crawlers
  A hydra zombie (Hell)
  2 jumping spiders
  A troll (D:15)
  2 human skeletons
  3 large abominations
  A giant leech (Zig:12)
  A snapping turtle (Zig:17)
  2 raiju
  A human simulacrum (Vaults:2)
  2 air elementals
  A ynoxinul (Pan)
  An elf simulacrum (Zig:21)
  An ice dragon skeleton (Crypt:3)
  2 water elementals
  A wraith (Zig:14)
  A golden eye (Abyss:2)
  A neqoxec (Abyss:3)
  A mottled dragon (D:15)
  A warg (Zig:24)
  2 small abominations
  A hell hound (Lair:8)
  2 giant eyeballs
  A giant eyeball (shapeshifter) (Zig:13)
  4 black bears (Lair:8)
  5 orc warriors
  A swamp drake (Zig:20)
  An eye of draining (Slime:6)
  2 wasps (Zig:20)
  2 wolves (Lair:8)
  6 ogres
  A centaur (Depths:3)
  A giant frog (D:15)
  A glowing shapeshifter simulacrum (Zig:24)
  A spiny frog simulacrum (Hell)
  7 wights
  A manticore simulacrum (Crypt:3)
  5 hounds (Lair:8)
  21 jellies
  5 starcursed masses
  An orc wizard (Vaults:1)
  2 orc priests
  A sheep (Lair:8)
  9 mummies
  An ogre simulacrum (Crypt:1)
  2 river rats (Lair:1)
  A white imp (Abyss:1)
  4 worms (Lair:8)
  An orc (Vaults:3)
  2 briar patches (Zig:23)
  9 crawling corpses (Zig:24)
  A plant (Shoals:4)
  3 starspawn tentacles
318 creatures vanquished.

Vanquished Creatures (others)
  An ancient lich (Tomb:2)
  10 pandemonium lords
  A shard shrike (Zig:13)
  A Killer Klown (Zig:23)
  A golden dragon (Zig:19)
  An iron giant (Zig:13)
  A bone dragon (Zig:23)
  2 profane servitors
  3 quicksilver dragons
  11 deep elf master archers
  2 Executioners
  3 sphinxes (Zig:17)
  4 eldritch tentacles
  3 greater nagas (Zig:23)
  3 fire giants (Zig:25)
  A frost giant (shapeshifter) (Zig:23)
  A draconian scorcher (Zig:21)
  A ghost moth (Zig:21)
  3 draconian knights
  2 draconian zealots
  A caustic shrike skeleton (Zig:26)
  A reaper (Zig:25)
  6 stone giants
  A bennu (Tomb:3)
  2 lorocyprocas (Zig:21)
  A corrupter (Zig:12)
  A chaos champion (Zig:23)
  A blood saint (Zig:21)
  A spark wasp (Zig:21)
  A dire elephant (shapeshifter) (Zig:12)
  2 merfolk javelineers
  An eidolon (Zig:25)
  2 blizzard demons
  A fire dragon (Zig:25)
  A deep elf death mage (Zig:25)
  2 yaktaur captains
  A crystal guardian (Elf:3)
  A deep elf high priest (Zig:11)
  A hell beast (Zig:23)
  A satyr (Zig:17)
  5 naga sharpshooters
  A shock serpent (Zig:23)
  A small abomination (Zig:27)
  6 death scarabs (Tomb:2)
  2 deep elf archers
  A harpy (Zig:16)
  An ugly thing (Zig:12)
  3 deep elf magi
  A hornet (Zig:19)
  An orb spider (Zig:22)
  A wolf spider (Zig:10)
  A salamander (Zig:27)
  A torpor snail (Zig:12)
  A black mamba (Zig:27)
  A smoke demon (Zig:23)
  2 demonic crawlers
  2 flying skulls
  14 air elementals
  A water elemental (Zig:22)
  A shadow (Geh:2)
  A fire elemental (Zig:22)
  A steam dragon (Zig:21)
  A chaos spawn (Zig:12)
  A large abomination (Zig:16)
  4 wasps
  A centaur (Zig:6)
  A snapping turtle skeleton (Geh:2)
  3 mummies (Tomb:2)
  A shadow imp (Tar:1)
  A white imp (Zig:26)
  A hobgoblin (D:2)
  79 blocks of ice
  9 briar patches
  299 eldritch tentacle segments
  4528 fire vortices
  34 fungi
  A lost soul (Crypt:3)
  80 plants
  25 starspawn tentacles
  203 starspawn tentacle segments
  4 tentacles (Coc:7)
  9 tentacle segments (Coc:5)
  22 withered plants (Crypt:3)
5440 creatures vanquished.

Grand Total: 31360 creatures vanquished

Notes
Turn   | Place    | Note
--------------------------------------------------------------
     0 | D:1      | Goblin1989 the Demonspawn Fire Elementalist began the quest for the Orb.
     0 | D:1      | Reached XP level 1. HP: 13/13 MP: 3/3
   216 | D:1      | Gained mutation: You are immune to rotting. [demonic ancestry]
   216 | D:1      | Reached XP level 2. HP: 19/19 MP: 3/5
  1077 | D:2      | Reached XP level 3. HP: 24/24 MP: 1/6
  1235 | D:2      | Learned a level 3 spell: Conjure Flame
  1896 | D:2      | Found a glowing golden altar of the Shining One.
  1898 | D:2      | Noticed an angel
  1925 | D:2      | Found a basalt altar of Yredelemnul.
  1927 | D:2      | Noticed a profane servitor
  2229 | D:3      | Gained mutation: You sometimes gain a little power by taking damage. [demonic ancestry]
  2229 | D:3      | Reached XP level 4. HP: 30/30 MP: 3/7
  2339 | D:3      | Noticed Ijyb
  2420 | D:3      | Killed Ijyb
  2569 | D:3      | Learned a level 4 spell: Sticky Flame
  2732 | D:3      | Noticed Grinder
  2755 | D:3      | Paralysed by Grinder for 4 turns
  2762 | D:3      | Paralysed by Grinder for 7 turns
  2776 | D:3      | Paralysed by Grinder for 5 turns
  2783 | D:3      | Killed Grinder
  2783 | D:3      | Gained mutation: Your movements are slightly less encumbered by armour (ER -2). [demonic ancestry]
  2783 | D:3      | Reached XP level 5. HP: 32/35 MP: 2/9
  2783 | D:3      | Gained mutation: You have sharp fingernails. [demonic ancestry]
  2783 | D:3      | Reached XP level 6. HP: 37/41 MP: 2/10
  3336 | D:4      | Noticed Eustachio
  3408 | D:4      | Reached skill level 5 in Fire Magic
  3641 | D:4      | Learned a level 3 spell: Inner Flame
  3696 | D:4      | Found a stormy altar of Qazlal.
  3744 | D:4      | Killed Eustachio
  3744 | D:4      | Reached XP level 7. HP: 43/46 MP: 4/12
  4316 | D:4      | Found a radiant altar of Vehumet.
  4324 | D:4      | Became a worshipper of Vehumet
  4602 | D:5      | Entered Level 5 of the Dungeon
  4842 | D:5      | Reached skill level 5 in Conjurations
  5124 | D:5      | Noticed herpmino's ghost (novice OpAs)
  5140 | D:5      | Found a sparkling altar of Nemelex Xobeh.
  5146 | D:5      | Reached XP level 8. HP: 51/52 MP: 3/14
  5226 | D:5      | Found an oddly glowing altar of Pakellas.
  5477 | D:5      | Found a glowing silver altar of Zin.
  5478 | D:5      | Found an opulent altar of Gozag.
  5662 | D:6      | Found an opulent altar of Gozag.
  5753 | D:6      | ololoev: зиги зиги зиги!
  5760 | D:6      | ololoev: #
  5857 | D:5      | Goblin1989: #
  5857 | D:5      | Goblin1989: мутки неудачные
  5857 | D:5      | Goblin1989: так что пока просто для пробы пройти попробую
  6105 | D:6      | Found Xawyklug's Jewellery Emporium.
  6225 | D:6      | Found a shimmering altar of Xom.
  6362 | D:6      | Found Rimytz's Book Emporium.
  6418 | D:6      | ololoev: да емана
  6448 | D:6      | ololoev: мутки оче годные на самом деле
  6460 | D:6      | ololoev: во-первых, паверед бай пейн на 3м лвле дает ману
  6460 | D:6      | ololoev: это круто, не надо тратить ходы чтобы погонять палку
  6460 | D:6      | Goblin1989: ни нейтсталкера, ни аугментации
  6587 | D:6      | Reached * piety under Vehumet
  6587 | D:6      | Offered knowledge of Magic Dart by Vehumet.
  6588 | D:6      | ololoev: во-вторых, старди фрейм позволит не так сильно париться нахождением рандартов с силой чтобы ходить в ОЦПА
  6594 | D:6      | Learned a level 5 spell: Fireball
  6594 | D:6      | ololoev: так что мутки боле чем
  6595 | D:6      | ololoev: найтсталкер нинужен
  6595 | D:6      | ololoev: приятно, но не смертельно
  6597 | D:6      | Goblin1989: зацени что еще в магазах попало
  6597 | D:6      | ololoev: аугментация еще может появиться, у тебя же тир3 пока не вывалился
  6597 | D:6      | ololoev: для пре-мегазигования норм шмотки
  6597 | D:6      | Goblin1989: я пожалуй вот этот амулет подберу уже, с рефлектом
  6654 | D:6      | Bought the amulet of Qubiotusouh {Reflect Fragile rF+ rN+ SH+5} for 376 gold pieces
  6989 | D:6      | Found Fyowoa's Antique Armour Shoppe.
  7183 | D:7      | Reached skill level 5 in Spellcasting
  7529 | D:7      | Found a shattered altar of Ashenzari.
  7675 | D:7      | Gained mutation: You have very sharp fingernails. [demonic ancestry]
  7675 | D:7      | Reached XP level 9. HP: 57/57 MP: 9/16
  7742 | D:7      | Found a staircase to the Ecumenical Temple.
  8041 | D:8      | Found Goanaor's Food Shop.
  8178 | D:8      | Found a glowing silver altar of Zin.
  8275 | D:8      | Reached ** piety under Vehumet
  8327 | D:8      | Offered knowledge of Sting by Vehumet.
  8553 | D:8      | Found a shadowy altar of Dithmenos.
  8554 | D:8      | Found a shimmering altar of Xom.
  8781 | D:8      | Noticed Erica
  8794 | D:8      | Killed Erica
  9207 | D:8      | Gained mutation: Your mind is acute. (Int +2) [potion of beneficial mutation]
  9287 | D:9      | Found a bloodstained altar of Trog.
  9323 | D:9      | Offered knowledge of Searing Ray by Vehumet.
  9352 | D:9      | Found a deep blue altar of Sif Muna.
  9645 | D:9      | Reached XP level 10. HP: 63/63 MP: 13/19
  9831 | D:9      | Reached *** piety under Vehumet
 10722 | D:9      | Upgraded the game from 0.18.1-6-gd335043 to 0.18.1-8-gdd0e5ea
 11233 | D:9      | Reached skill level 10 in Conjurations
 11255 | D:9      | Offered knowledge of Olgreb's Toxic Radiance by Vehumet.
 11449 | D:10     | Entered Level 10 of the Dungeon
 11719 | D:10     | Learned a level 6 spell: Bolt of Fire
 12026 | D:10     | Reached skill level 10 in Fire Magic
 12309 | D:10     | Found a staircase to the Lair.
 12565 | D:10     | Gained mutation: Your spells are a little harder to cast, but a little more powerful. [mutagenic meat]
 12566 | D:10     | Gained mutation: You have very sharp teeth. [mutagenic meat]
 12610 | D:10     | Reached **** piety under Vehumet
 12928 | D:10     | Offered knowledge of Iskenderun's Battlesphere by Vehumet.
 13109 | Lair:1   | Entered Level 1 of the Lair of Beasts
 13305 | Lair:1   | Gained mutation: You sometimes gain power by taking damage. [demonic ancestry]
 13305 | Lair:1   | Reached XP level 11. HP: 68/68 MP: 8/21
 13603 | Lair:1   | Noticed Joseph
 13606 | Lair:1   | Killed Joseph
 14610 | Lair:2   | Learned a level 3 spell: Regeneration
 14963 | Lair:3   | Noticed a seven-headed hydra
 15266 | Lair:3   | Noticed a griffon
 15280 | Lair:3   | Killed a griffon
 15813 | Lair:3   | Killed a seven-headed hydra
 15980 | Lair:3   | Noticed an eight-headed hydra
 16395 | Lair:3   | Noticed a queen ant
 16592 | Lair:3   | Reached ***** piety under Vehumet
 16766 | Lair:3   | Offered knowledge of Spellforged Servitor by Vehumet.
 17038 | Lair:3   | Gained mutation: You have claws for hands. [demonic ancestry]
 17038 | Lair:3   | Reached XP level 12. HP: 74/74 MP: 2/24
 17302 | Lair:2   | HP: 3/74 [poisoned by a queen ant]
 17310 | Lair:2   | HP: 3/74 [poisoned by a queen ant]
 18685 | Lair:3   | Killed a queen ant
 19092 | Lair:3   | Noticed a seven-headed hydra
 19093 | Lair:3   | Killed a seven-headed hydra
 19132 | Lair:4   | Found a staircase to the Shoals.
 19149 | Lair:4   | Noticed Snorg
 19332 | Lair:4   | Killed Snorg
 19705 | Lair:4   | Got a dazzling mace
 19833 | Lair:4   | Offered knowledge of Bolt of Cold by Vehumet.
 19954 | Lair:4   | Killed an eight-headed hydra
 20681 | Lair:5   | Gained mutation: Your flesh is heat resistant. [demonic ancestry]
 20681 | Lair:5   | Reached XP level 13. HP: 69/79 MP: 4/26
 22013 | Lair:4   | ololoev: #
 22186 | Lair:5   | Found a staircase to the Snake Pit.
 22249 | Lair:4   | DEFE: Опа
 22249 | Lair:4   | DEFE: Привет, посаны
 22249 | Lair:4   | ololoev: yo
 22249 | Lair:4   | Goblin1989: ой
 22249 | Lair:4   | Goblin1989: всем приветы
 22249 | Lair:4   | ololoev: чет народу набежало
 22249 | Lair:4   | Goblin1989: я тут отвлекся слегка
 22249 | Lair:4   | ololoev: MrGreamy to kto?
 22249 | Lair:4   | ololoev: *ti kto
 22249 | Lair:4   | Goblin1989: да он мой сегодняшний фейл у пауков видел просто
 22249 | Lair:4   | Goblin1989: наверное надеется на такой же
 22249 | Lair:4   | Goblin1989: нидоздесси
 22991 | Lair:5   | ololoev: иди в орки кстати
 22991 | Lair:5   | ololoev: я тебе еще давно писал, может не увидел
 22991 | Lair:5   | Goblin1989: это почему вдруг?
 22991 | Lair:5   | ololoev: тебе 1к голда надо
 22991 | Lair:5   | ololoev: для амулета с гурманом и кольца мага
 22991 | Lair:5   | Goblin1989: ок
 22991 | Lair:5   | ololoev: с ними будет круто
 23360 | D:11     | Noticed Fannar
 23367 | D:11     | Killed Fannar
 23373 | D:11     | ololoev: удобно когда этот дебилоид носит кольцо холода
 23384 | D:11     | ololoev: да айсбластом их завали
 23894 | D:11     | Offered knowledge of Poison Arrow by Vehumet.
 24115 | D:11     | Found a staircase to the Orcish Mines.
 24117 | D:11     | ololoev: стикер вешай и вали
 24117 | D:11     | ololoev: как сгорит - конжур ставь
 24128 | D:11     | ololoev: болт есть?
 24128 | D:11     | ololoev: а, ну тут болл получше будет
 24128 | D:11     | Goblin1989: секунду
 24129 | D:11     | Reached skill level 10 in Spellcasting
 24136 | D:11     | Gained mutation: Your movements are less encumbered by armour (ER -4). [potion of beneficial mutation]
 24506 | Orc:1    | Entered Level 1 of the Orcish Mines
 24515 | Orc:1    | Found a bloodstained altar of Trog.
 24647 | Orc:1    | ololoev: сделай кучу кстати
 24755 | Orc:1    | ololoev: #
 24756 | Orc:1    | Noticed Nergalle
 25170 | Orc:1    | ololoev: покупай уже кольцо мага и одевай с робой рС
 25332 | D:6      | ololoev: амулет с конфузом нинужно
 25332 | D:6      | Bought the ring of the Mage {Wiz MR++ Int+3} for 517 gold pieces
 25485 | D:11     | ololoev: о, еще синюю чекни
 25525 | D:11     | ololoev: нафига тебе кстати блоуган с иглами и арсенал пушек?
 25621 | Lair:3   | Goblin1989: 1
 25622 | Lair:3   | Goblin1989: мне с ними спокойнее
 25622 | Lair:3   | DEFE: на д1 реген и даггер яда
 25623 | Lair:3   | ololoev: норм
 25623 | Lair:3   | DEFE: на д2 зигмунд кофуз гроб гроб
 25623 | Lair:3   | ololoev: артифактный мейс чекни
 25623 | Lair:3   | ololoev: может там инт+10
 25623 | Lair:4   | DEFE: distor *contam
 25640 | Lair:3   | ololoev: вамп жи
 25672 | Lair:4   | Identified the +11 mace of Zumux {vamp, Stlth+} (You found it on level 4 of the Lair of Beasts)
 25673 | Lair:4   | ololoev: олололло
 25673 | Lair:4   | ololoev: вот с ней и бегай
 25673 | Lair:4   | ololoev: на добить самое оно
 25673 | Lair:4   | ololoev: выкидывай свои говнопушки
 25673 | Lair:4   | ololoev: и иглы яда
 25680 | Lair:4   | ololoev: и стафф саммонинга
 25686 | Lair:4   | ololoev: и кольцо айса
 25686 | Lair:4   | ololoev: и протекта
 25686 | Lair:4   | ololoev: и рС кольцо
 25686 | Lair:4   | ololoev: все нинужно
 25686 | Lair:4   | ololoev: лол
 25691 | Lair:4   | ololoev: плоские деки нинужно
 25697 | Lair:3   | ololoev: сколько еста в инвентаре стало?
 25718 | Lair:3   | DEFE: любые нинужнв
 25718 | Lair:3   | DEFE: без эво
 26130 | Orc:1    | Killed Nergalle
 26194 | Orc:1    | Noticed a stone giant
 26198 | Orc:1    | Goblin1989: блин
 26198 | Orc:1    | Goblin1989: тупица
 26383 | Orc:1    | Killed a stone giant
 26479 | Orc:1    | ololoev: это да, я просто обычно леджендери и орнейт идентифицирую с рассчетом на потом
 26490 | Orc:1    | Found a runed door.
 26543 | Orc:1    | ololoev: о круто!
 26543 | Orc:1    | ololoev: волт!
 26543 | Orc:1    | ololoev: жри агилу брил и мочи всех, гоббер!
 26543 | Orc:1    | Goblin1989: я помирать не собирался как-то
 26543 | Orc:1    | ololoev: да это ж орки, что может пойти не так?
 26543 | Orc:1    | ololoev: у тебя свиток иммо есть?
 26543 | Orc:1    | Goblin1989: неа
 26543 | Orc:1    | DEFE: а что там?
 26543 | Orc:1    | ololoev: хз, но я не думаю что что-то может пойти не так
 26543 | Orc:1    | Goblin1989: агила тоже нет
 26544 | Orc:1    | ololoev: ну тогда ничего не пей, так разберешься
 26546 | Orc:1    | ololoev: если что хасту выпьешь и умотаешь
 26555 | Orc:1    | ololoev: свали ману порегенить
 26825 | Orc:1    | Found a roughly hewn altar of Beogh.
 27053 | D:6      | Bought the amulet of Vanity {Gourm rElec MP+9 Int+3} for 503 gold pieces
 27707 | Lair:5   | DEFE: abh
 27707 | Lair:5   | DEFE: фир
 27707 | Lair:5   | DEFE: кстати ядовитые джавелины тема
 27711 | Lair:5   | DEFE: она весьма точные даже при нулевом тровинге
 27759 | Lair:5   | DEFE: ты лучше сир бы прочитал чем теле
 27761 | Lair:5   | DEFE: было бы зелопаснее
 27952 | Lair:6   | Reached skill level 15 in Conjurations
 28149 | Lair:6   | Offered knowledge of Iron Shot by Vehumet.
 28161 | Lair:6   | Learned a level 6 spell: Iron Shot
 28291 | Lair:6   | Reached XP level 14. HP: 85/85 MP: 19/28
 29446 | Lair:7   | DEFE: пойзон арроу норм?
 29477 | Lair:7   | Goblin1989: не пробовал ни разу
 30232 | Lair:8   | Entered Level 8 of the Lair of Beasts
 31013 | Orc:2    | Entered Level 2 of the Orcish Mines
 31352 | Orc:2    | Noticed Statics's ghost (journeyman DsFi)
 31353 | Orc:2    | Upgraded the game from 0.18.1-8-gdd0e5ea to 0.18.1-47-g9310371
 32037 | Orc:2    | Found Aququ's Jewellery Emporium.
 32048 | Orc:2    | Found Eheh's Antique Armour Shoppe.
 32130 | Orc:2    | Bought a runed cloak for 76 gold pieces
 32184 | Orc:2    | Noticed an orc warlord
 32375 | Orc:1    | Offered knowledge of Delayed Fireball by Vehumet.
 32662 | Orc:2    | Killed Statics's ghost
 32853 | Orc:2    | Noticed a stone giant
 33777 | Orc:2    | Found Haneguxt's General Store.
 33790 | Orc:2    | Found Suuffeoreicw's Antique Weapon Shoppe.
 33798 | Orc:2    | Bought a shimmering war axe for 306 gold pieces
 33798 | Orc:2    | Identified the +4 war axe of the Ancient Demons {flame, Int+2} (You bought it in a shop on level 2 of the Orcish Mines)
 33832 | Orc:2    | Reached skill level 15 in Fire Magic
 33854 | Orc:2    | Killed an orc warlord
 34027 | Orc:2    | Found a staircase to the Elven Halls.
 34516 | Shoals:1 | Entered Level 1 of the Shoals
 34598 | Shoals:1 | Got a fine chain mail
 34844 | Shoals:1 | Learned a level 7 spell: Delayed Fireball
 34959 | Shoals:1 | Found Jugganeo's Food Shop.
 35700 | Shoals:1 | Gained mutation: Your movements are significantly less encumbered by armour (ER -6). [demonic ancestry]
 35700 | Shoals:1 | Reached XP level 15. HP: 90/90 MP: 12/30
 35904 | Shoals:2 | Noticed Malvoorn's ghost (journeyman TrMo)
 37390 | D:6      | Bought a runed leather armour for 46 gold pieces
 37672 | D:5      | Killed herpmino's ghost
 38072 | Shoals:2 | Found Atteleysmy's Book Shop.
 38154 | Shoals:2 | ololoev: yo gobbo
 38155 | Shoals:2 | Goblin1989: прив
 38439 | Shoals:2 | Reached skill level 5 in Dodging
 38753 | Shoals:2 | Goblin1989: АС 8 EV 14 SH 3. У меня просто замечательная защита.
 38753 | Shoals:2 | Goblin1989: Меня первый достаточно близко подошешдший моб с первого удара вынесент, наверное.
 38843 | Shoals:2 | ololoev: сделай #
 39168 | Shoals:2 | ololoev: +12 инты набрал, шикарно
 39205 | Shoals:1 | ololoev: качай файтинг
 39205 | Shoals:1 | Goblin1989: точно не доджинг?
 39205 | Shoals:1 | Goblin1989: файтинг магу не нужен наверное
 39205 | Shoals:1 | ololoev: файтинг всем нужен
 39205 | Shoals:1 | ololoev: это же ХП
 39205 | Shoals:1 | ololoev: его все ради ХП качают
 39205 | Shoals:1 | Goblin1989: он не так уж и много ХП даст, наверное
 39205 | Shoals:1 | ololoev: на твоем левеле норм даст
 39205 | Shoals:1 | Goblin1989: ок
 39205 | Shoals:1 | Goblin1989: подниму до 5 для начала
 39205 | Shoals:1 | ololoev: и еще, тащись в орк:2
 39205 | Shoals:1 | Goblin1989: так я там всех поубивал уже
 39205 | Shoals:1 | ololoev: там в антик армор шоппэ есть арндарт скейл
 39205 | Shoals:1 | Goblin1989: и еще там гигинт меня убьет
 39205 | Shoals:1 | ololoev: за 150 денег
 39205 | Shoals:1 | ololoev: у тебя уже старди фрейм 3 вырос
 39205 | Shoals:1 | ololoev: для тебя скейл чуть тяжелее троллевой кожанки
 39205 | Shoals:1 | Goblin1989: я уже думал про него
 39205 | Shoals:1 | Goblin1989: сча
 39398 | Orc:2    | Bought a faintly glowing scale mail for 153 gold pieces
 39408 | Orc:2    | Identified the cursed +1 scale mail of Likuoteh {*Confuse rN+ MP+9} (You bought it in a shop on level 2 of the Orcish Mines)
 39408 | Orc:2    | Goblin1989: хм
 39408 | Orc:2    | Goblin1989: [p
 39408 | Orc:2    | Goblin1989: Хз
 39408 | Orc:2    | Goblin1989: конфузх есть
 39408 | Orc:2    | ololoev: хреновый скейл
 39527 | Orc:2    | ololoev: рингмейлы еще прочекай
 39527 | Orc:2    | ololoev: синие
 39551 | Orc:2    | ololoev: ring && ego
 39579 | Orc:2    | Bought a glowing ring mail for 68 gold pieces
 39579 | Orc:2    | Bought a glowing leather armour for 34 gold pieces
 39599 | Orc:2    | ololoev: вполне вероятно что поулчишь тот же рС, но армора будет побольше
 39599 | Orc:2    | ololoev: во!
 39599 | Orc:2    | ololoev: нойс!
 39599 | Orc:2    | ololoev: качай еще и армор параллельно
 39601 | Orc:2    | Goblin1989: а не много всего качать-то получится?
 39601 | Orc:2    | Goblin1989: пусть уж сперва файтинг, потом армор
 39624 | Orc:2    | ololoev: а, это кожанка
 39624 | Orc:2    | ololoev: тогда армор не надо
 39624 | Orc:2    | ololoev: показалось что рингмейл
 39624 | Orc:2    | ololoev: тогда пока ходи так
 39624 | Orc:2    | ololoev: качай файтинг и додж без фокуса
 39804 | Lair:4   | ololoev: жди файершторм
 39818 | Shoals:2 | ololoev: кстати, почему щиты на 0
 39818 | Shoals:2 | ololoev: вкачай до 4 чтобы баклер пенальти не давал
 39818 | Shoals:2 | Goblin1989: потому что а этот баклер 5 минут назад одел
 39827 | Shoals:2 | Killed Malvoorn's ghost
 39827 | Shoals:2 | Reached skill level 1 in Fighting
 39828 | Shoals:2 | Offered knowledge of Orb of Destruction by Vehumet.
 39829 | Shoals:2 | Goblin1989: орб оф дестракшн
 39829 | Shoals:2 | Goblin1989: не нужен
 39854 | Shoals:2 | Reached skill level 1 in Shields
 39994 | Shoals:2 | ololoev: в принципе он норм по уворотливым издалека, шот не достате до конца экрана
 39994 | Shoals:2 | ololoev: а так по сути нинужно
 39994 | Shoals:2 | Goblin1989: орб сам промахивается довольно лихо если им далеко стрелять :)
 41046 | Shoals:3 | ololoev: кстати тебе есть смысл таскать пушку протекшона, +2 инты с топора погоды не сделают
 41150 | Shoals:3 | Goblin1989: Лан, мне пора бежеть. Спасибо за советы!
 41150 | Shoals:3 | Upgraded the game from 0.18.1-47-g9310371 to 0.18.1-48-g4cf74bf
 41151 | Shoals:4 | Entered Level 4 of the Shoals
 41151 | Shoals:4 | Noticed Nikola
 42006 | D:12     | Found Udiv's Assorted Antiques.
 42014 | D:12     | Noticed Gastronok
 42020 | D:12     | Killed Gastronok
 42218 | D:12     | Found Mamocum's Weapon Emporium.
 42853 | D:12     | Found Okofaata's Armour Shoppe.
 42859 | D:12     | Found Ygur's Distillery.
 43048 | D:13     | Gained mutation: You are powered by pain. [demonic ancestry]
 43048 | D:13     | Reached XP level 16. HP: 102/102 MP: 24/31
 43393 | D:13     | Found a gate to the Vaults.
 43557 | D:13     | You fall through a shaft!
 44046 | D:14     | Noticed Maud
 44050 | D:14     | Killed Maud
 44502 | D:13     | Offered knowledge of Poisonous Cloud by Vehumet.
 45347 | D:14     | Noticed Josephine
 45494 | D:14     | Killed Josephine
 46700 | Shoals:4 | Killed Nikola
 46714 | Shoals:4 | Noticed Ilsuiw
 46951 | Shoals:4 | Goblin1989: Так.
 46951 | Shoals:4 | Goblin1989: откуда 62 урона?
 46951 | Shoals:4 | Goblin1989: неужели это тридент так ударил?
 46951 | Shoals:4 | ololoev: видимо
 46951 | Shoals:4 | Goblin1989: я в сетке запутавшийся был
 46951 | Shoals:4 | Goblin1989: блинкнуться в левый нижний угол?
 46951 | Shoals:4 | ololoev: ща дамп твой гляну
 46951 | Shoals:4 | ololoev: вообще фир скорее всего поможет
 46951 | Shoals:4 | ololoev: но это скорее всего
 46951 | Shoals:4 | ololoev: по идее отогнать этого импалера
 46951 | Shoals:4 | ololoev: и валить
 46951 | Shoals:4 | ololoev: иначе тебя подстрелить могут все равно
 47030 | Shoals:3 | Goblin1989: фуууу
 47030 | Shoals:3 | Goblin1989: пипец
 47030 | Shoals:3 | ololoev: ну вот, шоалз 4 сделаешь как-нибудь потом
 47030 | Shoals:3 | Goblin1989: и вроде ничего лишнего не делал
 47253 | Shoals:3 | Goblin1989: теперь снейки?
 47253 | Shoals:3 | Goblin1989: можно даже rPois купить
 47253 | Shoals:3 | ololoev: релек есть?
 47253 | Shoals:3 | Goblin1989: да
 47253 | Shoals:3 | ololoev: норм
 47253 | Shoals:3 | ololoev: докупи рпойза и иди
 47253 | Shoals:3 | Goblin1989: рпоиз не нужен что ли?
 47253 | Shoals:3 | Goblin1989: понял
 47253 | Shoals:3 | ololoev: нужен
 47253 | Shoals:3 | ololoev: на самом деле конечно не нужен, но в целом не помешает
 47502 | D:6      | Bought an uncursed ring of poison resistance for 200 gold pieces
 47810 | Snake:1  | Entered Level 1 of the Snake Pit
 47922 | Snake:1  | Noticed Frances
 47999 | Snake:1  | Noticed FrancescoMac's ghost (journeyman MiBe)
 48003 | Snake:1  | ololoev: !lg francescomac place=snake:1 -log
 48003 | Snake:1  | beem: 1. FrancescoMac, XL13 MiBe, T:14554: http://crawl.xtahua.com/crawl/morgue/FrancescoMac/morgue-FrancescoMac-20160628-215934.txt
 48003 | Snake:1  | ololoev: держи
 48010 | Snake:1  | Killed FrancescoMac's ghost
 48154 | Snake:1  | Killed Frances
 48431 | Snake:1  | Reached skill level 5 in Fighting
 48549 | Snake:1  | Found Ixycol's Gadget Emporium.
 49300 | Snake:2  | Mutation became permanent: Your movements are significantly less encumbered by armour (ER -6). [demonic ancestry]
 49300 | Snake:2  | Reached XP level 17. HP: 115/115 MP: 33/33
 49303 | Snake:2  | Reached ****** piety under Vehumet
 49392 | Snake:2  | Offered knowledge of Lehudib's Crystal Spear by Vehumet.
 49392 | Snake:2  | Offered knowledge of Fire Storm by Vehumet.
 49392 | Snake:2  | Offered knowledge of Shatter by Vehumet.
 49900 | Snake:2  | DEFE: Я до д7 нагел уже два рандарных кольца и кб+10
 49900 | Snake:2  | DEFE: но ни одного ХВ
 49900 | Snake:2  | crauler: хв ненужен
 49900 | Snake:2  | Goblin1989: у меня тоже рандартов хватает
 49900 | Snake:2  | Goblin1989: а вот свитков амнезии ни одного
 50095 | Snake:2  | crauler: powered by pain брил дает?
 50095 | Snake:2  | Goblin1989: мне ни разу не дал еще
 50095 | Snake:2  | crauler: ??powered by pain
 50095 | Snake:2  | beem: powered by pain[1/2]: Taking damage sometimes restores MP (50%), or gives agility (25%) or might (25%). Tier 2 Ds mutation.
 50095 | Snake:2  | Goblin1989: но ололоев говорит что он ману восстанавливает на 3 уровне
 51271 | Snake:3  | Noticed Asterion
 51649 | Snake:3  | Learned a level 7 spell: Spellforged Servitor
 52689 | Snake:3  | Killed Asterion
 52952 | Snake:4  | Entered Level 4 of the Snake Pit
 53623 | D:15     | Entered Level 15 of the Dungeon
 54018 | D:15     | Found a runed door.
 54576 | D:15     | Found a staircase to the Depths.
 55071 | D:15     | Reached XP level 18. HP: 127/127 MP: 34/34
 55141 | D:15     | ololoev: идти или не идти - вот в чем вопрос
 55141 | D:15     | Goblin1989: Не иду
 55141 | D:15     | Goblin1989: я просто афк немного был
 55141 | D:15     | Goblin1989: У меня в снейках 4 тоже проблемы
 55141 | D:15     | Goblin1989: там вокруг лесниц толпы монстров
 55141 | D:15     | Goblin1989: хз как поступить
 55141 | D:15     | Goblin1989: И еще я выучил вызов кастующей хрени
 55168 | Lair:5   | ololoev: данж/орк/эльф весь вычистил?
 55168 | Snake:1  | ololoev: пойди эльфам наваляй
 55168 | D:15     | ololoev: сколько фейла на шторме?
 55168 | D:15     | ololoev: 11%
 55168 | D:15     | ololoev: все, он кастуемый
 55168 | D:15     | Goblin1989: 3 спелла нужно
 55168 | D:15     | ololoev: можешь идти месить гадов
 55168 | D:15     | Goblin1989: амнезии нету пока
 55168 | D:15     | Goblin1989: кстати
 55168 | D:15     | Goblin1989: у меня еще роба на +4 инты есть
 55168 | D:15     | ololoev: ну смотри
 55168 | D:15     | Goblin1989: еще меньше будет процент фейла
 55168 | D:15     | ololoev: во-первых забудь сервитора, говно спелл
 55168 | D:15     | Goblin1989: но она 200 с чем-то стои гадина
 55168 | D:15     | Goblin1989: он мне помог снейки 3 зхачистить
 55168 | D:15     | Goblin1989: и свитков амнезии нет
 55168 | D:15     | ololoev: через книгу можно забыть
 55168 | D:15     | ololoev: и еще, у тебя две книги флейма
 55168 | D:15     | ololoev: забудь иннер и конжур
 55168 | D:15     | Goblin1989: как через книгу? О_О
 55168 | D:15     | ololoev: лол
 55168 | D:15     | Goblin1989: ну-ка ну-ка
 55168 | D:15     | ololoev: читаешь книгу
 55168 | D:15     | ololoev: выбираешь спелл
 55168 | D:15     | ololoev: жмешь F y
 55168 | D:15     | ololoev: книга рассыпается, спелл забывается
 55374 | Lair:2   | ololoev: и еще, вкачай армор до 4-5
 55374 | Lair:2   | ololoev: у тебя кожанка, оан немного пенальти может давать
 55568 | D:6      | Goblin1989: конжур еще забыть говоришь можно?
 55579 | D:6      | Learned a level 9 spell: Fire Storm
 55579 | D:6      | Goblin1989: круто :)
 55579 | D:6      | Goblin1989: а я не знам про такую фишку в игре
 55579 | D:6      | ololoev: конжур после леира обычно нинужен
 55579 | D:6      | ololoev: стики может пригодиться пока еще
 55579 | D:6      | ololoev: все, иди эльфов лупцевать штормом
 55579 | D:6      | ololoev: 11% это шикарный шанс
 55579 | D:6      | Goblin1989: афк минут на 20
 55579 | D:6      | Goblin1989: так
 55579 | D:6      | Goblin1989: поехали
 55833 | Elf:1    | Entered Level 1 of the Elven Halls
 56240 | Elf:1    | Reached skill level 1 in Armour
 56391 | Elf:1    | Goblin1989: You take 16 damage, and have 97/127 hp. You regained 17 mp, and now have 19/53 mp.
 56391 | Elf:1    | Goblin1989: Pbp реально круто работает
 56920 | Elf:1    | Identified the Incunabulum of Creative Confrontation (You found it on level 1 of the Elven Halls)
 57420 | Elf:1    | ololoev: у оружий резист, шотом проще их мочить
 57420 | Elf:1    | Goblin1989: понял
 57926 | Elf:1    | Goblin1989: и это при том что я в магию земли даже единичку не вложил
 57926 | Elf:1    | Goblin1989: мне хочется выпить нераспознаный поушен
 57926 | Elf:1    | Goblin1989: вдруг там экспириенс
 57992 | Elf:2    | ololoev: а какие поты остались?
 57999 | Elf:2    | ololoev: \ -
 57999 | Elf:2    | Goblin1989: Но он же может оказаться мэджик или кэнсэл
 57999 | Elf:2    | ololoev: лучше не пей
 57999 | Elf:2    | ololoev: может курмут быть
 57999 | Elf:2    | Goblin1989: так что пусть лежит
 57999 | Elf:2    | ololoev: потеряешь клевер и вайлд меджик
 57999 | Elf:2    | Goblin1989: ну или курмут, да
 57999 | Elf:2    | incide: свитков подожди
 57999 | Elf:2    | Goblin1989: тогда вообще не буду трогать
 58842 | Elf:2    | Goblin1989: Опачки
 58842 | Elf:2    | Goblin1989: Народ, а сало разве не на весь лос должно действовать?
 58842 | Elf:2    | Goblin1989: 3 клетки, это даже меньше половины
 59114 | Elf:2    | Got a transparent robe
 59138 | Elf:1    | Identified the +2 robe of Grace {MR+ Int+2} (You found it on level 2 of the Elven Halls)
 59160 | Elf:2    | Got a distressingly furry leather armour
 59179 | Elf:1    | Identified the +0 leather armour "Ephedy Jupn" {rPois rF+ Str-5 Int+3} (You took it off a deep elf mage on level 2 of the Elven Halls)
 59180 | Elf:1    | Goblin1989: Мдя
 59180 | Elf:1    | Goblin1989: 4 силы, 45 инты, 15 дексы
 59180 | Elf:1    | Goblin1989: я чувствую себя немного дипэльфом
 59180 | Elf:1    | ololoev: 4 силы это фигово
 59180 | Elf:1    | ololoev: кожанка давить будет
 59180 | Elf:1    | ololoev: да и опасновато
 59180 | Elf:1    | ololoev: если в зиг пойдешь и нарвешься на мумий
 59180 | Elf:1    | Goblin1989: ты посмотри на фэйл
 59180 | Elf:1    | ololoev: да и +3 инты -5 силы не стоят того
 59180 | Elf:1    | ololoev: 11% тоже норм фейл
 59180 | Elf:1    | Goblin1989: там еще рпоиз и рфаер
 59180 | Elf:1    | ololoev: кроме того у тебя рС нет при таком раскладе?
 59180 | Elf:1    | Goblin1989: ну да
 59180 | Elf:1    | ololoev: так что нинужно
 59180 | Elf:1    | Goblin1989: ладно, оставлю на память
 59213 | Elf:2    | ololoev: да говно какое-то, я б такое руками не трогал даже
 59248 | Elf:2    | Learned a level 1 spell: Apportation
 59452 | Elf:2    | Found a runed gate.
 59452 | Elf:2    | Found a runed gate.
 59452 | Elf:2    | Found a runed gate.
 60673 | Snake:4  | Goblin1989: Или все-таки третьи эльфы зачистить?
 60673 | Snake:4  | ololoev: эльфы дочисти
 60673 | Snake:4  | ololoev: там лут будет
 60673 | Snake:3  | ololoev: будешь мощнее
 61030 | Elf:3    | Entered Level 3 of the Elven Halls
 61682 | Elf:3    | Reached XP level 19. HP: 136/136 MP: 36/36
 62843 | Elf:3    | ololoev: зря с этой стороны зашел
 62843 | Elf:3    | ololoev: лучше было справа
 62843 | Elf:3    | Goblin1989: ну да
 62843 | Elf:3    | ololoev: так отступать несподручно будет
 62843 | Elf:3    | Goblin1989: эльф спрятался
 62843 | Elf:3    | ololoev: если вдруг что
 62843 | Elf:3    | ololoev: да эльф пофиг
 62843 | Elf:3    | ololoev: в общем кидай штормы в проход
 62843 | Elf:3    | ololoev: только отойди сначала
 62844 | Elf:3    | ololoev: на гардиана прям
 62844 | Elf:3    | Goblin1989: так?
 62844 | Elf:3    | ololoev: да
 62845 | Elf:3    | ololoev: и еще один туда же
 62846 | Elf:3    | ololoev: в общем гардианов завали
 62846 | Elf:3    | ololoev: и к проходу к эльфам продвигайся
 62847 | Elf:3    | ololoev: они повалат, а ты встретишь их новым спеллом
 62853 | Elf:3    | Goblin1989: сорсера тоже штормом?
 62853 | Elf:3    | ololoev: вправо-вверх сделай шаг чтобы все видеть
 62853 | Elf:3    | ololoev: он тебе за ход ничего не сделает
 62854 | Elf:3    | ololoev: МОЧИ ГОБЛИНАТОР!!!
 62854 | Elf:3    | Goblin1989: так не умереть бы
 62854 | Elf:3    | ololoev: лол как можно умереть со штормом
 62854 | Elf:3    | Goblin1989: тот эльф умер
 62855 | Elf:3    | Goblin1989: теперь вверх идти или просто стоять ждать?
 62855 | Elf:3    | ololoev: вверх
 62855 | Elf:3    | ololoev: но не сильно далеко
 62857 | Elf:3    | ololoev: шага 3 максимум
 62858 | Elf:3    | ololoev: вот так норм
 62858 | Elf:3    | ololoev: если что и свалить быстро можно
 62858 | Elf:3    | Goblin1989: так эти кристальные штуки с трех попаданий только убиваются
 62858 | Elf:3    | Goblin1989: думаешь успею?
 62861 | Elf:3    | ololoev: лол конечно же
 62861 | Elf:3    | ololoev: враги валить будут только сверху
 62861 | Elf:3    | ololoev: шторм никто пройти не сможет
 62863 | Elf:3    | ololoev: плюс они еще на вортексы отвлекаются
 62864 | Elf:3    | ololoev: так что это на 99% безопасно
 62866 | Elf:3    | Reached skill level 5 in Armour
 62869 | Elf:3    | ololoev: главное чтобы мана была
 62869 | Elf:3    | Goblin1989: на этого маны уже не хватает
 62869 | Elf:3    | Goblin1989: 16
 62869 | Elf:3    | ololoev: сваливай значит
 62890 | Elf:3    | ololoev: да хватит
 62985 | Elf:3    | ololoev: далеко не уходи, а то весь лут по данжу растащат
 62993 | Elf:3    | ololoev: МОЧИ!
 63001 | Elf:3    | ololoev: шторм кидай
 63001 | Elf:3    | ololoev: в мелкую комнату
 63001 | Elf:3    | ololoev: он там, пелик!
 63006 | Elf:3    | ololoev: слева
 63006 | Elf:3    | ololoev: слева мочи
 63007 | Elf:3    | ololoev: норм
 63007 | Elf:3    | ololoev: догорит
 63020 | Elf:3    | Goblin1989: а сколько маны вех с каждого убийства дает7
 63027 | Elf:3    | ololoev: зависит от хд моба
 63146 | Elf:3    | ololoev: я думаю что-то типа 1дХД/2
 63162 | Elf:3    | ololoev: но надо точно в сорцах лазить
 63190 | Elf:3    | ololoev: лол, сразу видно что я люблю венумета
 63190 | Elf:3    | ololoev: *вегумета
 63190 | Elf:3    | ololoev: мои наблюдения были верны: mp_heal = 1 + random2(mons->get_experience_level() / 2);
 63190 | Elf:3    | ololoev: пойло маны есть?
 63190 | Elf:3    | Goblin1989: нет
 63190 | Elf:3    | Goblin1989: матиматик блин
 63190 | Elf:3    | ololoev: или можно свалить, из шотами добьешь если дойдут
 63192 | Elf:3    | ololoev: ну я по ощущениям сказал, лол
 63398 | Elf:3    | ololoev: ты куда?
 63475 | Elf:3    | Goblin1989: ману регенить
 63497 | Elf:3    | Goblin1989: теперь внутрь заходить?
 63500 | Elf:3    | ololoev: да
 63501 | Elf:3    | ololoev: там наверное уже все померли
 63502 | Elf:3    | ololoev: штук 5 будет максимум
 63532 | Elf:3    | ololoev: лутай трупы
 63560 | Elf:3    | ololoev: не
 63562 | Elf:3    | ololoev: там саммонер дальше, он на вортексы агрится
 63570 | Elf:3    | ololoev: вообще у эльфов надо лут привязывать
 63570 | Elf:3    | ololoev: эти гады все растаскивают
 63767 | Elf:3    | Got a coiled brass amulet
 63823 | Elf:3    | Identified Giveagei's Handbook of the Twisted Arsonist
 63846 | Elf:3    | Identified the Volume of the Blistering Glacier
 63850 | Elf:3    | Identified the amulet "Nyoris" {Faith rElec rF+ rC- Int+4} (You took it off a deep elf annihilator on level 3 of the Elven Halls)
 63851 | Elf:3    | Goblin1989: ,kz
 63851 | Elf:3    | Goblin1989: бля
 63851 | Elf:3    | ololoev: да пофиг же
 63851 | Elf:3    | ololoev: ну что он тебе сделает?
 63851 | Elf:3    | ololoev: будешь на в 85% случаев, а в 68% ману регенить?
 63853 | Elf:3    | ololoev: хрень же
 64364 | D:14     | ololoev: пондеринг нашел?
 64364 | D:14     | Goblin1989: давно уже
 64372 | D:14     | ololoev: чет не заметил
 64469 | D:11     | Goblin1989: я тебе вчера про это рассказывал. забыл наверное
 64651 | Elf:3    | Goblin1989: как-то так пока что
 64651 | Elf:3    | Goblin1989: оу
 64651 | Elf:3    | ololoev: сделай #
 64651 | Elf:3    | Goblin1989: ЬР
 64651 | Elf:3    | Goblin1989: МР++++
 64651 | Elf:3    | Goblin1989: круто
 64653 | Elf:3    | Goblin1989: Ух ты!
 64653 | Elf:3    | Goblin1989: шторм перестал давать много хангера!
 64653 | Elf:3    | ololoev: посох прочекай
 64683 | Elf:3    | ololoev: выкинь свой топор, носи павер
 64721 | Elf:3    | Goblin1989: ну все, теперь либо снейки, либо шоалсы
 65119 | Snake:3  | Goblin1989: Ладно, это уже завтра.
 65119 | Snake:3  | Goblin1989: домой идти пора.
 65119 | Snake:3  | Goblin1989: удачи!
 65119 | Snake:3  | ololoev: давай
 65907 | Snake:4  | Reached XP level 20. HP: 147/147 MP: 38/38
 66316 | Snake:4  | Reached skill level 10 in Fighting
 66507 | Snake:4  | Got a serpentine rune of Zot
 66523 | Snake:4  | Learned a level 6 spell: Haste
 67131 | Shoals:4 | Reached skill level 1 in Charms
 67134 | Shoals:4 | Killed Ilsuiw
 67942 | Shoals:4 | Got a barnacled rune of Zot
 68058 | Shoals:4 | Got a smoking quarterstaff
 68263 | Shoals:4 | Found Itsoulur's Jewellery Boutique.
 68556 | D:10     | Identified the +6 quarterstaff of the Hummingbird {freeze, Int+4 Dex+4} (You found it on level 4 of the Shoals)
 69282 | Vaults:1 | Entered Level 1 of the Vaults
 70538 | Vaults:1 | ololoev: копье чекнул ы
 70538 | Vaults:1 | ololoev: *бы
 70564 | Vaults:1 | Got an iridescent spear
 70565 | Vaults:1 | Identified the cursed +0 spear of Disgust {vamp, MP+9 Str+6 SInv Stlth+} (You found it on level 1 of the Vaults)
 70567 | Vaults:1 | ololoev: синв был?
 70567 | Vaults:1 | ololoev: в целом годная штука
 70567 | Vaults:1 | Goblin1989: есть на кольце
 70567 | Vaults:1 | ololoev: маны не сильно меньше
 70567 | Vaults:1 | ololoev: сделай дамп
 70567 | Vaults:1 | ololoev: норм копье
 70567 | Vaults:1 | Goblin1989: че в нем нормального-то?
 71278 | Vaults:1 | Reached XP level 21. HP: 153/153 MP: 39/39
 71807 | Vaults:2 | Noticed Boris
 71817 | Vaults:2 | Killed Boris
 71822 | Vaults:2 | ololoev: синв
 71944 | Vaults:2 | ololoev: сила если найдешь годный армор потяжелее
 71946 | Vaults:2 | ololoev: маны не так сильно меньше, чем с посоха
 71946 | Vaults:2 | Goblin1989: понял
 71946 | Vaults:2 | Goblin1989: вот этот +5 чейн не годный?
 71946 | Vaults:2 | ololoev: чейн сам по себе тяжеловат
 71946 | Vaults:2 | ololoev: попробуй конечно, со старди фреймом может норм будет
 71946 | Vaults:2 | ololoev: но в нем всего +3 инты
 71946 | Vaults:2 | ololoev: зато ты потеряешь рС
 71946 | Vaults:2 | ololoev: так что не стоит
 71946 | Vaults:2 | Goblin1989: ладно, оставлю тогда
 73264 | Vaults:2 | Reached skill level 5 in Charms
 75199 | Vaults:3 | Found a staircase to the Crypt.
 75716 | Vaults:3 | Gained mutation: You are immune to clouds of flame. [demonic ancestry]
 75716 | Vaults:3 | Reached XP level 22. HP: 159/159 MP: 40/40
 76137 | Vaults:4 | Reached skill level 15 in Spellcasting
 76354 | Vaults:1 | Noticed Jorgrun
 76356 | Vaults:1 | Killed Jorgrun
 78088 | Vaults:4 | Reached skill level 5 in Shields
 79161 | Depths:1 | Entered Level 1 of the Depths
 79660 | Depths:1 | Found a gateway to Hell.
 80187 | Depths:1 | Found a gateway to a ziggurat.
 80197 | Depths:1 | Found Fewk's Demolitions Depot.
 80230 | Depths:1 | Found a portal to a secret trove of treasure.
 80386 | Depths:2 | Noticed Aizul
 80393 | Depths:2 | Killed Aizul
 80869 | Depths:2 | Gained mutation: You may emit foul miasma when damaged in melee. [demonic ancestry]
 80869 | Depths:2 | Reached XP level 23. HP: 165/165 MP: 42/42
 81814 | Depths:2 | ololoev: зиг нашел уже?
 81814 | Depths:2 | Goblin1989: да
 81826 | Depths:2 | Identified the Tome of Flamy Stolen Souls
 81836 | Depths:2 | ololoev: родсы нинужны
 82987 | Depths:2 | Goblin1989: некромутацию уже начинать учить?
 82987 | Depths:2 | Goblin1989: а еще у меня есть мануал конжуры
 83043 | Depths:3 | Reached skill level 10 in Dodging
 83286 | Depths:3 | Noticed the Enchantress
 83287 | Depths:3 | Killed the Enchantress
 83295 | Depths:3 | Got a faerie dragon armour
 83448 | Depths:3 | Identified the +8 faerie dragon armour {rC+ Dex-5 Stlth+} (You took it off the Enchantress on level 3 of the Depths)
 83500 | Depths:3 | Found a shimmering altar of Xom.
 83501 | Depths:3 | Found a bloodstained altar of Trog.
 83502 | Depths:3 | Found an oddly glowing altar of Pakellas.
 83507 | Depths:3 | Found a one-way gate leading to the halls of Pandemonium.
 84172 | Depths:3 | Noticed a caustic shrike
 84174 | Depths:3 | Killed a caustic shrike
 84200 | Depths:3 | Noticed a juggernaut
 84560 | Depths:3 | Gained mutation: You frequently emit foul miasma when damaged in melee. [demonic ancestry]
 84560 | Depths:3 | Reached XP level 24. HP: 153/172 MP: 43/43
 84595 | Depths:3 | Killed a juggernaut
 85139 | Depths:4 | Noticed Jory
 85143 | Depths:4 | Killed Jory
 85383 | Depths:4 | Noticed Boris
 85388 | Depths:4 | Killed Boris
 85809 | Depths:4 | Found a one-way gate to the infinite horrors of the Abyss.
 86001 | Depths:4 | Found a runed gate.
 86004 | Depths:4 | Found a runed gate.
 86087 | Depths:4 | Found a runed gate.
 86642 | Depths:5 | Entered Level 5 of the Depths
 86642 | Depths:5 | Found Vumiaq's Antique Weapon Shoppe.
 86644 | Depths:5 | Bought a polished great sword for 379 gold pieces
 86645 | Depths:5 | Identified the +6 great sword of the Rat {slice, Dex+4} (You bought it in a shop on level 5 of the Depths)
 86762 | Depths:5 | ololoev: да, учи
 86766 | Depths:5 | ololoev: еще торнадо если есть, готовься учить после негра
 86771 | Depths:5 | Goblin1989: ок, сейчас сделаю
 86835 | Depths:5 | Got a ruby-encrusted scale mail
 86862 | Depths:4 | Identified the +3 scale mail "Udolujumn" {rPois Str+4} (You took it off a tengu warrior on level 5 of the Depths)
 87347 | D:6      | Bought a Necronomicon for 1324 gold pieces
 87356 | D:6      | Learned a level 8 spell: Necromutation
 87356 | D:6      | ololoev: фаер/кожуру можно уже не в фокусе докачивать, упор делай на некромут
 87668 | Snake:3  | ololoev: зря файербол забыл
 87670 | Snake:3  | Goblin1989: уже не нужен
 87670 | Snake:3  | ololoev: он с делейд файерболлом спеллслоты делит
 87670 | Snake:3  | ololoev: то есть ты не выиграл в слотах
 87670 | Snake:3  | Goblin1989: ну, не знал
 87670 | Snake:3  | ololoev: но по сути да, сам по себе в принципе то н нужен
 87670 | Snake:3  | Goblin1989: так
 87670 | Snake:3  | ololoev: стики можно забыть если есть чем
 87670 | Snake:3  | ololoev: но вообще у тебя не должно быть сейчас проблем со слотами
 87670 | Snake:3  | Goblin1989: в какой там книге эта бестия на g
 87670 | Snake:3  | ololoev: ты про malign gateway?
 88010 | Elf:2    | Goblin1989: спелфоред который. нашел уже
 88263 | Depths:1 | Bought a book of the Tempests for 1470 gold pieces
 88273 | Depths:1 | Learned a level 9 spell: Tornado
 88275 | Depths:1 | ololoev: сало выкинь
 88276 | Depths:1 | ololoev: все равно нинужно
 88276 | Depths:1 | Goblin1989: да
 88276 | Depths:1 | Goblin1989: понятия не имею откуда оно у меня
 88276 | Depths:1 | Goblin1989: кстати
 88276 | Depths:1 | Goblin1989: вот эта шкурка не нужна?
 88276 | Depths:1 | ololoev: выкидывай
 88276 | Depths:1 | Goblin1989: она брони болше вроде как дает
 88276 | Depths:1 | ololoev: - к дексе не стоит того
 88276 | Depths:1 | Goblin1989: понял
 88276 | Depths:1 | ololoev: в ЕВ потеряешь
 88276 | Depths:1 | ololoev: стафф павера тоже нафиг
 88279 | Depths:1 | Goblin1989: энчант вёпон оставлю на бловган
 88434 | Depths:4 | ololoev: зачем тееб блоуган?
 88434 | Depths:4 | ololoev: антея ваншотать?
 88434 | Depths:4 | Goblin1989: ну типа того
 88434 | Depths:4 | Goblin1989: вдруг иголки хорошие попадутся
 88437 | Depths:5 | Found Gikasigu's Armour Boutique.
 88439 | Depths:5 | ololoev: свитки фира уже практически не нужны
 88549 | Depths:5 | Reached skill level 1 in Transmutations
 88619 | Depths:5 | Reached skill level 1 in Necromancy
 88636 | Depths:5 | Found a gate to the Realm of Zot.
 88759 | Depths:5 | ololoev: армор кстати можешь до упора зачантить и свитки не носить больше
 88759 | Depths:5 | ololoev: скорее всего ты будешь только в арты переодеваться
 88759 | Depths:5 | Goblin1989: чувствую себя каким-то гопником
 88759 | Depths:5 | ololoev: why?
 88759 | Depths:5 | Goblin1989: пришел-навалял всем, даже не разбираясь кто тут был )))
 88808 | Depths:5 | ololoev: это ты еще зиги не делал
 88808 | Depths:5 | ololoev: в мегазиге начинаешь месить все без разбору
 88808 | Depths:5 | ololoev: даже поленился личформу в холизиге вырубать.
 88808 | Depths:5 | ololoev: потому что пофиг
 88815 | Depths:5 | Found Siowkirph's Antique Weapon Boutique.
 88838 | Depths:5 | Gained mutation: You can hurl damnation. [demonic ancestry]
 88838 | Depths:5 | Reached XP level 25. HP: 177/177 MP: 41/43
 89117 | Depths:5 | Found Saoxa's Antique Armour Boutique.
 89120 | Depths:5 | Found Robumoto's Antique Weapon Emporium.
 89124 | Depths:5 | Bought a smoking chain mail for 190 gold pieces
 89134 | Depths:5 | Identified the +2 chain mail of Indomitability {rPois Int+4 Stlth-} (You bought it in a shop on level 5 of the Depths)
 89134 | Depths:5 | ololoev: а ничего так
 89144 | Depths:5 | ololoev: фейл 4%
 89144 | Depths:5 | ololoev: терпимо
 89155 | Depths:5 | ololoev: но конечно рС лучше
 89172 | Depths:5 | Gained mutation: You are agile. (Dex +2) [potion of beneficial mutation]
 89583 | Depths:5 | Reached skill level 10 in Shields
 89745 | Depths:5 | Goblin1989: так.
 89745 | Depths:5 | Goblin1989: дальше крипт?
 89745 | Depths:5 | ololoev: зиг
 89745 | Depths:5 | Goblin1989: так негр не работает ведь
 89745 | Depths:5 | ololoev: у тебя лигнификация есть
 89745 | Depths:5 | ololoev: значит негр нинужен
 89745 | Depths:5 | Goblin1989: ок
 89912 | Depths:1 | Goblin1989: стоп!
 89912 | Depths:1 | Goblin1989: е если под сало попаду?
 89912 | Depths:1 | ololoev: пора уже выпустить ULTIMATE OLOLOEV GUIDE: start --FE -> get VEH -> go get 2 lair runes -> get FS online -> do ZIGS for FUN&PROFIT -> get Wucad -> roll Clarity mut -> DO more ZIGS
 89912 | Depths:1 | ololoev: надо посмотреть что по вандам
 89912 | Depths:1 | Goblin1989: эво ноль
 89912 | Depths:1 | ololoev: купи вандов эксида
 89912 | Depths:1 | ololoev: в первом зиге если и будет сайлент спектр, то масимум один
 89912 | Depths:1 | ololoev: к такому подбегаешь под хастой, пуляешь делейд фболлом и он умирает.
 89912 | Depths:1 | ololoev: если не умрет - вандой добьешь
 89920 | Depths:1 | Bought a wand of acid (8/15) for 504 gold pieces
 89928 | Depths:1 | ololoev: ну и эвоки включи качаться потихоньку
 89928 | Depths:1 | ololoev: все равно потом понадобятся
 89928 | Depths:1 | ololoev: кольцо рС и рФ нинужно
 89928 | Depths:1 | ololoev: энч армор тоже
 89934 | Depths:1 | ololoev: флайт тоже
 89934 | Depths:1 | ololoev: пойло
 89936 | Depths:1 | ololoev: ну норм
 89936 | Depths:1 | ololoev: можно идти
 89937 | Zig:1    | Entered Level 1 of a ziggurat
 89955 | Zig:2    | Entered Level 2 of a ziggurat
 89994 | Zig:2    | ololoev: файер этаж
 89998 | Zig:2    | ololoev: мог бы и ООФ быть
 89999 | Zig:2    | ololoev: лол
 90000 | Zig:3    | Entered Level 3 of a ziggurat
 90005 | Zig:3    | Goblin1989: во втором зиккурате?
 90005 | Zig:3    | Goblin1989: не верю
 90005 | Zig:3    | ololoev: во втором конечно нет, рано
 90005 | Zig:3    | ololoev: если не мегазиг
 90038 | Zig:3    | Identified the Collected Works on Ice
 90056 | Zig:3    | ololoev: фиал оф флудс возьми еще кстати
 90058 | Zig:3    | ololoev: хотя это что за версия?
 90058 | Zig:3    | Goblin1989: 0.18
 90058 | Zig:3    | ololoev: норм, бери
 90059 | Zig:3    | ololoev: им можно будет подстрелить сайлент спектра
 90063 | Zig:4    | Entered Level 4 of a ziggurat
 90158 | Zig:5    | Entered Level 5 of a ziggurat
 90163 | Zig:5    | Noticed Utsado the pandemonium lord
 90176 | Zig:5    | Killed Utsado the pandemonium lord
 90176 | Zig:5    | Reached skill level 1 in Evocations
 90222 | Zig:5    | Identified the Catalogue of Good Luck
 90336 | Zig:6    | Entered Level 6 of a ziggurat
 90344 | Zig:6    | Reached skill level 5 in Necromancy
 90360 | Zig:6    | Identified a +2 rod of clouds (13/13) (You found it on level 6 of a ziggurat)
 90397 | Zig:6    | Identified a +8 rod of clouds (14/14) (You found it on level 6 of a ziggurat)
 90402 | Zig:7    | Entered Level 7 of a ziggurat
 90489 | Zig:7    | Got a distressingly furry plate armour
 90500 | Zig:7    | Identified the +4 plate armour of Calculation {rF+} (You found it on level 7 of a ziggurat)
 90513 | Zig:8    | Entered Level 8 of a ziggurat
 90578 | Zig:8    | Got a crude golden ring
 90602 | Zig:8    | Got a jewelled spear
 90603 | Zig:8    | Identified the +6 spear "Apisagh" {elec, rN+ Dex+2} (You found it on level 8 of a ziggurat)
 90606 | Zig:8    | Identified the ring of Kasijo {rC+ MP+9 Str+3} (You found it on level 8 of a ziggurat)
 90624 | Zig:9    | Entered Level 9 of a ziggurat
 90638 | Zig:9    | Reached skill level 5 in Transmutations
 90689 | Zig:10   | Entered Level 10 of a ziggurat
 90843 | Zig:10   | Gained mutation: You have sharp toenails. [potion of beneficial mutation]
 90875 | Zig:11   | Entered Level 11 of a ziggurat
 91009 | Zig:11   | Got a brightly glowing lead ring
 91025 | Zig:11   | Goblin1989: Ладно.
 91025 | Zig:11   | Goblin1989: Идти пора
 91025 | Zig:11   | ololoev: давай
 91025 | Zig:11   | Goblin1989: завтра продолжу, пожалуй.
 91025 | Zig:11   | Goblin1989: Удачи!
 91026 | Zig:11   | Identified the ring of Conflict {+Inv rPois MR+} (You found it on level 11 of a ziggurat)
 91027 | Zig:11   | Goblin1989: я тут вот что подума
 91027 | Zig:11   | Goblin1989: *подумал
 91027 | Zig:11   | Goblin1989: все-таки мы поторопились
 91027 | Zig:11   | ololoev: с чем, лол?
 91027 | Zig:11   | Goblin1989: надо было колечко сусат с собой сюда взять
 91027 | Zig:11   | ololoev: а
 91027 | Zig:11   | ololoev: таки да
 91027 | Zig:11   | ololoev: но по сути нинужно
 91028 | Zig:11   | ololoev: у тебя минимальный стат - 15
 91028 | Zig:11   | Goblin1989: просто если мой интеллект снизится
 91028 | Zig:11   | ololoev: чтобы именно его сдрейнить - должен быть мумиезиг где-нибудь уровне на 25-27м и сроллиться все должно очень неудачно
 91028 | Zig:11   | Goblin1989: мне каюк
 91028 | Zig:11   | Goblin1989: понятно
 91028 | Zig:11   | ololoev: брил для кого лежит?
 91030 | Zig:11   | ololoev: это +5 инты и визардри
 91030 | Zig:11   | ololoev: кастовать и так сможешь
 91030 | Zig:11   | Goblin1989: понял
 91041 | Zig:12   | Entered Level 12 of a ziggurat
 91046 | Zig:12   | Goblin1989: или лучше по чентру идти?
 91046 | Zig:12   | Goblin1989: *центру?
 91046 | Zig:12   | ololoev: да пофигу
 91047 | Zig:12   | ololoev: по идее с краю безопаснее
 91047 | Zig:12   | ololoev: но я всегда кладу
 91047 | Zig:12   | Goblin1989: кстати
 91047 | Zig:12   | Goblin1989: сегодня ермак на 58000 игру закончил
 91047 | Zig:12   | Goblin1989: 15 рун блин
 91052 | Zig:12   | Noticed a juggernaut
 91055 | Zig:12   | Killed a juggernaut
 91059 | Zig:12   | Noticed a juggernaut
 91059 | Zig:12   | ololoev: 58 это не оче круто
 91059 | Zig:12   | Goblin1989: третье место
 91059 | Zig:12   | ololoev: да и учитыывая сколько он игр уже сделал
 91059 | Zig:12   | Goblin1989: маны мало
 91059 | Zig:12   | Goblin1989: отступать?
 91059 | Zig:12   | ololoev: скорее наступать
 91059 | Zig:12   | ololoev: сделай один шаг к врагам
 91060 | Zig:12   | ololoev: следующим штормом кучу захватишь
 91060 | Zig:12   | ololoev: отхилишься
 91062 | Zig:12   | Killed a juggernaut
 91063 | Zig:12   | ololoev: наступай
 91108 | Zig:12   | ololoev: вообще если враги не опасные, то есть без смайтов/хелфаеров, то старайся побольше зацепить
 91121 | Zig:12   | ololoev: так не будет перебоев с маной
 91126 | Zig:12   | Got a slimy glass ring
 91128 | Zig:12   | Identified the ring "Laacha Ecziwn" {rC+ Dex+4} (You found it on level 12 of a ziggurat)
 91145 | Zig:12   | Identified the Reference Book on Shape Shifting
 91148 | Zig:12   | Got a shimmering leather armour
 91159 | Zig:12   | Identified the +2 leather armour of Wuog {rCorr Str+2} (You found it on level 12 of a ziggurat)
 91238 | Zig:13   | Entered Level 13 of a ziggurat
 91248 | Zig:13   | Goblin1989: абисс что ли?
 91248 | Zig:13   | Goblin1989: тогда не понимаю откуда аура
 91248 | Zig:13   | ololoev: в абиссе ангелы и дэвы есть
 91271 | Zig:13   | Got a heavily runed scale mail
 91282 | Zig:13   | Identified the +3 scale mail "Uteav" {Str+3} (You found it on level 13 of a ziggurat)
 91294 | Zig:13   | Got a fine copper ring
 91296 | Zig:13   | Identified the cursed ring "Ydghalinto" {*Contam rElec rPois Dex-3 Stlth+} (You found it on level 13 of a ziggurat)
 91297 | Zig:13   | ololoev: контамчи
 91297 | Zig:13   | ololoev: *к
 91304 | Zig:13   | ololoev: ns xnj ndjhbim
 91314 | Zig:13   | ololoev: ты что творишь
 91320 | Zig:13   | Gained mutation: You are covered in fur (AC +1). [mutagenic glow]
 91325 | Zig:13   | ololoev: бухай кансел
 91325 | Zig:13   | ololoev: лол
 91325 | Zig:13   | Goblin1989: так пройдет ведь
 91325 | Zig:13   | ololoev: повезло что мех вырос
 91325 | Zig:13   | ololoev: мог бы и телепортитис отрасти
 91325 | Zig:13   | ololoev: малмут же
 91325 | Zig:13   | ololoev: от контама желтого
 91331 | Zig:13   | Got a bound tin ring
 91332 | Zig:13   | Identified the ring of Eshruq Mepur {rF+ Str+2} (You found it on level 13 of a ziggurat)
 91339 | Zig:13   | Identified a scroll of acquirement
 91578 | Zig:13   | Goblin1989: негр двигается!
 91587 | Zig:14   | Entered Level 14 of a ziggurat
 91608 | Zig:14   | Reached XP level 26. HP: 184/184 MP: 44/44
 91631 | Zig:14   | ololoev: gjcj[b gjcnfdm d fdnjgbrfg
 91631 | Zig:14   | ololoev: посохи поставь в автопикап
 91631 | Zig:14   | ololoev: и кстати, зачем тебе двип?
 91631 | Zig:14   | Goblin1989: трова требует
 91632 | Zig:14   | ololoev: аа
 91649 | Zig:14   | Learned a level 6 spell: Darkness
 91652 | Zig:14   | ololoev: даркнесс нинужно
 91680 | Zig:14   | ololoev: зачем тебе скипетр тормента?
 91681 | Zig:14   | Goblin1989: хотел у тебя спросить как он вообще работает
 91689 | Zig:14   | ololoev: каждый ход снимает по 0.5% хп у всех живых монстров
 91689 | Zig:14   | ololoev: вроде примерно так
 91692 | Zig:14   | Goblin1989: это что за хрень? о_О
 91692 | Zig:14   | ololoev: а может и периодически полноценынй тормент кастует
 91692 | Zig:14   | Goblin1989: мутация?
 91692 | Zig:14   | ololoev: это хеллфаер новый
 91692 | Zig:14   | ololoev: теперь так называется
 91692 | Zig:14   | ololoev: чтобы с фаером не путали
 91692 | Zig:14   | Goblin1989: ох ты ж лооол
 91692 | Zig:14   | Goblin1989: вот за что я люблю демонспавнов
 91692 | Zig:14   | ololoev: ну типа у всех такая реакция: хелфаер - фаер - одену ка рФ+++
 91692 | Zig:14   | Goblin1989: вот за такие вот мутации
 91692 | Zig:14   | ololoev: кстати норм мутка для сайлент зигов, если ты с хлебом
 91692 | Zig:14   | ololoev: так то она нехило хп жрет вроде
 91693 | Zig:14   | ololoev: но хлеб похилит
 91710 | Zig:15   | Entered Level 15 of a ziggurat
 91711 | Zig:15   | Goblin1989: кстати, я раньше дальше 14 зиккурата не ходил ни разу
 91711 | Zig:15   | Goblin1989: ТЕРЯЮ ДЕВСТВЕННОСТЬ
 91713 | Zig:15   | ololoev: lol
 91715 | Zig:15   | Goblin1989: это что за хрень?
 91716 | Zig:15   | ololoev: где?
 91716 | Zig:15   | Goblin1989: шолсы видимо
 91716 | Zig:15   | Goblin1989: вариант гиккурата
 91718 | Zig:15   | ololoev: не совсем шоалсы
 91720 | Zig:15   | ololoev: тут все бранчи леера скорее намешаны
 91754 | Zig:15   | Got a pitted dagger
 91755 | Zig:15   | Identified the +10 dagger "Xeihot" {pierce, rElec} (You found it on level 15 of a ziggurat)
 91764 | Zig:15   | ololoev: w G I нинужно
 91769 | Zig:15   | ololoev: кольцо рН тоже
 91769 | Zig:15   | ololoev: Z тоже
 91779 | Zig:15   | ololoev: мануал стелса нинужен
 91800 | Zig:15   | ololoev: стафф чекни
 91807 | Zig:15   | ololoev: нинужен
 91807 | Zig:15   | ololoev: и амуль
 91807 | Zig:15   | ololoev: скорее всего тоже нинужен
 91809 | Zig:15   | ololoev: оковариумент!
 91812 | Zig:15   | Goblin1989: я даже не знаю что мне нужно
 91812 | Zig:15   | Goblin1989: потому и не использую
 91812 | Zig:15   | ololoev: армор
 91812 | Zig:15   | Goblin1989: попрошу армора
 91813 | Zig:15   | Got a crude cloak
 91824 | Zig:15   | Identified the +1 cloak of the Beekeeper {MR+ Int+3 Stlth-} (You acquired it on level 15 of a ziggurat)
 91824 | Zig:15   | ololoev: нойс!!
 91825 | Zig:15   | ololoev: пчеловод
 91825 | Zig:15   | Goblin1989: повезло
 91831 | Zig:15   | Goblin1989: кстати
 91831 | Zig:15   | Goblin1989: сме стаф оставлять или обратно копье в руки барть?
 91831 | Zig:15   | ololoev: копье
 91831 | Zig:15   | ololoev: стафф даст немного дамага
 91845 | Zig:16   | Entered Level 16 of a ziggurat
 91949 | Zig:16   | Reached skill level 10 in Necromancy
 91949 | Zig:16   | Reached XP level 27. HP: 190/190 MP: 44/44
 91955 | Zig:16   | ololoev: ну все, негр под брилом скастуется с тертьего раза
 91964 | Zig:17   | Entered Level 17 of a ziggurat
 91977 | Zig:17   | Reached skill level 5 in Evocations
 91987 | Zig:17   | ololoev: в снейках осторожно набигай
 91988 | Zig:17   | Goblin1989: манавиперы?
 91988 | Zig:17   | ololoev: если в лос попадет гардиан, он может следующим же ходом тебя окружить
 91988 | Zig:17   | Goblin1989: понял
 92004 | Zig:17   | Got a flickering bronze ring
 92013 | Zig:17   | Reached skill level 10 in Transmutations
 92019 | Zig:17   | Gained mutation: You have an increased reservoir of magic (+10% MP). [potion of beneficial mutation]
 92024 | Zig:17   | Got a crude jade ring
 92026 | Zig:17   | Identified the ring of Xughymea {+Fly rC+ MP+9} (You found it on level 17 of a ziggurat)
 92028 | Zig:17   | Identified the ring of Oteohex {+Blink Str+6 Int+3 Stlth+} (You found it on level 17 of a ziggurat)
 92030 | Zig:17   | ololoev: такс
 92034 | Zig:17   | Identified the Volume of the Oath and Unholy Magic
 92036 | Zig:17   | ololoev: неплохое такое колечко!
 92037 | Zig:17   | ololoev: тебе теперь остается только ОЦПА найти
 92039 | Zig:17   | Goblin1989: ну да
 92039 | Zig:17   | ololoev: да выкидывай ты этот инт +4
 92041 | Zig:17   | ololoev: нинужен уже
 92047 | Zig:17   | Goblin1989: кстати
 92047 | Zig:17   | Goblin1989: нужна строчка в rc файл чтобы собирать все ОРАНЖЕВЫЕ деки
 92047 | Zig:17   | Goblin1989: всегда
 92049 | Zig:17   | ololoev: оранжевые это орнейт которые?
 92052 | Zig:17   | Goblin1989: ну да
 92052 | Zig:17   | ololoev: тьфу, леждендари
 92052 | Zig:17   | Goblin1989: полезная строчка, мне кажется
 92052 | Zig:17   | ololoev: ну хз
 92052 | Zig:17   | ololoev: обычно 2-3 деек хватает
 92052 | Zig:17   | ololoev: а это можно быстро насобирать
 92054 | Zig:17   | ololoev: да и я как-то очень редко деки юзаю
 92054 | Zig:17   | ololoev: ибо они на самый крайний случай
 92056 | Zig:17   | ololoev: а он никогда не наступает
 92056 | Zig:17   | ololoev: ты ЕВ зря выкинул
 92056 | Zig:17   | ololoev: зачанти плетку
 92057 | Zig:17   | ololoev: она же нужна с энчантом каким-то наверное
 92059 | Zig:17   | Goblin1989: +8
 92059 | Zig:17   | Goblin1989: я затупил
 92059 | Zig:17   | ololoev: лол, ни разу не видел такого высокого требования
 92059 | Zig:17   | ololoev: наглая трова
 92059 | Zig:17   | Goblin1989: у меня на выходе несколько шку лежат я про них думал
 92059 | Zig:17   | ololoev: там у тебя штук 5 всего вроде
 92060 | Zig:18   | Entered Level 18 of a ziggurat
 92066 | Zig:18   | ololoev: забей пока
 92066 | Zig:18   | ololoev: не трогай
 92067 | Zig:18   | ololoev: подойди по чистым клеткам
 92068 | Zig:18   | Noticed Nurhuk the pandemonium lord
 92070 | Zig:18   | ololoev: вот теперь МОЧИИ!
 92070 | Zig:18   | ololoev: в зиге главное чтобы враги скучкованы были
 92070 | Zig:18   | ololoev: тогда мана не перестает течь
 92072 | Zig:18   | Goblin1989: я этого нурюка-то убить успею?
 92072 | Zig:18   | ololoev: успеешь
 92072 | Zig:18   | ololoev: ему 2 шторма осталось
 92072 | Zig:18   | Goblin1989: да и еще вон та хрень с хеллфайером
 92073 | Zig:18   | ololoev: а он вон некокзеков призывает еще вместо того чтобы тебя бить
 92073 | Zig:18   | Killed Barusu the pandemonium lord
 92074 | Zig:18   | Noticed Koptenua the pandemonium lord
 92075 | Zig:18   | Goblin1989: так
 92075 | Zig:18   | ololoev: шот
 92075 | Zig:18   | ololoev: у него ЕВ нет
 92075 | Zig:18   | Goblin1989: теперь блинкаться или как его?
 92075 | Zig:18   | Killed Nurhuk the pandemonium lord
 92076 | Zig:18   | Noticed Houx the pandemonium lord
 92076 | Zig:18   | ololoev: лол, ну так тоже можно
 92081 | Zig:18   | Noticed Cieduch the pandemonium lord
 92082 | Zig:18   | Killed Cieduch the pandemonium lord
 92082 | Zig:18   | Killed Koptenua the pandemonium lord
 92083 | Zig:18   | Killed Houx the pandemonium lord
 92227 | Zig:18   | ololoev: ты главное в панозигах бойся вармонгеров
 92227 | Zig:18   | ololoev: желтые такие педы
 92228 | Zig:18   | ololoev: они сап меджик кидают, а это хреново
 92228 | Zig:18   | HAL9000: hello, is there a way to do zig with melee char?
 92230 | Zig:18   | ololoev: yo
 92242 | Zig:18   | ololoev: yes, it can be easily done with Makhlebian who can cast Necromutation
 92242 | Zig:18   | ololoev: or u mean "no spells"?
 92242 | Zig:18   | HAL9000: yea sort of no or barely spells
 92259 | Zig:18   | Got an ancient copper ring
 92261 | Zig:18   | Identified the Volume of Supportive Sinister Secrets
 92269 | Zig:18   | HAL9000: with axes ?
 92269 | Zig:18   | ololoev: I believe there is a way to do it using Zin or TSO
 92270 | Zig:18   | ololoev: but I never tried
 92275 | Zig:18   | HAL9000: i see
 92277 | Zig:18   | Identified the ring of Urghaenko {Fire MR+++} (You found it on level 18 of a ziggurat)
 92278 | Zig:18   | ololoev: My TSO attempt died somewhere at ~zig:17 because I was "ah that stupid hydras I'll go tabtabtab you all"
 92281 | Zig:18   | ololoev: R b нинужно
 92281 | Zig:18   | Gained mutation: Your flesh is very heat resistant. [potion of beneficial mutation]
 92284 | Zig:18   | HAL9000: yea them hydras :D
 92284 | Zig:18   | HAL9000: btw is the larnean hydra still in swamp
 92285 | Zig:18   | HAL9000: i did a few swamps and never saw it
 92285 | Zig:18   | HAL9000: only hydra/dragon combo
 92285 | Zig:18   | ololoev: in my experience, you see it once in 4-5 swamps
 92288 | Zig:18   | HAL9000: i've another question if that's ok
 92289 | Zig:18   | ololoev: yep, ask as much as you want
 92289 | Zig:18   | HAL9000: i've been trying to play DrTm but i don't really like chei or Ru
 92290 | Zig:19   | Entered Level 19 of a ziggurat
 92292 | Zig:19   | HAL9000: what other options do i have
 92292 | Zig:19   | ololoev: Makh
 92293 | Zig:19   | ololoev: Yred
 92305 | Zig:19   | ololoev: You can try Fed
 92305 | Zig:19   | HAL9000: thanks, i'll try it out
 92308 | Zig:19   | HAL9000: i've to read a bit about fedh i've never played it before
 92313 | Zig:19   | ololoev: Fed is strange a bit, I didn't get it at all
 92324 | Zig:19   | Got a slimy copper ring
 92337 | Zig:19   | ololoev: but he is very strong early with all his confusing shroom
 92380 | Zig:19   | Reached skill level 10 in Evocations
 92382 | Zig:19   | Identified the ring of Mirth {*Corrode rF+ rC+ rN++ Str+4} (You found it on level 19 of a ziggurat)
 92388 | Zig:19   | HAL9000: i played yesterday OgHu Yskaw and got +9 artifact golden dragon armor at like lvl 6 from acq
 92389 | Zig:19   | Got an encrusted plate armour
 92390 | Zig:19   | HAL9000: was pretty succesful
 92400 | Zig:19   | Identified the +4 plate armour of Peek-a-Boo {rCorr} (You found it on level 19 of a ziggurat)
 92400 | Zig:19   | HAL9000: died stupidly though
 92432 | Zig:20   | Entered Level 20 of a ziggurat
 92450 | Zig:20   | Reached skill level 15 in Necromancy
 92455 | Zig:20   | ololoev: early gda makes you play "screw that I'll tabtabtab you all"
 92460 | Zig:20   | HAL9000: exactly
 92477 | Zig:20   | ololoev: boots!
 92477 | Zig:20   | ololoev: eew, slimy!
 92492 | Zig:20   | Got a pair of slimy boots
 92503 | Zig:20   | Identified the +5 pair of boots of Sloth {*Corrode rN+ Regen+ Int+6} (You found it on level 20 of a ziggurat)
 92503 | Zig:20   | ololoev: noice!
 92503 | Zig:20   | Goblin1989: *corrode
 92507 | Zig:20   | Got an encrusted scale mail
 92518 | Zig:20   | Identified the +3 scale mail of Qameriett {Dex+8} (You found it on level 20 of a ziggurat)
 92528 | Zig:20   | ololoev: corrode is shit
 92529 | Zig:20   | Goblin1989: а мне кажется это плохо
 92543 | Zig:20   | ololoev: how much times you were directly hiit by enemies?
 92543 | Zig:20   | ololoev: да и как бы у тебя 24АС
 92546 | Zig:20   | Identified the Reference Book on Clay
 92549 | Zig:20   | ololoev: ну будет 16, не сильно пострадаешь
 92550 | Zig:20   | ololoev: тем более боты +5
 92552 | Zig:20   | ololoev: то есть считай на один прок коррозии они уже дали защиты
 92562 | Zig:20   | Learned a level 9 spell: Glaciate
 92566 | Zig:21   | Entered Level 21 of a ziggurat
 92573 | Zig:21   | ololoev: такс
 92573 | Zig:21   | Goblin1989: томб
 92573 | Zig:21   | ololoev: или крипт
 92573 | Zig:21   | Goblin1989: tomb
 92573 | Zig:21   | ololoev: что лучше
 92573 | Zig:21   | ololoev: но в любом случае время врубить негра
 92573 | Zig:21   | ololoev: бухай брилохасту, кастуй негра
 92573 | Zig:21   | ololoev: и МОЧИ!!
 92575 | Zig:21   | Noticed a greater mummy
 92575 | Zig:21   | Goblin1989: О_О
 92575 | Zig:21   | Goblin1989: ничотак разисты
 92575 | Zig:21   | HAL9000: gastronok hat :)
 92577 | Zig:21   | Killed a greater mummy
 92579 | Zig:21   | Goblin1989: yes
 92579 | Zig:21   | Goblin1989: ^)
 92579 | Zig:21   | Goblin1989: :)
 92579 | Zig:21   | ololoev: так
 92579 | Zig:21   | ololoev: ты хасту зря не сделал
 92579 | Zig:21   | ololoev: сейчас слоу словишь от дескурса
 92580 | Zig:21   | ololoev: и давай, набигай уже
 92580 | Zig:21   | ololoev: домики набигают!
 92580 | Zig:21   | Goblin1989: кто шедоу призвал?
 92584 | Zig:21   | Noticed a greater mummy
 92584 | Zig:21   | Noticed a greater mummy
 92585 | Zig:21   | Noticed a greater mummy
 92585 | Zig:21   | Noticed a greater mummy
 92585 | Zig:21   | Noticed a greater mummy
 92586 | Zig:21   | ololoev: death curse
 92586 | Zig:21   | ololoev: mocheee!
 92586 | Zig:21   | Goblin1989: а без разницы что ли?
 92586 | Zig:21   | Goblin1989: я все пять мумий не могу захватить
 92586 | Zig:21   | ololoev: не можешь, мочи по кускам
 92586 | Zig:21   | ololoev: ты можешь таргетить ржавого
 92586 | Zig:21   | ololoev: тогда еще и мумиеприста захватишь
 92586 | Zig:21   | Killed a greater mummy
 92586 | Zig:21   | Killed a greater mummy
 92587 | Zig:21   | Killed a greater mummy
 92588 | Zig:21   | Killed a greater mummy
 92588 | Zig:21   | Killed a greater mummy
 92588 | Zig:21   | Killed a greater mummy
 92589 | Zig:21   | Noticed a greater mummy
 92589 | Zig:21   | Killed a greater mummy
 92591 | Zig:21   | Noticed a greater mummy
 92591 | Zig:21   | Noticed a greater mummy
 92591 | Zig:21   | Killed a greater mummy
 92593 | Zig:21   | Killed a greater mummy
 92594 | Zig:21   | Killed a greater mummy
 92595 | Zig:21   | ololoev: отбеги
 92597 | Zig:21   | ololoev: и всех сразу вальни
 92597 | Zig:21   | ololoev: а, там еще мумии
 92597 | Zig:21   | ololoev: тогда забей пока
 92597 | Zig:21   | Goblin1989: но сперва мумий убить нужно, пожалуй.
 92621 | Zig:21   | ololoev: блинк
 92623 | Zig:21   | ololoev: в мумиезиге за зомбями надо следить тоже
 92624 | Zig:21   | Goblin1989: не успею ману восстановить
 92624 | Zig:21   | ololoev: ну что там, саммон есть?
 92624 | Zig:21   | ololoev: а бутылка маны?
 92624 | Zig:21   | ololoev: лича сними и выпей
 92624 | Zig:21   | Goblin1989: так она одна всего
 92624 | Zig:21   | Goblin1989: жалко
 92624 | Zig:21   | ololoev: ну и пей
 92624 | Zig:21   | ololoev: лол
 92624 | Zig:21   | ololoev: жалко будет когда тебя заклюют
 92625 | Zig:21   | ololoev: о, ренихрени
 92809 | Zig:21   | ReniFell: obydno
 92837 | Zig:21   | ololoev: извини
 92842 | Zig:21   | ololoev: больше не буду
 92844 | Zig:21   | ReniFell: horosho, ya rad
 92845 | Zig:21   | ololoev: просто очень захотелось
 92845 | Zig:21   | Goblin1989: приветы
 92845 | Zig:21   | ReniFell: qqqq
 92861 | Zig:21   | ReniFell: u vas tut vecherinka, ya smotru
 92861 | Zig:21   | ololoev: утреник
 92862 | Zig:21   | ReniFell: >15:21
 92867 | Zig:21   | Got a warped zirconium amulet
 92870 | Zig:21   | ololoev: гоббо, качай торнаду
 92873 | Zig:21   | ololoev: лол ты с ДВ?
 92873 | Zig:21   | ReniFell: SIBIR'!
 92873 | Zig:21   | Goblin1989: земляк
 92873 | Zig:21   | ololoev: у вас там -20 опять небось?
 92873 | Zig:21   | ReniFell: blya, ne
 92873 | Zig:21   | ololoev: лол
 92873 | Zig:21   | ReniFell: ya bi hotel -20 was
 92873 | Zig:21   | ReniFell: no tut 30+
 92873 | Zig:21   | ololoev: +10, жара?
 92873 | Zig:21   | Goblin1989: +28
 92873 | Zig:21   | ololoev: фига, я думал в сибири такого не бывает
 92873 | Zig:21   | ReniFell: sibir' - kray huyni s pogodoy
 92885 | Zig:21   | Identified Sif Muna's Papyrus of the Fetching Birds
 92887 | Zig:21   | ololoev: # pls
 92887 | Zig:21   | ReniFell: о, я вернул родной языц
 92890 | Zig:21   | Identified the amulet "Patwuiroa" {Reflect rC+ SH+3} (You found it on level 21 of a ziggurat)
 92891 | Zig:21   | ReniFell: Так вот, у нас тут лето не щадит вообще
 92912 | Zig:22   | Entered Level 22 of a ziggurat
 92919 | Zig:22   | Goblin1989: ркорр нету
 92919 | Zig:22   | ololoev: да лол
 92919 | Zig:22   | ReniFell: че без ркора
 92919 | Zig:22   | ololoev: нинужен же
 92919 | Zig:22   | ololoev: оклоб умирает от одного шторма
 92920 | Zig:22   | ReniFell: >24 ac
 92920 | Zig:22   | ololoev: АС нинужно
 92920 | Zig:22   | ololoev: у него есть шторм
 92925 | Zig:22   | ololoev: тут только надо с гост молями палехче
 92925 | Zig:22   | Reached skill level 1 in Air Magic
 92926 | Zig:22   | ololoev: вех штуки 4 в лосе может не вытянуть
 92926 | Zig:22   | ReniFell: WTORM VO VSE DbIRbI
 92926 | Zig:22   | ololoev: так что их в первую очередь меси
 92937 | Zig:22   | Goblin1989: мне в принципе плевать, но печему пои огоньки замедлены? это потому что я фаст?
 92942 | Zig:22   | Goblin1989: улиточка была
 92950 | Zig:22   | ReniFell: Кто-нибудь в курсе, сколько максимум ходов можно в данже пробыть?
 92955 | Zig:22   | ololoev: 2^31
 92958 | Zig:22   | ololoev: MAX_INT
 92966 | Zig:22   | ReniFell: Хех
 92992 | Zig:22   | ololoev: полированный плейт
 92992 | Zig:22   | ololoev: мастер старался!
 92992 | Zig:22   | ReniFell: Как-то не столь много
 92993 | Zig:22   | HAL9000: what is the hotkey to show all visible items?
 93008 | Zig:22   | ReniFell: ctrl x
 93008 | Zig:22   | HAL9000: thanks
 93023 | Zig:22   | Got a polished plate armour
 93024 | Zig:22   | ReniFell: np
 93034 | Zig:22   | Identified the cursed +0 plate armour "Qaciod" {rN+ MR+ SInv} (You found it on level 22 of a ziggurat)
 93050 | Zig:22   | Got a glittering emerald amulet
 93051 | Zig:22   | ololoev: g нинужно
 93052 | Zig:22   | Identified the amulet "Veiloleifa" {Harm *Drain rElec Dex-4 SInv Stlth+} (You found it on level 22 of a ziggurat)
 93062 | Zig:22   | Gained mutation: You have razor-sharp toenails. [potion of beneficial mutation]
 93063 | Zig:22   | ololoev: опасна
 93063 | Zig:22   | ReniFell: +
 93063 | Zig:22   | ololoev: talons: 2
 93063 | Zig:22   | Goblin1989: вижу
 93068 | Zig:22   | ololoev: амуль ветра
 93069 | Zig:22   | ololoev: гуд
 93074 | Zig:22   | ololoev: точнее эира
 93076 | Zig:22   | Goblin1989: !!!
 93076 | Zig:22   | ololoev: но нинужен
 93076 | Zig:22   | ReniFell: Этот рмсль с инаком
 93076 | Zig:22   | Goblin1989: (((
 93081 | Zig:22   | ReniFell: Он бракованный
 93090 | Zig:23   | Entered Level 23 of a ziggurat
 93091 | Zig:23   | Goblin1989: это что еще за мракобесие?
 93091 | Zig:23   | ololoev: да лол
 93091 | Zig:23   | ololoev: ты стен то не пугайся
 93091 | Zig:23   | ololoev: иди давай
 93091 | Zig:23   | ReniFell: what dangers lie here
 93096 | Zig:23   | ololoev: ахахах ох лол!
 93096 | Zig:23   | ReniFell: IVE SEEN THE LIGHT
 93096 | Zig:23   | ololoev: тоже мне dangers
 93097 | Zig:23   | ololoev: лича кастуй и вперед
 93099 | Zig:23   | ReniFell: 3% misscast
 93099 | Zig:23   | ReniFell: ((((
 93100 | Zig:23   | ololoev: так дрейн же
 93100 | Zig:23   | ololoev: сейчас двух штормов снимет
 93103 | Zig:23   | ReniFell: вот поэтому нехуй надевать незнакомые амули
 93104 | Zig:23   | ololoev: да пофиг же
 93105 | Zig:23   | ololoev: набигай сильнее
 93105 | Zig:23   | ololoev: что ты их боишься
 93105 | Zig:23   | ReniFell: Ну, это мог быть посложнее зиг
 93107 | Zig:23   | ololoev: лол, для него сейчас мумии самые сложные
 93107 | Zig:23   | ololoev: пока торнадо не вкачан
 93107 | Zig:23   | ololoev: верх мочи
 93108 | Zig:23   | ololoev: дэв
 93108 | Zig:23   | ololoev: они смайтят издалека
 93112 | Zig:23   | Reached skill level 5 in Air Magic
 93115 | Zig:23   | ReniFell: the ground BURNS in da hellfire!
 93116 | Zig:23   | ololoev: cleansing flame
 93117 | Zig:23   | ololoev: опана
 93117 | Zig:23   | ololoev: ща пойду таверну раскачивать
 93117 | Zig:23   | Goblin1989: ?
 93117 | Zig:23   | ReniFell: THE FIRE SPREADS AMOND THE LIVING
 93117 | Zig:23   | ololoev: blesser fire -> fire -> rF+++ helps!!!
 93117 | Zig:23   | ololoev: *blessed
 93119 | Zig:23   | ololoev: ambigous reference to fire
 93119 | Zig:23   | ReniFell: (
 93153 | Zig:23   | Got a bound lead ring
 93166 | Zig:23   | Identified the ring of Tulips {rCorr rElec} (You found it on level 23 of a ziggurat)
 93170 | Zig:23   | Identified the Papyrus of Displaced Augmentations (You found it on level 23 of a ziggurat)
 93171 | Zig:23   | ReniFell: snove benefical'naya mutaciya
 93171 | Zig:23   | ReniFell: opasnost'
 93173 | Zig:23   | Got a brightly glowing lapis lazuli ring
 93175 | Zig:23   | Identified the ring "Qeh Baet" {Str+4 Int+10} (You found it on level 23 of a ziggurat)
 93176 | Zig:23   | ReniFell: woww
 93182 | Zig:23   | ReniFell: wowowowow
 93213 | Zig:23   | ololoev: ring of fatness
 93213 | Zig:23   | ReniFell: (
 93213 | Zig:23   | ololoev: boohai
 93214 | Zig:23   | Got a twitching bronze ring
 93216 | Zig:23   | Identified the ring "Regares" {rC+ Dex+5 Slay+3} (You found it on level 23 of a ziggurat)
 93217 | Zig:23   | ololoev: OOOOOOW PALEXCHE PARIN'!!
 93217 | Zig:23   | ReniFell: ehehehe
 93219 | Zig:23   | ololoev: INT 58
 93236 | Zig:23   | ololoev: а, это кольцо каратиста
 93236 | Zig:23   | ReniFell: SHAOLIIIIN
 93236 | Zig:23   | ololoev: w x p ninujno
 93236 | Zig:23   | ololoev: L toje
 93241 | Zig:23   | ReniFell: nahui decki?
 93241 | Zig:23   | ololoev: mana
 93241 | Zig:23   | Goblin1989: ты чо?
 93241 | Zig:23   | ReniFell: ya rak prost
 93241 | Zig:23   | ololoev: Wild magic
 93241 | Zig:23   | Goblin1989: кольцо на +6 силы - ввыбросить?
 93241 | Zig:23   | ololoev: yep
 93241 | Zig:23   | Goblin1989: без ножа режешь
 93241 | Zig:23   | Goblin1989: вынесу из зига
 93241 | Zig:23   | ololoev: zach?
 93241 | Zig:23   | ReniFell: nahui amul' etot?
 93241 | Zig:23   | ololoev: L zach?
 93241 | Zig:23   | Goblin1989: если месте не будет - выброшу
 93241 | Zig:23   | ololoev: lol uje net
 93241 | Zig:23   | ReniFell: mesta vsegda net
 93241 | Zig:23   | ololoev: esli menshe 10 slotov svobodno - СХОРОН В ИНВЕНТАРЕ
 93250 | Zig:23   | ololoev: LALIEV THE MINIMALIST
 93251 | Zig:23   | ololoev: of Vehumet
 93251 | Zig:23   | ReniFell: (
 93252 | Zig:23   | ReniFell: of xom
 93252 | Zig:23   | ololoev: ReniFell idi kartinki risovat'
 93252 | Zig:23   | ReniFell: ya ne umeyu risovat'(((
 93253 | Zig:24   | Entered Level 24 of a ziggurat
 93255 | Zig:24   | ReniFell: reeeeesoooooovaaaaaaat'
 93255 | Zig:24   | ololoev: lol tam nikto ne umeet
 93255 | Zig:24   | ololoev: http://doodle.multator.ru/room/crawl
 93260 | Zig:24   | ReniFell: BLYA
 93260 | Zig:24   | ReniFell: CHTO TAM PROISHODIT
 93260 | Zig:24   | Goblin1989: aaaa!!!!!!
 93260 | Zig:24   | ReniFell: o
 93260 | Zig:24   | Goblin1989: сайленс!!!!
 93260 | Zig:24   | ReniFell: sulenc
 93260 | Zig:24   | ReniFell: susulenc
 93260 | Zig:24   | ololoev: лол блин тоже мне проблема
 93260 | Zig:24   | ReniFell: ai ges ve ned sam halp
 93265 | Zig:24   | ololoev: торнадо сколько фейла?
 93270 | Zig:24   | ReniFell: 999
 93270 | Zig:24   | ololoev: многовато
 93270 | Zig:24   | ololoev: да короче пофиг же
 93270 | Zig:24   | ololoev: выманивай монстров из сала и вали
 93270 | Zig:24   | ololoev: как спект откроется - делейд фболл
 93270 | Zig:24   | ololoev: *спектр
 93270 | Zig:24   | ReniFell: vot bi mojno bylo apportat' mobov
 93270 | Zig:24   | Goblin1989: то есть сейчас шторм кастовать на этого?
 93270 | Zig:24   | Goblin1989: или как?
 93275 | Zig:24   | ololoev: штормом мочи
 93277 | Zig:24   | ololoev: сервитора глацем омжно
 93278 | Zig:24   | ololoev: 26 фейла это почти наверняка
 93278 | Zig:24   | ololoev: ну или шотом
 93279 | Zig:24   | ololoev: но мазать будет конечно
 93291 | Zig:24   | Goblin1989: идти искать эту хрень?
 93291 | Zig:24   | ololoev: да тупо беги в центр и все
 93291 | Zig:24   | ololoev: она уже рядом
 93292 | Zig:24   | ololoev: главное от хаос облаков увернись
 93293 | Zig:24   | ololoev: через низ беги
 93294 | Zig:24   | ololoev: под краба забеги вон
 93296 | Zig:24   | ololoev: мочи
 93296 | Zig:24   | ololoev: фболлом
 93296 | Zig:24   | ololoev: о
 93296 | Zig:24   | ololoev: дамнейшн еще есть
 93296 | Zig:24   | ololoev: теперь массу надо
 93296 | Zig:24   | ololoev: в первую очередь
 93346 | Zig:24   | Identified Zutump's Grimoire of the Supportive Glacier
 93364 | Zig:24   | Identified Legg's Almanac of the Excruciating Glacier
 93373 | Zig:24   | Identified the Tome of Subjectivity
 93388 | Zig:24   | Got a scorched leather armour
 93399 | Zig:24   | Identified the +1 leather armour of the Earth {rC++ Dex-2} (You found it on level 24 of a ziggurat)
 93436 | Zig:24   | Goblin1989: фух
 93436 | Zig:24   | Goblin1989: этот этаж был достаточно сложным
 93436 | Zig:24   | ololoev: лол что?
 93436 | Zig:24   | Goblin1989: я аж вспотел немного
 93436 | Zig:24   | ololoev: ты даже хп особо не потерял
 93436 | Zig:24   | Goblin1989: ну
 93436 | Zig:24   | Goblin1989: сайленс
 93436 | Zig:24   | ololoev: сало не так страшно, как кажется
 93436 | Zig:24   | ololoev: тем более у теяб один спектр бл
 93436 | Zig:24   | ololoev: самое веселое это когда после убивания спектра сало не слетает
 93436 | Zig:24   | ololoev: убиваешь еще одного - опять не слетает
 93436 | Zig:24   | ololoev: а у тебя уже негр на подходе
 93436 | Zig:24   | Goblin1989: понятно. :)
 93436 | Zig:24   | Goblin1989: сегодня вообще на редкость удачный день
 93436 | Zig:24   | Goblin1989: я даже всео одного демонспавна убил вроде
 93436 | Zig:24   | Goblin1989: а вторым заспидранил до Л8
 93436 | Zig:24   | Goblin1989: но завтра он умрет, наверное
 93436 | Zig:24   | Goblin1989: если я не прекращу его так терроризировать
 93436 | Zig:24   | Goblin1989: ладненько.
 93436 | Zig:24   | Goblin1989: идти пора
 93436 | Zig:24   | Goblin1989: до завтра!
 93439 | Zig:24   | ololoev: МОЧИ ГОББО!!!
 93456 | Zig:25   | Entered Level 25 of a ziggurat
 93458 | Zig:25   | ololoev: бухай гоббо!!!
 93465 | Zig:25   | ololoev: набигай!
 93467 | Zig:25   | Reached skill level 1 in Invocations
 93468 | Zig:25   | ololoev: больше набигай
 93470 | Zig:25   | ololoev: я кстати нахожу хасту вредной в зигах
 93470 | Zig:25   | Goblin1989: ?
 93470 | Zig:25   | ololoev: мало врогов успевают набигать
 93471 | Zig:25   | ololoev: мана кончается
 93471 | Zig:25   | Goblin1989: хм
 93471 | Zig:25   | Goblin1989: как-то не думал о таком
 93473 | Zig:25   | ololoev: но это только с вехом
 93473 | Zig:25   | ololoev: в хлебом наоборот
 93486 | Zig:25   | Goblin1989: решил инво покачать пока книжка не рассыпется
 93486 | Zig:25   | Goblin1989: больше маны бцдет
 93486 | Zig:25   | Goblin1989: *будет
 93488 | Zig:25   | Reached skill level 5 in Invocations
 93496 | Zig:25   | ololoev: не будет
 93496 | Zig:25   | Goblin1989: это почему? :(
 93497 | Zig:25   | ololoev: для расчета бонуса берется что-то типа max(splcast, evo, invo*0.7)
 93497 | Zig:25   | Goblin1989: такой гениальный план развалился :(
 93498 | Zig:25   | ololoev: так что если у теб скилл инво не в 1.4 раза выше чем эво или кастинг, то не будет
 93510 | Zig:25   | Got a twitching pewter ring
 93518 | Zig:25   | Identified the ring of the Hero {Ice rPois} (You found it on level 25 of a ziggurat)
 93530 | Zig:25   | Got a dazzling ring mail
 93541 | Zig:25   | Identified the +4 ring mail of Experimentation {-Tele rPois MP+9} (You found it on level 25 of a ziggurat)
 93556 | Zig:25   | Got a heavily runed ruby amulet
 93558 | Zig:25   | Identified the amulet "Kyqoum" {Faith MP+9} (You found it on level 25 of a ziggurat)
 93565 | Zig:25   | Identified the Compendium of the Birds and Dark Rites
 93571 | Zig:25   | Got a steaming dagger
 93572 | Zig:25   | Identified the cursed +1 dagger "Beaqae" {flame, *Drain Str+6 Dex+2} (You found it on level 25 of a ziggurat)
 93575 | Zig:25   | Got a vibrating brass ring
 93577 | Zig:25   | Identified the ring "Tedaefou" {MR+ EV+3} (You found it on level 25 of a ziggurat)
 93651 | Zig:26   | Entered Level 26 of a ziggurat
 93675 | Zig:26   | Goblin1989: воу
 93675 | Zig:26   | Goblin1989: 40 урона
 93675 | Zig:26   | ololoev: да пофиг же
 93675 | Zig:26   | ololoev: у тебя еще 145 есть
 93675 | Zig:26   | Goblin1989: это какие так умеют?
 93675 | Zig:26   | ololoev: это хелфаер (дамнейшн)
 93675 | Zig:26   | Goblin1989: Hurl Damnation, эта штука?
 93675 | Zig:26   | ololoev: да
 93675 | Zig:26   | Goblin1989: ок
 93675 | Zig:26   | Goblin1989: они первыми в расход и пойдут
 93705 | Zig:26   | Goblin1989: кстати
 93705 | Zig:26   | Goblin1989: что за спелл некромантии новый в транке?
 93705 | Zig:26   | Goblin1989: 9 вроде даже
 93712 | Zig:26   | Got a crude trident
 93713 | Zig:26   | Identified the cursed +0 trident of Judgement {venom, Dex+4} (You found it on level 26 of a ziggurat)
 93803 | Zig:27   | Entered Level 27 of a ziggurat
 93819 | Zig:27   | Reached skill level 10 in Air Magic
 93823 | Zig:27   | Reached skill level 15 in Transmutations
 93863 | Zig:27   | ololoev: 8й
 93864 | Zig:27   | Goblin1989: ну и что там?
 93864 | Zig:27   | ololoev: заражает монстра а-ля иннерфлейм
 93864 | Zig:27   | ololoev: только при смерти из него вылупляется скарабей
 93864 | Zig:27   | Goblin1989: ух ты
 93864 | Zig:27   | Got a bloodstained scale mail
 93875 | Zig:27   | Identified the +6 scale mail of Okawaru's Condemnation {rElec rF+ rCorr} (You found it on level 27 of a ziggurat)
 93888 | Zig:27   | Got an ancient diamond amulet
 93889 | Zig:27   | Identified the amulet "Nocun" {Harm *Drain Str+4 Int+4} (You found it on level 27 of a ziggurat)
 93891 | Zig:27   | Got a flickering lapis lazuli ring
 93892 | Zig:27   | Identified the ring "Doible" {rC+ MR+} (You found it on level 27 of a ziggurat)
 93894 | Zig:27   | Got a warped glass ring
 93895 | Zig:27   | Identified the ring "Bihohuly" {*Tele rElec Str+4 Slay+3 Stlth-} (You found it on level 27 of a ziggurat)
 93901 | Zig:27   | Identified the Reference Book on Ashen Battle Magic (You found it on level 27 of a ziggurat)
 93903 | Zig:27   | Got an ichor-stained morningstar
 93904 | Zig:27   | Identified the +8 morningstar of Wodevuas {flame, rPois rF+ rC+} (You found it on level 27 of a ziggurat)
 93993 | Depths:1 | You paid a toll of a +8 demon whip to enter a treasure trove
 93994 | Trove    | Entered a treasure trove
 94004 | Trove    | Got a pair of crude boots
 94006 | Trove    | Got a twitching steel ring
 94018 | Trove    | Got an ancient graven amulet
 94024 | Trove    | Got a pair of dazzling boots
 94047 | Depths:1 | Identified the +1 pair of boots "Kiejoing" {MR++} (You found it in a treasure trove)
 94057 | Depths:1 | Identified the -6 pair of boots of Trial and Error {MR+ Str+4} (You found it in a treasure trove)
 94074 | Depths:1 | Identified the amulet "Gekh" {Gourm Fragile rC+ rN+ Dex+3} (You found it in a treasure trove)
 94078 | Depths:1 | Identified the ring "Vyelug" {SustAt rN+++ Str+6 Int-2 Dex-3} (You found it in a treasure trove)
 94110 | Depths:1 | Goblin1989: ну ок
 94110 | Depths:1 | Goblin1989: как-то так
 94110 | Depths:1 | Goblin1989: что, второй зиг или в слаймы рвануть?
 94372 | Vaults:5 | Entered Level 5 of the Vaults
 94373 | Vaults:5 | Reached skill level 15 in Evocations
 94394 | Vaults:5 | Noticed Mesmaeker13's ghost (veteran DsGl)
 94401 | Vaults:5 | Killed Mesmaeker13's ghost
 94401 | Vaults:5 | Killed an ancient lich
 95025 | Vaults:5 | ololoev: пока поделай волты и слаймы
 95028 | Vaults:5 | ololoev: может тут лутец будет хороший
 95029 | Vaults:5 | ololoev: а потом можно и во второй зиг
 95030 | Vaults:5 | Goblin1989: уже, уже
 95031 | Vaults:5 | ololoev: в идеале найти ОЦПА и вукад, вкачать армор и эво
 95031 | Vaults:5 | ololoev: и перекатиться к хлебу
 95033 | Vaults:5 | Goblin1989: у меня еще торнадо с большим файлом
 95054 | Vaults:4 | ololoev: да оно быстро вкачается
 95252 | Vaults:5 | ololoev: кстати
 95252 | Vaults:5 | ololoev: начинай армор вкачивать
 95252 | Vaults:5 | Goblin1989: надо шилдинг до 15 докачать
 95252 | Vaults:5 | Goblin1989: потом на армор переключу
 95394 | Vaults:5 | ololoev: по идее с твоими статами я думаю в ОЦПА с 27 армора и магических скиллов ты должен любой спелл с 1-2% фейлом кастовать
 95572 | Vaults:5 | ololoev: вот кстати одна проблема
 95574 | Vaults:5 | ololoev: если копье выкинуть, у тебя силы мало станет
 95575 | Vaults:5 | ololoev: оцпа давить может начать
 95575 | Vaults:5 | ololoev: так что надо будет еще силы добирать
 95575 | Vaults:5 | Goblin1989: хех
 95575 | Vaults:5 | Goblin1989: а колечко ты забыл?
 95575 | Vaults:5 | Goblin1989: на +6 силы
 95575 | Vaults:5 | Goblin1989: я его вынес ведь
 95575 | Vaults:5 | Goblin1989: сменю на визарди колечко и все
 95575 | Vaults:5 | ololoev: the ring of Oteohex {+Blink Str+6 Int+3 Stlth+}?
 95575 | Vaults:5 | ololoev: тогда без визардрия останешься
 95575 | Vaults:5 | ololoev: тоже фейл вырастет
 95575 | Vaults:5 | Goblin1989: не сильно
 95575 | Vaults:5 | ololoev: на самом деле у тебя щит и клока ни о чем, так что вероятно что-то найдешь еще получше
 95575 | Vaults:5 | ololoev: пока будешь ОЦПА искать
 96171 | Vaults:5 | Found Ascho's Food Shoppe.
 96231 | Vaults:5 | Got a silver rune of Zot
 96747 | Depths:1 | ololoev: рЦ одна пипка теперь только в личе?
 96747 | Depths:1 | ololoev: кстати в трову тебя пустили?
 96747 | Depths:1 | Goblin1989: броню с ркор одел просто
 96747 | Depths:1 | Goblin1989: даъ
 96747 | Depths:1 | ololoev: да нинужен ркорр
 96747 | Depths:1 | Goblin1989: там хрень была
 96747 | Depths:1 | ololoev: поа что
 96747 | Depths:1 | Goblin1989: ок
 96750 | Depths:1 | ololoev: потом как разжиреешь - наденешь что-нибудь
 96867 | D:13     | ololoev: тебя издалека коррозией почти нигде херануть не могут
 97062 | Lair:7   | ololoev: а вот холодом - на раз
 97083 | Lair:8   | Goblin1989: а я-то думаю почему у меня слаймы не открыты
 97083 | Lair:8   | ololoev: а, ты в слаймы как раз
 97084 | Lair:8   | ololoev: там может и полезен ркорр, но только не с готовым штормом
 97385 | Lair:8   | Found a runed door.
 98207 | Lair:8   | Found a runed door.
 98207 | Lair:8   | Found a viscous altar of Jiyva.
 98211 | Lair:8   | Found a staircase to the Slime Pits.
 98239 | Slime:1  | Entered Level 1 of the Pits of Slime
 98247 | Slime:2  | Reached skill level 15 in Shields
 98284 | Slime:2  | ololoev: палку эвокай
 98358 | Slime:2  | ololoev: чтобы без маны не сидеть
 98373 | Slime:2  | Goblin1989: палка в дэпсах
 98373 | Slime:2  | Goblin1989: не хочу идти за ней
 98863 | Slime:6  | Entered Level 6 of the Pits of Slime
 98864 | Slime:6  | Goblin1989: шестые слаймы
 98864 | Slime:6  | ololoev: МОЧИИИ!!
 98866 | Slime:6  | ololoev: и набигай
 98876 | Slime:6  | Noticed the Royal Jelly
 98876 | Slime:6  | Goblin1989: так-так
 98876 | Slime:6  | Goblin1989: желейка
 98876 | Slime:6  | Goblin1989: 49 маны
 98876 | Slime:6  | ololoev: да ло
 98876 | Slime:6  | ololoev: л
 98876 | Slime:6  | Goblin1989: посмотрим, хватит ли
 98876 | Slime:6  | ololoev: мочи
 98877 | Slime:6  | ololoev: 3-4 шторма и все
 98878 | Slime:6  | Killed the Royal Jelly
 98881 | Slime:6  | Goblin1989: 3 шторма потребовалось
 98881 | Slime:6  | Goblin1989: я всё еще не верю в то какой он крутой
 98900 | Slime:6  | Goblin1989: пожалуй, следующий мой маг будет GrFE
 98944 | Slime:6  | ololoev: почему именно гаргулья?
 98944 | Slime:6  | ololoev: у нее хп мало
 98944 | Slime:6  | ololoev: без особых бонусов
 98944 | Slime:6  | ololoev: хотя если не для зигов то норм бонусы
 98944 | Slime:6  | Goblin1989: мне кажется будет немного полезно получать анальную боль из-зи низкого EV
 98944 | Slime:6  | Goblin1989: естественно она не для зига
 98944 | Slime:6  | Goblin1989: зиги чтобы ВК-шные дебилы не хвастались "а я вот столько зигов прошел дома таким-то персонажем, делая бэкапы перед каждым новым уровнем чтобы не умереть"
 98944 | Slime:6  | Goblin1989: заебали они меня
 98947 | Slime:6  | Goblin1989: ну и чтобы в механике игры немного разобраться
 99152 | Slime:6  | Got a glittering platinum ring
 99157 | Slime:6  | Identified the ring "Ditt" {*Tele +Inv} (You found it on level 6 of the Pits of Slime)
 99171 | Slime:6  | Identified the Disquisition on Earthen Fire
 99183 | Slime:6  | Identified the Catalogue of Calling and the Blaze
 99194 | Slime:6  | Identified the Tome of Doomed Earth
 99212 | Slime:6  | Got a slimy rune of Zot
 99228 | Slime:6  | Got a polished broad axe
 99229 | Slime:6  | Identified the +2 broad axe "Fueblox" {chop, rPois rF++ MP-9} (You found it on level 6 of the Pits of Slime)
 99234 | Slime:6  | Got an encrusted rapier
 99238 | Slime:6  | Identified the +4 rapier of Responsibility {speed, rPois rF- rN+ Stlth+} (You found it on level 6 of the Pits of Slime)
 99797 | Depths:1 | Bought a manual of Conjurations for 2318 gold pieces
 99797 | Depths:1 | Goblin1989: ладно, завтра продолжим
 99797 | Depths:1 | Goblin1989: удачи всем!
 99972 | Zot:1    | Entered Level 1 of the Realm of Zot
100057 | Zot:1    | Reached skill level 10 in Armour
100341 | Zot:1    | ololoev: yo gobbo!
100342 | Zot:1    | Goblin1989: приветы
100342 | Zot:1    | Goblin1989: я только что застрелился в 0.17 нечаянно
100342 | Zot:1    | ololoev: lol
100342 | Zot:1    | Goblin1989: только ссылки на него нет еще пока
100410 | Zot:1    | ololoev: !lg goblin1989 0.17 -log
100410 | Zot:1    | beem: 458. Goblin1989, XL15 DsGl, T:25456: http://crawl.xtahua.com/crawl/morgue/Goblin1989/morgue-Goblin1989-20160718-070505.txt
100410 | Zot:1    | ololoev: этот?
100410 | Zot:1    | ololoev: заиннерфлеймился?
100410 | Zot:1    | Goblin1989: да
100410 | Zot:1    | Goblin1989: ну и фиг с ним
100410 | Zot:1    | Goblin1989: хотя нет
100410 | Zot:1    | Goblin1989: жалко
102385 | Zot:3    | Reached skill level 15 in Air Magic
102843 | Zot:3    | Found a glowing golden altar of the Shining One.
103844 | Zot:3    | Got an ichor-stained spear
103845 | Zot:3    | Identified the +8 spear "Niolot" {pierce, Dex+2} (You found it on level 3 of the Realm of Zot)
104044 | Zot:4    | Reached skill level 27 in Conjurations
104260 | Zot:4    | ololoev: торнадо робит уже?
104272 | Zot:4    | Goblin1989: да
104290 | Zot:4    | ololoev: сделай дамп
104290 | Zot:4    | Goblin1989: afk минут на 15-20
104290 | Zot:4    | ololoev: можно крипту сделать и идти второй зиг чистить.
104290 | Zot:4    | Goblin1989: зот 4 дочищу и в крипт пойду
106200 | Crypt:1  | Entered Level 1 of the Crypt
106582 | Crypt:1  | Noticed Sojobo
106585 | Crypt:1  | Killed Sojobo
108926 | Crypt:3  | Entered Level 3 of the Crypt
109029 | Crypt:3  | Found a staircase to the Tomb.
109983 | Crypt:3  | Noticed an ancient lich
109984 | Crypt:3  | Killed an ancient lich
110532 | Crypt:3  | Identified the Disquisition on Earth
110535 | Crypt:3  | Identified the Papyrus of Dark Magic
111454 | Zig:1    | Entered Level 1 of a ziggurat
111475 | Zig:2    | Entered Level 2 of a ziggurat
111504 | Zig:3    | Entered Level 3 of a ziggurat
111517 | Zig:3    | Got an ichor-stained falchion
111534 | Zig:4    | Entered Level 4 of a ziggurat
111579 | Zig:4    | Got a polished flail
111580 | Zig:4    | Identified the cursed +2 flail "Jadaraf" {crush, rPois Int+2} (You found it on level 4 of a ziggurat)
111592 | Zig:5    | Entered Level 5 of a ziggurat
111625 | Zig:5    | Identified a +2 rod of ignition (14/14) (You found it on level 5 of a ziggurat)
111629 | Zig:6    | Entered Level 6 of a ziggurat
111741 | Zig:7    | Entered Level 7 of a ziggurat
111772 | Zig:7    | Got a bone great sword
111779 | Zig:8    | Entered Level 8 of a ziggurat
111796 | Zig:8    | jacquesderrida: Геблог69
111796 | Zig:8    | jacquesderrida: https://www.eventbrite.com/e/roguelike-celebration-tickets-26125753833
111796 | Zig:8    | jacquesderrida: Nicholas Feinberg - Dungeon Crawl: Stone Soup
111796 | Zig:8    | jacquesderrida: Надо намиру сказать, что плизинг фунгус там будет
111796 | Zig:8    | jacquesderrida: На следующий день в новостях расскажут про резню степлером
111796 | Zig:8    | jacquesderrida: http://pleasingfungus.com/images/picture_small.jpg
111796 | Zig:8    | jacquesderrida: Eyyyyyyyyyyyyyyyyyyyyyyyyy
111796 | Zig:8    | ololoev: да лан, что, гриб разрабатывал мануфакторию?
111796 | Zig:8    | jacquesderrida: DA
111796 | Zig:8    | ololoev: мое мнение о нем резко возросло
111796 | Zig:8    | jacquesderrida: ДА ЭТО ИЗ ГУГАЛА
111796 | Zig:8    | jacquesderrida: ЭТО ВРОДЬ РАЗРАБОТЧИК ТАК НАЗЫВАЕТСЯ
111796 | Zig:8    | jacquesderrida: :D :D :D
111796 | Zig:8    | jacquesderrida: D: D: D:
111796 | Zig:8    | jacquesderrida: С т у д и я . . .
111796 | Zig:8    | ololoev: хмм
111796 | Zig:8    | jacquesderrida: Да не
111796 | Zig:8    | Goblin1989: здрась, дядь жень
111803 | Zig:8    | jacquesderrida: Гугол прочно ассоциирует имя с этим самцом
111803 | Zig:8    | jacquesderrida: ето плизер.........
111803 | Zig:8    | ololoev: Nicholas Feinberg
111804 | Zig:8    | ololoev: это он же
111888 | Zig:9    | Entered Level 9 of a ziggurat
111895 | Zig:9    | jacquesderrida: NU
111906 | Zig:9    | Identified Likhicib's Handbook of the Supportive Rocks
111916 | Zig:9    | Identified Sif Muna's Disquisition on Floating Combat Magic
111930 | Zig:10   | Entered Level 10 of a ziggurat
111937 | Zig:10   | Reached skill level 15 in Dodging
111940 | Zig:10   | Reached skill level 15 in Armour
111959 | Zig:10   | Got a bronze scale mail
111970 | Zig:10   | Identified the +1 scale mail of Kutiuf {MP+9 Str+3 Stlth+} (You found it on level 10 of a ziggurat)
111982 | Zig:10   | Got a warped golden ring
111983 | Zig:10   | Identified the ring "Bebar" {rElec rF+ rN+ Stlth+} (You found it on level 10 of a ziggurat)
111985 | Zig:10   | Got a brightly glowing flail
111986 | Zig:10   | Identified the +5 flail of Eternal Vigilance {freeze, *Confuse Dex+5} (You found it on level 10 of a ziggurat)
112024 | Zig:11   | Entered Level 11 of a ziggurat
112111 | Zig:12   | Entered Level 12 of a ziggurat
112111 | Zig:12   | Noticed Galewind's ghost (veteran SpEn)
112116 | Zig:12   | Killed Galewind's ghost
112161 | Zig:12   | Identified the Handbook of the Creative Oath
112183 | Zig:12   | Goblin1989: ololo!!!!!
112280 | Zig:12   | ololoev: норм
112280 | Zig:12   | Goblin1989: -5 интеллекта, правда
112281 | Zig:12   | ololoev: пондер не выкидвыай пока
112281 | Zig:12   | ololoev: кстати с пондером ты только ркорр теряешь?
112281 | Zig:12   | ololoev: и рмут?
112281 | Zig:12   | Goblin1989: да
112281 | Zig:12   | ololoev: тогда алхимик нинужен
112281 | Zig:12   | Goblin1989: пока переодеть, наверное
112281 | Zig:12   | Goblin1989: нужен
112281 | Zig:12   | ololoev: да и вообще переодеть
112321 | Zig:13   | Entered Level 13 of a ziggurat
112322 | Zig:13   | ololoev: разве чтобы не задрейниться от звезд абиссовых
112362 | Zig:13   | Got a warped blowgun
112363 | Zig:13   | Identified the cursed +1 blowgun "Ahodylix" {speed, *Drain rC++ Dex+4} (You found it on level 13 of a ziggurat)
112369 | Zig:14   | Entered Level 14 of a ziggurat
112406 | Zig:14   | Got a brightly glowing lead ring
112407 | Zig:14   | Identified the ring of Xigheink {EV+3 Int+3} (You found it on level 14 of a ziggurat)
112412 | Zig:14   | Got an ancient bone amulet
112413 | Zig:14   | Identified the amulet of Starshine {Dismiss Str+3 SInv} (You found it on level 14 of a ziggurat)
112418 | Zig:15   | Entered Level 15 of a ziggurat
112458 | Zig:15   | Got a blackened flail
112459 | Zig:15   | Identified the cursed +1 flail of the Moth {crush, rElec MR- Str+4} (You found it on level 15 of a ziggurat)
112496 | Zig:16   | Entered Level 16 of a ziggurat
112604 | Zig:16   | Identified the Grimoire of Clay and Snow
112652 | Zig:16   | Got a glittering ivory ring
112653 | Zig:16   | Identified the ring "Hypruim" {*Corrode rElec EV+2 SInv} (You found it on level 16 of a ziggurat)
112660 | Zig:17   | Entered Level 17 of a ziggurat
112733 | Zig:17   | Got a scorched lead ring
112734 | Zig:17   | Identified the ring "Quleroux" {rF+ MP+9 AC+1 SInv} (You found it on level 17 of a ziggurat)
112747 | Zig:17   | Got a heavily runed pewter ring
112846 | Zig:18   | Entered Level 18 of a ziggurat
113121 | Zig:18   | Got a clouded steel amulet
113191 | Zig:18   | Identified the amulet of Ekiudi {Reflect +Fly MR- Str+3 SH+2} (You found it on level 18 of a ziggurat)
113192 | Zig:18   | Identified the ring "Eskilah" {rElec rC+ Int-3 Dex+2} (You found it on level 17 of a ziggurat)
113200 | Zig:19   | Entered Level 19 of a ziggurat
113205 | Zig:19   | Reached skill level 15 in Fighting
113241 | Zig:19   | Got a vibrating iron ring
113242 | Zig:19   | Identified the ring "Xuikhlady" {MP+9 Int+3} (You found it on level 19 of a ziggurat)
113262 | Zig:19   | Identified the Incunabulum of Enthralling Orientation
113304 | Zig:20   | Entered Level 20 of a ziggurat
113346 | Zig:20   | Noticed Wemeusm the pandemonium lord
113347 | Zig:20   | Killed Wemeusm the pandemonium lord
113359 | Zig:20   | Identified the Guide on Conjuration and Dislocation
113366 | Zig:20   | Got a scintillating lead ring
113367 | Zig:20   | Identified the ring of Tiponi Fifu {rF+ Str+3} (You found it on level 20 of a ziggurat)
113379 | Zig:20   | Identified Mumim's Almanac of Bewitchment
113444 | Zig:20   | Got an ancient plate armour
113455 | Zig:20   | Identified the cursed +1 plate armour of Humet {Dex+6 Stlth+} (You found it on level 20 of a ziggurat)
113470 | Zig:20   | Got a polished rapier
113472 | Zig:20   | Identified the +8 rapier "Inaeblit" {pierce, rElec rPois Str-2 SInv} (You found it on level 20 of a ziggurat)
113478 | Zig:20   | Got a transparent war axe
113479 | Zig:20   | Identified the +7 war axe of Dissent {elec, rPois rF+ Int+4} (You found it on level 20 of a ziggurat)
113484 | Zig:20   | Got a transparent robe
113495 | Zig:20   | Identified the +1 robe of the Hippo {rF+ Str+4} (You found it on level 20 of a ziggurat)
113509 | Zig:21   | Entered Level 21 of a ziggurat
113590 | Zig:21   | Identified Codadei's Almanac of the Snowflakes and Creation
113628 | Zig:22   | Entered Level 22 of a ziggurat
113772 | Zig:22   | Got a transparent plate armour
113783 | Zig:22   | Identified the +3 plate armour "Falem" {Str+3} (You found it on level 22 of a ziggurat)
113802 | Zig:22   | Got a slimy leather armour
113813 | Zig:22   | Identified the cursed +0 leather armour "Diaq" {rC++ rN+ Int-4 SInv} (You found it on level 22 of a ziggurat)
113844 | Zig:23   | Entered Level 23 of a ziggurat
113857 | Zig:23   | ololoev: норм месиво
113857 | Zig:23   | ololoev: МОЧИ!
113857 | Zig:23   | Goblin1989: не убьют?
113857 | Zig:23   | ololoev: лол
113859 | Zig:23   | Goblin1989: хм
113859 | Zig:23   | Goblin1989: а чего я испугался?
113859 | Zig:23   | Goblin1989: странно....
113859 | Zig:23   | Goblin1989: спасибо!
113861 | Zig:23   | ololoev: тебе сейчас стоит бояться только сайлент этажа, этажа с панлордами и немного этажа с кучей ООФов
113861 | Zig:23   | ololoev: хотя не, оофов можно не бояться
113863 | Zig:23   | ololoev: ты впритык можешь не кастовать, их торнадой смоет все равно
113863 | Zig:23   | Goblin1989: просто меня почему-то за один ход окружили
113863 | Zig:23   | ololoev: это фигня
113863 | Zig:23   | ololoev: торнадо включаешь и их смывает
113863 | Zig:23   | Goblin1989: а почему это происходит?
113865 | Zig:23   | ololoev: спелл blink others close, или как-то так
113867 | Zig:23   | ololoev: дракониан варпер или как-то так умеет
113867 | Zig:23   | Goblin1989: понял
113879 | Zig:23   | ololoev: во
113881 | Zig:23   | ololoev: дракониан шифтер
113881 | Zig:23   | ololoev: Blink Allies Encircling
113881 | Zig:23   | Goblin1989: хорошо
113881 | Zig:23   | Goblin1989: этаж еще прошел
113881 | Zig:23   | Goblin1989: остальное на потом оставлю
113881 | Zig:23   | Goblin1989: идти минут через 10 нужно по делам
113995 | Zig:24   | Entered Level 24 of a ziggurat
114017 | Zig:24   | Noticed a juggernaut
114020 | Zig:24   | Killed a juggernaut
114021 | Zig:24   | Noticed a juggernaut
114022 | Zig:24   | Killed a juggernaut
114138 | Zig:24   | Identified the Compendium of the Warrior-Mage (You found it on level 24 of a ziggurat)
114146 | Zig:24   | Got a spiked ring mail
114157 | Zig:24   | Identified the +4 ring mail "Begav" {rF+ Int+2} (You found it on level 24 of a ziggurat)
114169 | Zig:24   | Identified the Reference Book on Boosting Translocation
114203 | Zig:24   | Got a shimmering leather armour
114214 | Zig:24   | Identified the cursed +1 leather armour of Piph {-Cast rElec rN+ Dex+7} (You found it on level 24 of a ziggurat)
114233 | Zig:25   | Entered Level 25 of a ziggurat
114286 | Zig:25   | Got a sparkling platinum ring
114287 | Zig:25   | Identified the ring of the Ten Spirits {Dex+3 Slay+5} (You found it on level 25 of a ziggurat)
114294 | Zig:25   | Identified the Grimoire of Ashen Darkness
114316 | Zig:25   | Got a transparent iron ring
114317 | Zig:25   | Identified the ring "Ythryemump" {Wiz *Corrode +Inv Str+4 Int+5} (You found it on level 25 of a ziggurat)
114324 | Zig:25   | Got a crude scale mail
114335 | Zig:25   | Identified the +5 scale mail of Follow the Leader {rF+} (You found it on level 25 of a ziggurat)
114352 | Zig:25   | Identified Apenixt's Collected Works on Boosting Ice
114389 | Zig:26   | Entered Level 26 of a ziggurat
114412 | Zig:26   | Noticed an ancient lich
114413 | Zig:26   | Killed an ancient lich
114415 | Zig:26   | Killed an ancient lich
114424 | Zig:26   | Killed an ancient lich
114427 | Zig:26   | Noticed an ancient lich
114427 | Zig:26   | Killed an ancient lich
114457 | Zig:26   | Identified the Reference Book on Boosting Darkness
114475 | Zig:26   | Got a shimmering ruby amulet
114476 | Zig:26   | Identified the amulet "Noteeruf" {+Rage rF+ rN+ Int+3} (You found it on level 26 of a ziggurat)
114485 | Zig:26   | Got a pitted long sword
114487 | Zig:26   | Identified the +5 long sword of Qiclaw {freeze, Str+2 Dex+4} (You found it on level 26 of a ziggurat)
114490 | Zig:26   | Got an ichor-stained morningstar
114491 | Zig:26   | Identified the cursed +1 morningstar of Qorhyito {drain, rPois Int+2} (You found it on level 26 of a ziggurat)
114576 | Zig:27   | Entered Level 27 of a ziggurat
114585 | Zig:27   | Noticed a juggernaut
114589 | Zig:27   | Killed a juggernaut
114593 | Zig:27   | Noticed a juggernaut
114594 | Zig:27   | Noticed a juggernaut
114596 | Zig:27   | Killed a juggernaut
114598 | Zig:27   | Killed a juggernaut
114600 | Zig:27   | Noticed a juggernaut
114601 | Zig:27   | Killed a juggernaut
114728 | Zig:27   | Identified the Tome of Aerial Translocation (You found it on level 27 of a ziggurat)
114909 | Snake:1  | Bought a legendary deck of changes for 520 gold pieces
114909 | Snake:1  | Bought a wand of acid (7/15) for 440 gold pieces
115104 | Zig:1    | Entered Level 1 of a ziggurat
115121 | Zig:2    | Entered Level 2 of a ziggurat
115137 | Zig:3    | Entered Level 3 of a ziggurat
115140 | Zig:3    | Noticed a greater mummy
115143 | Zig:3    | Killed a greater mummy
115152 | Zig:3    | Identified the Compendium of Supportive Venom
115212 | Zig:4    | Entered Level 4 of a ziggurat
115394 | Zig:5    | Entered Level 5 of a ziggurat
115520 | Zig:6    | Entered Level 6 of a ziggurat
115650 | Zig:6    | Got a warped ring mail
115661 | Zig:6    | Identified the cursed +1 ring mail "Tiudwuan" {rCorr} (You found it on level 6 of a ziggurat)
115687 | Zig:6    | Identified the Volume of Flying Good Luck
115698 | Zig:7    | Entered Level 7 of a ziggurat
115847 | Zig:8    | Entered Level 8 of a ziggurat
115899 | Zig:9    | Entered Level 9 of a ziggurat
116169 | Zig:9    | Got a heavily runed golden ring
116179 | Zig:9    | Identified Sif Muna's Almanac of Nocuous Evil Magic
116205 | Zig:10   | Entered Level 10 of a ziggurat
116348 | Zig:11   | Entered Level 11 of a ziggurat
116467 | Zig:11   | Got a twisted scimitar
116469 | Zig:11   | Identified the +7 scimitar of Untruth {slice, rPois} (You found it on level 11 of a ziggurat)
116477 | Zig:11   | Identified the Tome of Assistive Bewitchment
116496 | Zig:12   | Entered Level 12 of a ziggurat
116538 | Zig:12   | Identified the Reference Book on Ashen Curses
116549 | Zig:12   | Learned a level 6 spell: Darkness
116604 | Zig:12   | Reached skill level 5 in Hexes
116612 | Zig:12   | Got a faintly glowing rapier
116619 | Zig:12   | Got a steaming blowgun
116621 | Zig:12   | Identified the cursed +1 blowgun "Lifebane" {evade, MR+ Str+3} (You found it on level 12 of a ziggurat)
116623 | Zig:12   | Identified the +6 rapier of Quantum Leap {freeze, rPois Int+3 Dex+2} (You found it on level 12 of a ziggurat)
116632 | Zig:13   | Entered Level 13 of a ziggurat
116643 | Zig:13   | Noticed a greater mummy
116645 | Zig:13   | Killed a greater mummy
116645 | Zig:13   | Killed a greater mummy
116646 | Zig:13   | Noticed a greater mummy
116647 | Zig:13   | Noticed a greater mummy
116648 | Zig:13   | Noticed a greater mummy
116649 | Zig:13   | Killed a greater mummy
116649 | Zig:13   | Killed a greater mummy
116650 | Zig:13   | Killed a greater mummy
116651 | Zig:13   | Killed a greater mummy
116655 | Zig:13   | Noticed a greater mummy
116656 | Zig:13   | Killed a greater mummy
116659 | Zig:13   | Killed a greater mummy
116659 | Zig:13   | Reached skill level 27 in Fire Magic
116664 | Zig:13   | Noticed a greater mummy
116664 | Zig:13   | Killed a greater mummy
116784 | Zig:13   | Got a heavily runed diamond amulet
116785 | Zig:13   | Identified the amulet "Qihiac" {Faith Fragile rF+ Str+7 Dex+2} (You found it on level 13 of a ziggurat)
116786 | Zig:13   | Identified the ring "Soatez" {MP+9 Int+7 Slay-4} (You found it on level 9 of a ziggurat)
116798 | Zig:13   | Identified Ottimala's Compendium of Flamy Poison
116804 | Zig:13   | Got a faintly glowing ring mail
116815 | Zig:13   | Identified the +4 ring mail of Spite {+Inv Int+2} (You found it on level 13 of a ziggurat)
116873 | Zig:14   | Entered Level 14 of a ziggurat
116891 | Zig:14   | Reached skill level 1 in Throwing
116901 | Zig:14   | Reached skill level 1 in Staves
117086 | Zig:15   | Entered Level 15 of a ziggurat
117116 | Zig:15   | Noticed an ancient lich
117117 | Zig:15   | Killed an ancient lich
117175 | Zig:15   | Got an ivory rapier
117176 | Zig:15   | Identified the +5 rapier of Yredelemnul {vamp, rElec Dex+5 SInv} (You found it on level 15 of a ziggurat)
117196 | Zig:16   | Entered Level 16 of a ziggurat
117219 | Zig:16   | Reached skill level 5 in Throwing
117272 | Zig:16   | Noticed Meng the pandemonium lord
117278 | Zig:16   | Killed Meng the pandemonium lord
117355 | Zig:16   | Identified Pissirchu's Compendium of Earthen Feathers
117395 | Zig:17   | Entered Level 17 of a ziggurat
117404 | Zig:17   | Reached skill level 27 in Air Magic
117640 | Zig:17   | Identified Sif Muna's Grimoire of Freezing Hexes
117675 | Zig:17   | Got a blackened spear
117676 | Zig:17   | Identified the +2 spear of Dagy {venom, Str+4} (You found it on level 17 of a ziggurat)
117680 | Zig:17   | Got a slimy plate armour
117691 | Zig:17   | Identified the +6 plate armour of the Dwarven Hall {rElec} (You found it on level 17 of a ziggurat)
117715 | Zig:17   | Got a vibrating pewter ring
117739 | Zig:17   | Identified the ring "Honosuo" {rC- Dex+5 Stlth-} (You found it on level 17 of a ziggurat)
117744 | Zig:18   | Entered Level 18 of a ziggurat
117762 | Zig:18   | Noticed a juggernaut
117766 | Zig:18   | Killed a juggernaut
117767 | Zig:18   | Noticed a juggernaut
117768 | Zig:18   | Noticed a juggernaut
117769 | Zig:18   | Killed a juggernaut
117771 | Zig:18   | Killed a juggernaut
117888 | Zig:19   | Entered Level 19 of a ziggurat
117910 | Zig:19   | Reached skill level 27 in Evocations
117920 | Zig:19   | Reached skill level 10 in Throwing
117966 | Zig:19   | Identified the Guide on the Nocuous Volcanoes
118256 | Zig:20   | Entered Level 20 of a ziggurat
118318 | Zig:20   | Got an ancient jade ring
118320 | Zig:20   | Got a crude sapphire amulet
118346 | Zig:20   | Identified the amulet "Ebofusih" {rF+ Regen+ Dex+3} (You found it on level 20 of a ziggurat)
118351 | Zig:20   | Identified the ring of Teonur {Wiz *Contam rC+++ Dex+9} (You found it on level 20 of a ziggurat)
118367 | Zig:20   | Got a fine war axe
118368 | Zig:20   | Identified the +8 war axe "Spider's Curse" {chop, Int+2} (You found it on level 20 of a ziggurat)
118609 | Zig:21   | Entered Level 21 of a ziggurat
118808 | Zig:21   | Got an encrusted chain mail
118819 | Zig:21   | Identified the +8 chain mail "Qeggut" {Stlth+} (You found it on level 21 of a ziggurat)
118831 | Zig:21   | Got a slimy flail
118833 | Zig:21   | Identified the +7 flail "Irphoil" {freeze, rPois rC+ MP+9} (You found it on level 21 of a ziggurat)
118840 | Zig:21   | Identified the Compendium of Sinister Translocation (You found it on level 21 of a ziggurat)
118878 | Zig:21   | Got a coiled pewter amulet
118879 | Zig:21   | Identified the amulet of Day {Harm *Drain +Inv Str+6} (You found it on level 21 of a ziggurat)
118889 | Zig:21   | ololoev: yo gob!
118889 | Zig:21   | Goblin1989: yo
118889 | Zig:21   | Goblin1989: у меня тут этаж с сайленсом был )))
118889 | Zig:21   | ololoev: ну и как?
118889 | Zig:21   | Goblin1989: только я так и не понял как я там сайленсвызывателя убил
118908 | Zig:22   | Entered Level 22 of a ziggurat
118921 | Zig:22   | ololoev: что, неужто не нашел еще вукад?
118923 | Zig:22   | Noticed Gafi Tus the pandemonium lord
118924 | Zig:22   | Goblin1989: неа
118924 | Zig:22   | Goblin1989: посмотри
118924 | Zig:22   | Goblin1989: как он там пишется?
118925 | Zig:22   | ololoev: Staff of Wucad Mu
118926 | Zig:22   | Goblin1989: неа
118926 | Zig:22   | Goblin1989: не нашел
118926 | Zig:22   | Goblin1989: зато нашел кучу разного барахлаъ
118927 | Zig:22   | Goblin1989: я колечко кстати поменял, у меня теперь 62 инт )))
118927 | Zig:22   | Killed Gafi Tus the pandemonium lord
118929 | Zig:22   | Noticed Zoroach the pandemonium lord
118931 | Zig:22   | Noticed Vekk the pandemonium lord
118931 | Zig:22   | Noticed Paocum the pandemonium lord
118931 | Zig:22   | Goblin1989: так
118931 | Zig:22   | Goblin1989: слишком много панлордов
118931 | Zig:22   | ololoev: силы маловато конечно для оцпа будет
118931 | Zig:22   | ololoev: да норм, мочи!
118931 | Zig:22   | ololoev: слишком много это 15 штук в раидусе 4 тайлов
118931 | Zig:22   | Goblin1989: а если мана кончится?
118931 | Zig:22   | ololoev: не кончитс
118931 | Zig:22   | Killed Utos Upnoe the pandemonium lord
118932 | Zig:22   | ololoev: если ончится - ублинкаешься
118933 | Zig:22   | Killed Zoroach the pandemonium lord
118933 | Zig:22   | Killed Paocum the pandemonium lord
118934 | Zig:22   | Noticed Elitol the pandemonium lord
118934 | Zig:22   | Noticed Lom Buse the pandemonium lord
118934 | Zig:22   | Goblin1989: упс
118934 | Zig:22   | Goblin1989: сайленс
118934 | Zig:22   | ololoev: не сцы, сало упадет поа он идти будет
118934 | Zig:22   | Goblin1989: нарисовался
118934 | Zig:22   | ololoev: это сало от лорда
118934 | Zig:22   | ololoev: это не спетр
118934 | Zig:22   | Goblin1989: аааа
118934 | Zig:22   | ololoev: *спектр
118934 | Zig:22   | Goblin1989: так в прошлый раз так же было
118935 | Zig:22   | Killed Vekk the pandemonium lord
118936 | Zig:22   | Killed Lom Buse the pandemonium lord
118938 | Zig:22   | Killed Elitol the pandemonium lord
118940 | Zig:22   | ololoev: набигай
118940 | Zig:22   | Noticed Toelas the pandemonium lord
118940 | Zig:22   | Noticed Facru the pandemonium lord
118941 | Zig:22   | ololoev: а то маны мало
118941 | Zig:22   | Killed Facru the pandemonium lord
118942 | Zig:22   | Noticed Coenehe the pandemonium lord
118942 | Zig:22   | Killed Toelas the pandemonium lord
118942 | Zig:22   | Killed Wuogri the pandemonium lord
118943 | Zig:22   | Noticed Ifovvaokk the pandemonium lord
118945 | Zig:22   | ololoev: кстати бойся хаос облаков
118945 | Zig:22   | ololoev: торнаду вруби на всякий
118945 | Zig:22   | Goblin1989: теперь я думаю стоило бы отступить сперва
118945 | Zig:22   | ololoev: не, торнадо сразу
118946 | Zig:22   | ololoev: все, можно дальше мочить
118946 | Zig:22   | Killed Coenehe the pandemonium lord
118947 | Zig:22   | Noticed Couluv the pandemonium lord
118948 | Zig:22   | Noticed Popu the pandemonium lord
118949 | Zig:22   | Noticed Qitruan the pandemonium lord
118949 | Zig:22   | Killed Couluv the pandemonium lord
118949 | Zig:22   | Killed Ifovvaokk the pandemonium lord
118949 | Zig:22   | Killed Qitruan the pandemonium lord
118950 | Zig:22   | Killed Popu the pandemonium lord
118954 | Zig:22   | Noticed Wicyruz the pandemonium lord
118956 | Zig:22   | ololoev: блинки в студию!
118963 | Zig:22   | Killed Wicyruz the pandemonium lord
118967 | Zig:22   | Killed Vaalom the pandemonium lord
118974 | Zig:22   | Noticed Hipopo the pandemonium lord
118974 | Zig:22   | Killed Hipopo the pandemonium lord
118979 | Zig:22   | Noticed Jeore the pandemonium lord
118984 | Zig:22   | Killed Jeore the pandemonium lord
118994 | Zig:22   | ololoev: лучше эвокай пока никого нет
118995 | Zig:22   | ololoev: не убегай
118996 | Zig:22   | Goblin1989: ok
119019 | Zig:22   | ololoev: кстати зачем ты через V эвокаешь?
119036 | Zig:22   | Goblin1989: а как еще-то? О_О
119037 | Zig:22   | ololoev: сразу v жать
119058 | Zig:22   | ololoev: кстати фортитьюд и хелм - карты сомнительной полезности в зиге. Я бы выцепил алхимика/элексир/томб
119058 | Zig:22   | ololoev: ты анранды собираешь?
119058 | Zig:22   | ololoev: экспу выжри если места надо
119145 | Zig:22   | ololoev: так, вот кстати интересно
119145 | Zig:22   | Goblin1989: ?
119145 | Zig:22   | ololoev: надо посохи или пушки акварить чтобы вукад выпал
119145 | Zig:22   | Goblin1989: да, собираю
119145 | Zig:22   | Goblin1989: меня тут немного отвлекали
119148 | Zig:22   | Got a wavering diamond amulet
119149 | Zig:22   | Identified the amulet "Kios" {Harm *Drain SInv Stlth+} (You found it on level 22 of a ziggurat)
119150 | Zig:22   | Goblin1989: вукад можно попробовать у аквара выпросить
119150 | Zig:22   | Goblin1989: у меня 8 свитков
119161 | Zig:22   | ololoev: вот только хз что нужно просить
119161 | Zig:22   | ololoev: пойду чекну сорцы
119161 | Zig:22   | Goblin1989: я потому их и не трогаю
119163 | Zig:22   | Got a pitted war axe
119165 | Zig:22   | Identified the +5 war axe "Vaho" {chop, rElec rC+ Int+3} (You found it on level 22 of a ziggurat)
119221 | Zig:22   | Hired Guoj Odd the merfolk for 289 gold.
119379 | Zig:22   | Goblin1989: кое-как элексир из карт нашел.
119379 | Zig:22   | Goblin1989: остальные потом
119381 | Zig:23   | Entered Level 23 of a ziggurat
119565 | Zig:23   | Goblin1989: фир уже не нужен?
119565 | Zig:23   | Goblin1989: амброзия точно не нужна
119575 | Zig:23   | Got a slimy lead ring
119579 | Zig:23   | Identified the ring "Afeskod" {rF- rN+ Int+8 SInv} (You found it on level 23 of a ziggurat)
119586 | Zig:23   | Got a pitted silver ring
119588 | Zig:23   | Identified the ring "Fuofeo" {Ice Str+2 Int+6 Slay-4 SInv} (You found it on level 23 of a ziggurat)
119595 | Zig:23   | Identified The Almanac of Greatest Risks and Utility
119601 | Zig:23   | Identified the Incunabulum of Aid
119604 | Zig:23   | Identified the Volume of Earthen Bewitchment
119611 | Zig:23   | Got a jewelled hand axe
119613 | Zig:23   | Identified the +7 hand axe of the Manifold Wishes {flame, rC- Str+2 Dex+3} (You found it on level 23 of a ziggurat)
119671 | Zig:23   | Got a fine plate armour
119682 | Zig:23   | Identified the +5 plate armour "Hym Fuuh" {rCorr} (You found it on level 23 of a ziggurat)
119694 | Zig:23   | Got a warped morningstar
119695 | Zig:23   | Identified the +7 morningstar of the Wraith {antimagic, +Fly Int+3 Dex-3} (You found it on level 23 of a ziggurat)
119821 | Zig:24   | Entered Level 24 of a ziggurat
119826 | Zig:24   | ololoev: походу надо акварить пушки, в посохах не вижу как можно получить анранд
119827 | Zig:24   | Goblin1989: а может ну его, выклянчить ЦПА?
119838 | Zig:24   | ololoev: фир и амброзию можно выкинуть, да
119842 | Zig:24   | ololoev: оцпа тебе не особо нужна до вукада
119843 | Zig:24   | ololoev: эир элементаль не боится торнадо
119848 | Zig:24   | Goblin1989: хм
119848 | Zig:24   | Goblin1989: и чем его?
119851 | Zig:24   | ololoev: шотом
119871 | Zig:24   | Goblin1989: кстати
119871 | Zig:24   | ololoev: ты зря саммонов валишь
119871 | Zig:24   | ololoev: набигай
119871 | Zig:24   | Goblin1989: вех ману не восстанавливает еслии я убиваю кого-то хеллфайером
119871 | Zig:24   | Goblin1989: я когда дранес выучил попробовал его
119871 | Zig:24   | Goblin1989: отстойно с вехом получается
119871 | Zig:24   | Goblin1989: остался без маны
119871 | Zig:24   | Goblin1989: бежит на меня такой демон
119871 | Zig:24   | Goblin1989: я думаю "о, ништяк, маны отрегеню на нем чутка"
119871 | Zig:24   | Goblin1989: нна его хеллфайером
119871 | Zig:24   | ololoev: ты только одного убил?
119871 | Zig:24   | Goblin1989: а мне фиг, а не мана
119872 | Zig:24   | ololoev: у веха на макс пити 85% шанс чт овосстановит
119873 | Zig:24   | ololoev: может не прокнуло
119875 | Zig:24   | Goblin1989: то есть не стоит надеяться на ману с каждого убийства. теперь буду знать
119875 | Zig:24   | Goblin1989: а я думал с каждого, но по чуть-чуть
119875 | Zig:24   | Goblin1989: мне единички как раз не хватало просто
119991 | Zig:24   | Got a wavering amber ring
119993 | Zig:24   | Identified the ring of Vexkeeps {rElec rF+ Stlth+} (You found it on level 24 of a ziggurat)
120017 | Zig:24   | Got a warped scale mail
120028 | Zig:24   | Identified the +5 scale mail of Dishonesty {rPois MP+9 Int+4 Stlth+} (You found it on level 24 of a ziggurat)
120055 | Zig:24   | Got a dazzling trident
120057 | Zig:24   | Identified the cursed +1 trident of Joberghar {flame, rElec rC+ Int-3 Stlth+} (You found it on level 24 of a ziggurat)
120067 | Zig:24   | Got a bloodstained short sword
120068 | Zig:24   | Identified the +8 short sword of Horeukhle {venom, rC+ Int+3} (You found it on level 24 of a ziggurat)
120162 | Zig:25   | Entered Level 25 of a ziggurat
120170 | Zig:25   | Goblin1989: бля
120170 | Zig:25   | Goblin1989: да где мой макс сппеллпавер?!!!
120170 | Zig:25   | Goblin1989: 65 инты уже набрал
120170 | Zig:25   | Goblin1989: ркора и сусата не зватает
120170 | Zig:25   | Goblin1989: *хватате
120189 | Zig:25   | Reached skill level 15 in Throwing
120240 | Zig:25   | Got a transparent lead ring
120242 | Zig:25   | Identified the ring "Gir Idif" {+Fly rF+} (You found it on level 25 of a ziggurat)
120268 | Zig:25   | Identified the Volume of the Escort and Boosts
120288 | Zig:25   | ololoev: дл макс спеллпавера без энхансеров нужно около 120 инты вроде
120288 | Zig:25   | ololoev: я не помню точно сколько там давно считал
120288 | Zig:25   | Goblin1989: ой
120288 | Zig:25   | Goblin1989: как-то многовато
120288 | Zig:25   | Goblin1989: а пипка до конца вроде всего одна...
120288 | Zig:25   | ololoev: кстати
120289 | Zig:25   | ololoev: качай посохи
120289 | Zig:25   | Goblin1989: нах?
120289 | Zig:25   | ololoev: вруби только их
120289 | Zig:25   | ololoev: будешь вукад пытаться акварить
120289 | Zig:25   | ololoev: вкачай до 15 хотя-бы
120289 | Zig:25   | Goblin1989: ок!
120289 | Zig:25   | ololoev: хотя я хз какой там шанс будет с десятка акваров
120289 | Zig:25   | ololoev: наверное 1%
120289 | Zig:25   | ololoev: но я хз как его достать
120289 | Zig:25   | Goblin1989: да пох как-то
120289 | Zig:25   | Goblin1989: мне пока нечего просить
120291 | Zig:26   | Entered Level 26 of a ziggurat
120307 | Zig:26   | ololoev: мумии?
120310 | Zig:26   | ololoev: а нет, походу кокотус
120312 | Zig:26   | ololoev: мумии крутая штука
120313 | Zig:26   | ololoev: у них бенну хилят
120313 | Zig:26   | Goblin1989: бенну хилят? О_О
120313 | Zig:26   | Goblin1989: я думал они просто оживают
120317 | Zig:26   | Reached skill level 5 in Staves
120323 | Zig:26   | ololoev: их предсмертный взрыв хилит нежить
120327 | Zig:26   | Goblin1989: о как. действительно весело
120339 | Zig:26   | Reached skill level 10 in Staves
120365 | Zig:26   | Got a distressingly furry large shield
120376 | Zig:26   | Identified the +8 large shield of Bykag {rC+ MR+ Dex+4} (You found it on level 26 of a ziggurat)
120423 | Zig:26   | Goblin1989: я думаю, поушен оф меджик уже ни к чему
120423 | Zig:26   | Goblin1989: ну или кьюринг в принципе тоже
120429 | Zig:26   | Got a pitted lapis lazuli ring
120430 | Zig:26   | ololoev: меджик оставь
120430 | Zig:26   | Goblin1989: оставил
120430 | Zig:26   | ololoev: прижмет - ублинкаешься, снимешь лича, выпьешь
120430 | Zig:26   | Goblin1989: кьюринг бросил
120431 | Zig:26   | Identified the cursed ring "Quoppyol" {rElec MR++ MP-9 Int-3 SInv} (You found it on level 26 of a ziggurat)
120439 | Zig:26   | Got a transparent rapier
120440 | Zig:26   | Identified the +10 rapier of Unpleasantness {pierce, rElec rC- Dex+5 SInv} (You found it on level 26 of a ziggurat)
120518 | Zig:27   | Entered Level 27 of a ziggurat
120547 | Zig:27   | Noticed an ancient lich
120547 | Zig:27   | Killed an ancient lich
120548 | Zig:27   | ololoev: торнадо вруби и нафигай
120549 | Zig:27   | ololoev: ты на саммонов всю ману сливаешь
120551 | Zig:27   | Noticed an ancient lich
120551 | Zig:27   | Noticed an ancient lich
120551 | Zig:27   | Killed an ancient lich
120553 | Zig:27   | Killed an ancient lich
120560 | Zig:27   | Noticed an ancient lich
120561 | Zig:27   | Noticed an ancient lich
120563 | Zig:27   | Killed an ancient lich
120564 | Zig:27   | Killed an ancient lich
120576 | Zig:27   | Noticed an ancient lich
120577 | Zig:27   | Killed an ancient lich
120577 | Zig:27   | Reached skill level 15 in Staves
120579 | Zig:27   | Noticed an ancient lich
120580 | Zig:27   | Killed an ancient lich
120581 | Zig:27   | Noticed an ancient lich
120584 | Zig:27   | Killed an ancient lich
120621 | Zig:27   | Got a ring of the Octopus King
120623 | Zig:27   | Identified a ring of the Octopus King {AC+1 EV+1 Str+1 Int+1 Dex+1 Stlth+} (You found it on level 27 of a ziggurat)
120629 | Zig:27   | Got a wavering brass ring
120631 | Zig:27   | Identified the ring "Hotset" {rPois rC- Str+3 Int+3 SInv} (You found it on level 27 of a ziggurat)
120640 | Zig:27   | Got a twitching glass ring
120642 | Zig:27   | Identified the ring "Ycvear" {+Fly rC++ rN+ Dex-5} (You found it on level 27 of a ziggurat)
120647 | Zig:27   | Got a pearl-encrusted plate armour
120658 | Zig:27   | Identified the +13 plate armour of Liberalism {rElec rN+ Dex-3} (You found it on level 27 of a ziggurat)
120671 | Zig:27   | Got a fine robe
120682 | Zig:27   | Identified the +2 robe of the Saviour {rPois rF- rN+ rCorr} (You found it on level 27 of a ziggurat)
120699 | Zig:27   | Got a crude short sword
120701 | Zig:27   | Identified the cursed +0 short sword "Soiteew" {flame, rC+ MR+ Str+5} (You found it on level 27 of a ziggurat)
120708 | Zig:27   | Goblin1989: чуть про фигурку не забыл
120760 | Lair:1   | Learned a level 8 spell: Controlled Blink
120779 | Lair:1   | Learned a level 9 spell: Shatter
120786 | Lair:1   | Goblin1989: ну, что акварить будем? :)
120868 | Lair:1   | Learned a level 8 spell: Lehudib's Crystal Spear
120999 | D:14     | Reached skill level 1 in Translocations
121117 | Hell     | Entered the Vestibule of Hell
121117 | Hell     | Noticed Geryon
121123 | Hell     | Killed Geryon
121410 | Pan      | Entered Pandemonium
121424 | Pan      | Reached skill level 5 in Translocations
121429 | Pan      | Noticed Ruatoag the pandemonium lord
121430 | Pan      | Killed Ruatoag the pandemonium lord
121454 | Pan      | Noticed Mennas
121454 | Pan      | Got a demonic rune of Zot
121640 | Pan      | Found an exit through the horrors of the Abyss.
121721 | Pan      | Noticed Zuid the pandemonium lord
121724 | Pan      | Killed Zuid the pandemonium lord
121861 | Pan      | Noticed Vipn the pandemonium lord
121883 | Pan      | Killed Vipn the pandemonium lord
121994 | Pan      | Reached skill level 10 in Translocations
122327 | Pan      | Noticed Mennas
122452 | Pan      | Found an exit through the horrors of the Abyss.
122559 | Pan      | Noticed Emewim the pandemonium lord
122564 | Pan      | Killed Emewim the pandemonium lord
122712 | Pan      | Noticed Rugoif the pandemonium lord
122718 | Pan      | Killed Rugoif the pandemonium lord
122750 | Pan      | Got a wavering tin ring
122789 | Pan      | Entered the realm of Mnoleg.
122943 | Pan      | Noticed Mnoleg
122956 | Pan      | Killed Mnoleg
122986 | Pan      | Got a glowing rune of Zot
123051 | Pan      | Got a shimmering great sword
123174 | Pan      | Noticed Qohuntukh the pandemonium lord
123175 | Pan      | Killed Qohuntukh the pandemonium lord
123476 | Pan      | Noticed Lailac the pandemonium lord
123480 | Pan      | Killed Lailac the pandemonium lord
123580 | Pan      | Entered the realm of Lom Lobon.
123744 | Pan      | Noticed Lom Lobon
123751 | Pan      | Killed Lom Lobon
123810 | Pan      | Got a magical rune of Zot
124022 | Pan      | Reached skill level 15 in Translocations
124191 | Pan      | Entered the realm of Cerebov.
124199 | Pan      | Got a flickering granite ring
124201 | Pan      | Identified the ring of Naudipp {*Tele +Blink} (You found it in Pandemonium)
124203 | Pan      | Identified the ring of Hegg {rF+ AC+5} (You took it off a black sun in Pandemonium)
124210 | Pan      | Got a pair of faintly humming boots
124212 | Pan      | Got an ichor-stained scale mail
124214 | Pan      | Got a crystal dagger
124215 | Pan      | Identified the +5 dagger "Bapp" {speed, rF+ Str+3} (You found it in Pandemonium)
124414 | Pan      | Noticed Cerebov
124587 | Pan      | Killed Cerebov
124619 | Pan      | Identified the Reference Book on Creative Flames
124623 | Pan      | Got a spiked ring mail
124626 | Pan      | Got a faintly humming ring mail
124651 | Pan      | Got a brightly glowing ring mail
124653 | Pan      | Got a crude scale mail
124669 | Pan      | Got a jewelled scale mail
124696 | Pan      | Identified the +6 ring mail of Jozaos {rC+} (You found it in Pandemonium)
124707 | Pan      | Identified the cursed +0 scale mail of Love and Death {rC- Str+5 SInv} (You found it in Pandemonium)
124718 | Pan      | Identified the +3 ring mail "Veuha" {+Inv rPois MR+} (You found it in Pandemonium)
124728 | Pan      | Identified the cursed +0 scale mail of the Rabble {Int+5} (You found it in Pandemonium)
124739 | Pan      | Identified the +4 scale mail of Patterns {rF+ Str-2 Int+8 Dex-3} (You found it in Pandemonium)
124759 | Pan      | Identified the +0 ring mail of Creativity {MR+ rCorr} (You found it in Pandemonium)
124779 | Pan      | Identified the cursed +0 pair of boots "Waumnokh" {rF+} (You found it in Pandemonium)
124800 | Pan      | Got an iridescent dire flail
124801 | Pan      | Identified the cursed +1 dire flail of Noub {drain, *Rage +Blink rElec Stlth+} (You found it in Pandemonium)
124838 | Pan      | Got a fiery rune of Zot
124880 | Pan      | Found an exit through the horrors of the Abyss.
124934 | Pan      | Noticed Petuogi the pandemonium lord
124939 | Pan      | Killed Petuogi the pandemonium lord
125039 | Pan      | Found an exit through the horrors of the Abyss.
125675 | Pan      | Found an exit through the horrors of the Abyss.
125922 | Pan      | Noticed Hitt the pandemonium lord
125924 | Pan      | Turgon: &dump Goblin1989
125924 | Pan      | beem: http://CRAWL.XTAHUA.COM/crawl/morgue/Goblin1989/Goblin1989.txt
125924 | Pan      | Killed Hitt the pandemonium lord
125971 | Pan      | Turgon: Int 62, incredible
126040 | Pan      | Goblin1989: I was 65. This is not an indication of quality
126052 | Pan      | Identified the Disquisition on Calling (You found it in Pandemonium)
126253 | Pan      | Entered the realm of Gloorx Vloq.
126313 | Pan      | Got a smelly ring mail
126382 | Pan      | Got a dark rune of Zot
126383 | Pan      | Noticed Gloorx Vloq
126393 | Pan      | Killed Gloorx Vloq
126393 | Pan      | Reached skill level 27 in Fighting
126528 | Pan      | Noticed Ignacio
126533 | Pan      | Reached skill level 27 in Spellcasting
126535 | Pan      | Killed Ignacio
126589 | Pan      | Found an exit through the horrors of the Abyss.
126603 | Pan      | Identified the cursed +1 ring mail "Liusakuz" {Slay+5 Stlth-} (You found it in Pandemonium)
126616 | Pan      | Took an exit into the Abyss.
126616 | Abyss:1  | Escaped into the Abyss
127087 | Abyss:3  | Reached skill level 1 in Earth Magic
127274 | Abyss:3  | Found a corrupted altar of Lugonu.
127337 | Depths:3 | Escaped the Abyss
127651 | Lair:1   | Goblin1989: yo
127651 | Lair:1   | Goblin1989: в пане все руны взяты
127651 | Lair:1   | ololoev: норм
127651 | Lair:1   | Goblin1989: а вукада нету
127651 | Lair:1   | Goblin1989: и в абисе руну я брать не стал
127651 | Lair:1   | Goblin1989: лень
127651 | Lair:1   | Goblin1989: как думаешь, четвертый зиг с вехом деать не стоит?
127679 | Lair:1   | Hired Onais the naga for 165 gold.
127681 | Lair:1   | Hired Meis Wuq the ogre mage for 1067 gold.
127687 | Lair:1   | ololoev: стоит
127687 | Lair:1   | ololoev: не ну можешь ады сделать и тумбу конечно
127687 | Lair:1   | Goblin1989: да ну их пока
127687 | Lair:1   | Goblin1989: что в деке суммонинга стоящее есть?
127711 | Lair:1   | Goblin1989: короче, оставлю только эликсир
127711 | Lair:1   | Goblin1989: остальные выброшу
127711 | Lair:1   | DEFE: >int 62
127711 | Lair:1   | Goblin1989: привет, ДЭФЭ!
127711 | Lair:1   | DEFE: Зачем?
127711 | Lair:1   | DEFE: Привет
127711 | Lair:1   | Goblin1989: потому что могу!
127711 | Lair:1   | DEFE: Логично
127711 | Lair:1   | Goblin1989: так получилось на самом деле
127717 | Lair:1   | ololoev: в саммонинге ничего годного
127718 | Lair:1   | DEFE: АБ ЖУ РЕЙ ШЕН
127718 | Lair:1   | ololoev: разве что крусейд, но не думаю что в зиге он пригодится
127719 | Lair:1   | ololoev: у гоббо есть абжур получше
127719 | Lair:1   | DEFE: а ты про карты
127719 | Lair:1   | ololoev: а так то в обычной игре крусейд крут
127723 | Lair:1   | ololoev: это абжур, только он еще и часть врагов энслейвит
127725 | Lair:1   | ololoev: выжри весь бенмут свой
127725 | Lair:1   | ololoev: что ты его носишь
127726 | Lair:1   | DEFE: посто точно ли есть смысл столько инта держать
127726 | Lair:1   | Goblin1989: мне нравятся мои мутацми
127726 | Lair:1   | DEFE: там меньше нужно
127726 | Lair:1   | DEFE: 200 повера
127726 | Lair:1   | ololoev: инт нужен чтобы кастовать в хеви арморе
127726 | Lair:1   | Goblin1989: талонс 2
127726 | Lair:1   | ololoev: хотя если он найдет оцпа, то проблема будет в силе
127726 | Lair:1   | Goblin1989: не хочу талонс 3
127726 | Lair:1   | ololoev: ну выпьешь курмут
127726 | Lair:1   | ololoev: все равно у тебя почти ничего годного
127727 | Lair:1   | Gained mutation: Your muscles are strong. (Str +2) [potion of beneficial mutation]
127728 | Lair:1   | Gained mutation: You have claws for feet. [potion of beneficial mutation]
127729 | Lair:1   | Lost mutation: Your spells are a little harder to cast, but a little more powerful. [potion of cure mutation]
127729 | Lair:1   | Lost mutation: Your flesh is very heat resistant. [potion of cure mutation]
127729 | Lair:1   | Lost mutation: Your muscles are strong. (Str +2) [potion of cure mutation]
127729 | Lair:1   | Lost mutation: You are agile. (Dex +2) [potion of cure mutation]
127729 | Lair:1   | Lost mutation: You have an increased reservoir of magic (+10% MP). [potion of cure mutation]
127729 | Lair:1   | Lost mutation: You have very sharp teeth. [potion of cure mutation]
127729 | Lair:1   | Lost mutation: You have claws for feet. [potion of cure mutation]
127730 | Lair:1   | Gained mutation: Your muscles are strong. (Str +2) [potion of beneficial mutation]
127731 | Lair:1   | Gained mutation: Your flesh is cold resistant. [potion of beneficial mutation]
127732 | Lair:1   | Gained mutation: You are agile. (Dex +2) [potion of beneficial mutation]
127733 | Lair:1   | Gained mutation: You are resistant to hostile enchantments. [potion of beneficial mutation]
127734 | Lair:1   | Gained mutation: Your spells are a little harder to cast, but a little more powerful. [potion of beneficial mutation]
127735 | Lair:1   | ololoev: опа
127735 | Lair:1   | Goblin1989: интеллекта куча была, кстати
127735 | Lair:1   | ololoev: вайлд
127735 | Lair:1   | ololoev: так боты одень обратно
127740 | Lair:1   | Goblin1989: блин, точно
127740 | Lair:1   | Goblin1989: ну ок, пошли в следующий зиг
127740 | Lair:1   | ololoev: вайлд меджик это уже по крайней мере весело
127740 | Lair:1   | ololoev: сделай кучу
127740 | Lair:1   | Goblin1989: ?
127740 | Lair:1   | ololoev: #
127740 | Lair:1   | Goblin1989: сек
127740 | Lair:1   | DEFE: Что бы в хеви арморе кастовать сила нужна
127740 | Lair:1   | DEFE: а не инта
127740 | Lair:1   | Goblin1989: &dump Goblin1989
127740 | Lair:1   | beem: http://CRAWL.XTAHUA.COM/crawl/morgue/Goblin1989/Goblin1989.txt
127747 | Zig:1    | Entered Level 1 of a ziggurat
127763 | Zig:2    | Entered Level 2 of a ziggurat
127774 | Zig:3    | Entered Level 3 of a ziggurat
127775 | Zig:3    | Reached skill level 5 in Earth Magic
127797 | Zig:4    | Entered Level 4 of a ziggurat
127797 | Zig:4    | Noticed a greater mummy
127800 | Zig:4    | Killed a greater mummy
127803 | Zig:4    | Noticed a greater mummy
127803 | Zig:4    | Killed a greater mummy
127826 | Zig:5    | Entered Level 5 of a ziggurat
127868 | Zig:5    | Got a shimmering war axe
127869 | Zig:5    | Identified the cursed +1 war axe of Pitaceep {venom, *Confuse rN++ Int+7} (You found it on level 5 of a ziggurat)
127870 | Zig:5    | Goblin1989: конфузить меня будет когда я урон буду получать с этого топора?
127876 | Zig:5    | Identified the Disquisition on Unstable Ignition
127880 | Zig:5    | ololoev: да
127880 | Zig:5    | ololoev: так что нинужно
127880 | Zig:5    | Goblin1989: ну я так и подумал
127883 | Zig:6    | Entered Level 6 of a ziggurat
127887 | Zig:6    | Noticed Gaynni the pandemonium lord
127888 | Zig:6    | Noticed Haecluat the pandemonium lord
127888 | Zig:6    | Killed Gaynni the pandemonium lord
127893 | Zig:6    | Killed Haecluat the pandemonium lord
127945 | Zig:7    | Entered Level 7 of a ziggurat
128040 | Zig:7    | Got a crude cloak
128052 | Zig:7    | Identified the +1 cloak of Baldness {-Cast Int+3 Dex+4} (You found it on level 7 of a ziggurat)
128065 | Zig:8    | Entered Level 8 of a ziggurat
128075 | Zig:8    | Reached skill level 10 in Earth Magic
128090 | Zig:8    | Identified the Collected Works on Cold and Aid
128112 | Zig:9    | Entered Level 9 of a ziggurat
128127 | Zig:9    | ololoev: я кстати вчера впервые нашел рандарт с +12 к стату
128138 | Zig:9    | ololoev: !lg . xl>6 -log
128138 | Zig:9    | beem: 831. ololoev, XL7 DsBe, T:1421: http://crawl.xtahua.com/crawl/morgue/ololoev/morgue-ololoev-20160725-142015.txt
128152 | Zig:9    | ololoev: !lg . xl>6 -log -2
128152 | Zig:9    | beem: 830/831. ololoev, XL7 HOFi, T:1055: http://crawl.xtahua.com/crawl/morgue/ololoev/morgue-ololoev-20160725-135709.txt
128152 | Zig:9    | ololoev: !lg . xl>6 -log -3
128152 | Zig:9    | beem: 829/831. ololoev, XL8 DsFi, T:1430: http://crawl.xtahua.com/crawl/morgue/ololoev/morgue-ololoev-20160725-133949.txt
128152 | Zig:9    | ololoev: во
128152 | Zig:9    | ololoev: последний линк
128152 | Zig:9    | ololoev: Str+12
128152 | Zig:9    | Goblin1989: круто
128152 | Zig:9    | Goblin1989: а у меня сегодня было два монстроуза подряд
128152 | Zig:9    | Goblin1989: причем один берсеркер
128152 | Zig:9    | Goblin1989: и оба с ПБД
128152 | Zig:9    | Goblin1989: кстати
128152 | Zig:9    | Goblin1989: ты знал что ПБД с трогом просто идеально сочетаются
128152 | Zig:9    | Goblin1989: ибо троговская абилка подваоляет запускться регену, а c пойла фиг получится
128152 | Zig:9    | Goblin1989: зеркаешься и ты живой в любой витуации :)
128154 | Zig:10   | Entered Level 10 of a ziggurat
128187 | Zig:10   | Got a transparent bone ring
128188 | Zig:10   | Identified the ring "Peras" {*Confuse +Blink rPois MR+ Dex+6} (You found it on level 10 of a ziggurat)
128202 | Zig:10   | ololoev: почему с пойла не получится?
128203 | Zig:10   | Goblin1989: не получится
128203 | Zig:10   | ololoev: с пойла зерка?
128203 | Zig:10   | Goblin1989: если с пойла кого-то убиваешь реген не включается
128203 | Zig:10   | Goblin1989: агаъ
128203 | Zig:10   | Goblin1989: да
128204 | Zig:10   | Goblin1989: одмн мой монстороуз из-за этого и умер
128204 | Zig:10   | Goblin1989: поищи демонспавна, который в шестых слаймах умер
128205 | Zig:10   | Got a slimy dagger
128206 | Zig:10   | Identified the cursed +2 dagger of Faulucos {freeze, rPois Int+6} (You found it on level 10 of a ziggurat)
128207 | Zig:10   | Goblin1989: !!!!
128207 | Zig:10   | Goblin1989: int 68
128214 | Zig:11   | Entered Level 11 of a ziggurat
128220 | Zig:11   | Noticed an ancient lich
128222 | Zig:11   | ololoev: странная хрень
128223 | Zig:11   | ololoev: не должно быть такого
128223 | Zig:11   | ololoev: регену пофиг же
128223 | Zig:11   | Goblin1989: ну это тебе говорит человек, который пытается научиться демонспавнами играть все-таки. поверь просто )))
128223 | Zig:11   | Killed an ancient lich
128263 | Zig:11   | Got a distressingly furry plate armour
128274 | Zig:11   | Identified the +0 plate armour "Resen" {Stlth+} (You found it on level 11 of a ziggurat)
128289 | Zig:12   | Entered Level 12 of a ziggurat
128299 | Zig:12   | Noticed an ancient lich
128300 | Zig:12   | Killed an ancient lich
128303 | Zig:12   | Noticed an ancient lich
128304 | Zig:12   | Killed an ancient lich
128307 | Zig:12   | Noticed an ancient lich
128307 | Zig:12   | Killed an ancient lich
128311 | Zig:12   | Noticed an ancient lich
128313 | Zig:12   | Killed an ancient lich
128315 | Zig:12   | Goblin1989: !lg Goblin1989 place=slime:6 -log
128315 | Zig:12   | beem: 1. Goblin1989, XL22 DsMo, T:50296: http://crawl.xtahua.com/crawl/morgue/Goblin1989/morgue-Goblin1989-20160516-075036.txt
128315 | Zig:12   | Goblin1989: вот этот умер из-за того что реген не робит с зерком
128315 | Zig:12   | Goblin1989: если бы робил я бы отхиляться успел пока убивал всех
128315 | Zig:12   | Goblin1989: с трогом так можно
128315 | Zig:12   | Goblin1989: видимо, это фишка трога
128325 | Zig:12   | Got an encrusted dagger
128326 | Zig:12   | Identified the +7 dagger "Sunupeum" {pierce, rN+ Str+4 SInv Stlth+} (You found it on level 12 of a ziggurat)
128330 | Zig:12   | Identified the Compendium of Boosts and the Birds
128335 | Zig:12   | Identified Aplais's Guide on Assistive Black Arts
128338 | Zig:12   | Got a flickering amethyst amulet
128342 | Zig:12   | Got a polished chain mail
128346 | Zig:12   | Identified the Papyrus of Cankerous Fascination
128363 | Zig:12   | Identified the cursed +0 chain mail of Boredom {rPois Int-3 Dex+2} (You found it on level 12 of a ziggurat)
128379 | Zig:12   | Identified the amulet of Femo {Spirit rElec MR+ Int+3 Dex+4} (You found it on level 12 of a ziggurat)
128561 | Zig:13   | Entered Level 13 of a ziggurat
128608 | Zig:13   | Identified the Compendium of Fetching Moulding
128629 | Zig:13   | Got a bone rapier
128630 | Zig:13   | Identified the +9 rapier "Oleetilu" {venom, rPois MR- Dex+5} (You found it on level 13 of a ziggurat)
128635 | Zig:13   | Got a brightly glowing whip
128636 | Zig:13   | Identified the +6 whip of the Madman {slash, rPois} (You found it on level 13 of a ziggurat)
128651 | Zig:14   | Entered Level 14 of a ziggurat
128669 | Zig:14   | Reached skill level 15 in Earth Magic
128696 | Zig:14   | Got a shimmering platinum ring
128752 | Zig:15   | Entered Level 15 of a ziggurat
128803 | Zig:15   | Got a brightly glowing lead ring
128808 | Zig:15   | Identified the Volume of Shifting Dislocation
128811 | Zig:15   | Got a scorched jade amulet
128825 | Zig:15   | Identified the amulet "Lojuqyga" {RegenMP rElec MR+} (You found it on level 15 of a ziggurat)
128829 | Zig:16   | Entered Level 16 of a ziggurat
128836 | Zig:16   | Noticed a juggernaut
128839 | Zig:16   | ololoev: в общем я проверил в визмоде, реген с пойла запускается нормальным образом
128839 | Zig:16   | Killed a juggernaut
128840 | Zig:16   | ololoev: с пойла зерка
128840 | Zig:16   | Goblin1989: странно
128840 | Zig:16   | Goblin1989: может это был глюк 0,17
128840 | Zig:16   | Goblin1989: ?
128840 | Zig:16   | Goblin1989: потому что у меня не работал!
128842 | Zig:16   | Noticed a juggernaut
128843 | Zig:16   | ololoev: там монстры случайно не от ТРЖ были?
128843 | Zig:16   | Goblin1989: желейкой вызваные, да
128843 | Zig:16   | ololoev: а, ну все понятно
128843 | Zig:16   | Goblin1989: ох ёёёёёё
128843 | Zig:16   | Goblin1989: я тоже понял теперь!э
128843 | Zig:16   | ololoev: тут и с трогом бы не прокатило
128843 | Zig:16   | Goblin1989: ну что
128843 | Zig:16   | Goblin1989: наверное
128843 | Zig:16   | Killed a juggernaut
128844 | Zig:16   | Noticed a juggernaut
128845 | Zig:16   | Killed a juggernaut
128850 | Zig:16   | ololoev: я сейчас в таверне пытался протолкнуть идею сделать саммонов нормальными монстрами
128851 | Zig:16   | ololoev: чтобы с них все прокало
128851 | Zig:16   | ololoev: а то тупо
128851 | Zig:16   | Goblin1989: а по мне так путь так остается
128851 | Zig:16   | Reached skill level 10 in Ice Magic
128852 | Zig:16   | Noticed a juggernaut
128855 | Zig:16   | Goblin1989: ну вот смотри
128855 | Zig:16   | ololoev: они выглядят как обычные, но на них не работают абилки и реген
128855 | Zig:16   | ololoev: либо их дярабл саммонами делать
128855 | Zig:16   | Goblin1989: к примеру ты в панах с вехом
128855 | Zig:16   | ololoev: *дюрабл
128855 | Zig:16   | Goblin1989: и ждешь пока этот синенький своих синеньких навызывает чтобы маны нарегенить
128855 | Zig:16   | Goblin1989: нехорошо получится
128855 | Zig:16   | Goblin1989: читерство
128857 | Zig:16   | Killed a juggernaut
128858 | Zig:16   | ololoev: не
128858 | Zig:16   | ololoev: лол
128858 | Zig:16   | ololoev: я не на всех саммонах пытаюсь так сделать
128858 | Zig:16   | ololoev: только на саммонах ТРЖ
128858 | Zig:16   | ololoev: у нее просто нечто а-ля дюрабл саммоны
128858 | Zig:16   | ololoev: но выглядят как обычные монстры
128858 | Zig:16   | ololoev: и вот это тупо
128858 | Zig:16   | Goblin1989: ну я хз даже тогда
128913 | Zig:16   | Got a scorched hand crossbow
128914 | Zig:16   | Identified the cursed +2 hand crossbow of Pain and Death {elec, *Corrode rC+ Dex+4} (You found it on level 16 of a ziggurat)
129022 | Zig:17   | Entered Level 17 of a ziggurat
129072 | Zig:17   | Got a brightly glowing morningstar
129088 | Zig:17   | Got a smoking jade ring
129091 | Zig:17   | Got a twisted hand crossbow
129100 | Zig:17   | Got an ichor-stained large shield
129118 | Zig:17   | Identified the +5 large shield "Myontim" {Regen+ Int+7} (You found it on level 17 of a ziggurat)
129119 | Zig:17   | Goblin1989: ой....
129119 | Zig:17   | Goblin1989: рф одна пипка всего
129119 | Zig:17   | Goblin1989: маало
129129 | Zig:17   | Identified the +7 morningstar "Hiethr Laseo" {pain, Dex+2} (You found it on level 17 of a ziggurat)
129130 | Zig:17   | Identified the cursed +2 hand crossbow of Paanac {flame, *Corrode Str+5} (You found it on level 17 of a ziggurat)
129135 | Zig:17   | Identified the ring "Xucemm" {rElec rF- Dex+3 Stlth+} (You found it on level 15 of a ziggurat)
129137 | Zig:17   | Identified the ring "Sucsah Lunn" {Str+8 Stlth+} (You found it on level 14 of a ziggurat)
129139 | Zig:17   | Identified the ring "Vuukhlomn" {rPois Str+8 Int-4 Dex+4 SInv} (You found it on level 17 of a ziggurat)
129196 | Zig:18   | Entered Level 18 of a ziggurat
129255 | Zig:18   | Got a brightly glowing golden ring
129255 | Zig:18   | Got a slimy ruby amulet
129267 | Zig:19   | Entered Level 19 of a ziggurat
129275 | Zig:19   | Noticed a juggernaut
129277 | Zig:19   | Killed a juggernaut
129281 | Zig:19   | Noticed a juggernaut
129283 | Zig:19   | Killed a juggernaut
129288 | Zig:19   | Killed a juggernaut
129289 | Zig:19   | Noticed a juggernaut
129289 | Zig:19   | Killed a juggernaut
129292 | Zig:19   | Killed a juggernaut
129295 | Zig:19   | Noticed a juggernaut
129297 | Zig:19   | Killed a juggernaut
129298 | Zig:19   | Noticed a juggernaut
129298 | Zig:19   | Noticed a juggernaut
129300 | Zig:19   | Killed a juggernaut
129300 | Zig:19   | Killed a juggernaut
129373 | Zig:19   | Got a twisted large shield
129389 | Zig:19   | Identified the +5 large shield of the Pure Nights {rF+ rC+} (You found it on level 19 of a ziggurat)
129410 | Zig:19   | Identified the amulet of Dyddidd Taedd {RegenMP Int+3} (You found it on level 18 of a ziggurat)
129412 | Zig:19   | Identified the ring of Voirirr {*Drain rPois rF+ MR+ Dex+5} (You found it on level 18 of a ziggurat)
129422 | Zig:19   | Got a jewelled broad axe
129424 | Zig:19   | Identified the +6 broad axe of the Dozen Eyes {drain, rPois Int-3 Dex+2} (You found it on level 19 of a ziggurat)
129550 | Zig:20   | Entered Level 20 of a ziggurat
129562 | Zig:20   | Noticed a greater mummy
129565 | Zig:20   | Goblin1989: tomb!
129565 | Zig:20   | ololoev: норм
129565 | Zig:20   | ololoev: похилишься
129565 | Zig:20   | ololoev: вот только ты рано торнаду врубил
129565 | Zig:20   | ololoev: надо когда тебя засамоненные риперы обступят
129565 | Zig:20   | Goblin1989: не знал
129565 | Zig:20   | Goblin1989: а бенну меня тоже хилят что ли?
129565 | Zig:20   | Goblin1989: тогда лол
129565 | Zig:20   | Killed a greater mummy
129567 | Zig:20   | Noticed a greater mummy
129567 | Zig:20   | Noticed a greater mummy
129567 | Zig:20   | Noticed a greater mummy
129568 | Zig:20   | ololoev: да, ты же андед
129570 | Zig:20   | Killed a greater mummy
129570 | Zig:20   | Killed a greater mummy
129571 | Zig:20   | Noticed a greater mummy
129571 | Zig:20   | Noticed a greater mummy
129571 | Zig:20   | Noticed a greater mummy
129572 | Zig:20   | Noticed a greater mummy
129572 | Zig:20   | Noticed a greater mummy
129573 | Zig:20   | Noticed a greater mummy
129573 | Zig:20   | Killed a greater mummy
129573 | Zig:20   | Killed a greater mummy
129574 | Zig:20   | Noticed a greater mummy
129574 | Zig:20   | Noticed a greater mummy
129574 | Zig:20   | ololoev: торнадо
129575 | Zig:20   | Killed a greater mummy
129576 | Zig:20   | Noticed a greater mummy
129576 | Zig:20   | Killed a greater mummy
129576 | Zig:20   | Killed a greater mummy
129576 | Zig:20   | Killed a greater mummy
129577 | Zig:20   | Noticed a greater mummy
129577 | Zig:20   | Killed a greater mummy
129577 | Zig:20   | Killed a greater mummy
129577 | Zig:20   | Killed a greater mummy
129580 | Zig:20   | Noticed a greater mummy
129580 | Zig:20   | Killed a greater mummy
129580 | Zig:20   | Killed a greater mummy
129581 | Zig:20   | Noticed a greater mummy
129582 | Zig:20   | Noticed a greater mummy
129582 | Zig:20   | Noticed a greater mummy
129584 | Zig:20   | Killed a greater mummy
129584 | Zig:20   | Killed a greater mummy
129584 | Zig:20   | Killed a greater mummy
129585 | Zig:20   | Killed a greater mummy
129592 | Zig:20   | Noticed a greater mummy
129593 | Zig:20   | Noticed a greater mummy
129594 | Zig:20   | Noticed a greater mummy
129594 | Zig:20   | Killed a greater mummy
129595 | Zig:20   | Killed a greater mummy
129596 | Zig:20   | Killed a greater mummy
129597 | Zig:20   | Noticed a greater mummy
129598 | Zig:20   | Noticed a greater mummy
129599 | Zig:20   | Noticed a greater mummy
129600 | Zig:20   | Killed a greater mummy
129600 | Zig:20   | Killed a greater mummy
129601 | Zig:20   | Killed a greater mummy
129666 | Zig:20   | Identified the Disquisition on Hurtful Air
129686 | Zig:20   | Identified the Disquisition on the Rocks and Augmentations
129689 | Zig:20   | Identified the Reference Book on Orientation and Weightlessness
129692 | Zig:20   | Identified the Compendium of Venomous Dislocation
129697 | Zig:20   | Got a shimmering golden ring
129708 | Zig:20   | Got a faintly glowing hunting sling
129710 | Zig:20   | Identified the +0 hunting sling of Insomnia {velocity, +Blink rPois Str+2 Int-4} (You found it on level 20 of a ziggurat)
129724 | Zig:20   | Identified the ring "Eluaski" {rPois rC- Int+3 Stlth+} (You found it on level 20 of a ziggurat)
129752 | Zig:21   | Entered Level 21 of a ziggurat
129769 | Zig:21   | arkorax: holy fuck that int
129769 | Zig:21   | Goblin1989: lol
129770 | Zig:21   | arkorax: 62
129770 | Zig:21   | arkorax: im used to 11 max
129770 | Zig:21   | Goblin1989: 68 can be made
129770 | Zig:21   | arkorax: whats the max it can go?
129770 | Zig:21   | arkorax: i see all the int gear yea
129770 | Zig:21   | Goblin1989: OK. I need a short break, or I can kill this guy right now.
129776 | Zig:21   | Noticed Tuxkuh the pandemonium lord
129781 | Zig:21   | Killed Tuxkuh the pandemonium lord
129797 | Zig:21   | Reached skill level 15 in Ice Magic
129832 | Zig:21   | Identified the Collected Works on Congealing Flight
129862 | Zig:21   | Got a slimy scimitar
129863 | Zig:21   | Identified the +3 scimitar of Alaecze {slice, rC+ Str+4 Int+5} (You found it on level 21 of a ziggurat)
129928 | Zig:22   | Entered Level 22 of a ziggurat
130000 | Zig:22   | Got an iridescent dagger
130021 | Zig:22   | Got a fine platinum ring
130035 | Zig:22   | Identified the +2 dagger of Disorder {antimagic, rN++ Int-5} (You found it on level 22 of a ziggurat)
130162 | Zig:23   | Entered Level 23 of a ziggurat
130231 | Zig:23   | Got a heavily runed golden ring
130239 | Zig:23   | Got a fine ivory ring
130254 | Zig:23   | Got a glittering iron amulet
130259 | Zig:23   | Got a smoking leather armour
130272 | Zig:23   | Identified the amulet of Vuthass {Spirit rC+ Int+3 Stlth+} (You found it on level 23 of a ziggurat)
130277 | Zig:23   | Identified the ring of the Sunfish {+Fly Str+3 Int-3 Dex+7 Stlth+} (You found it on level 23 of a ziggurat)
130279 | Zig:23   | Identified the ring "Torph" {MR+ MP+9} (You found it on level 22 of a ziggurat)
130281 | Zig:23   | Identified the ring of Conflict {rPois Dex+4 SInv} (You found it on level 23 of a ziggurat)
130297 | Zig:23   | Identified the +5 leather armour of Dithmenos's Reproof {rElec} (You found it on level 23 of a ziggurat)
130358 | Zig:23   | Got an ancient hunting sling
130360 | Zig:23   | Identified the +7 hunting sling "Juaps" {velocity, +Blink rPois rC+ Str+2} (You found it on level 23 of a ziggurat)
130464 | Zig:24   | Entered Level 24 of a ziggurat
130484 | Zig:24   | Noticed a juggernaut
130486 | Zig:24   | Noticed a juggernaut
130486 | Zig:24   | Killed a juggernaut
130487 | Zig:24   | Killed a juggernaut
130488 | Zig:24   | Noticed a juggernaut
130489 | Zig:24   | Noticed a juggernaut
130490 | Zig:24   | Noticed a juggernaut
130491 | Zig:24   | Killed a juggernaut
130492 | Zig:24   | Noticed a juggernaut
130492 | Zig:24   | Killed a juggernaut
130492 | Zig:24   | Killed a juggernaut
130494 | Zig:24   | Noticed a juggernaut
130495 | Zig:24   | Killed a juggernaut
130497 | Zig:24   | Noticed a juggernaut
130498 | Zig:24   | Killed a juggernaut
130499 | Zig:24   | Killed a juggernaut
130500 | Zig:24   | Noticed a juggernaut
130503 | Zig:24   | Killed a juggernaut
130510 | Zig:24   | Noticed a juggernaut
130511 | Zig:24   | Killed a juggernaut
130548 | Zig:24   | Got a transparent lead ring
130570 | Zig:24   | Got a slimy scimitar
130572 | Zig:24   | Identified the +4 scimitar of Ashenzari's Delight {slice, rF++ rC+ Str-2} (You found it on level 24 of a ziggurat)
130582 | Zig:25   | Entered Level 25 of a ziggurat
130605 | Zig:25   | Noticed an ancient lich
130606 | Zig:25   | Killed an ancient lich
130614 | Zig:25   | Noticed an ancient lich
130615 | Zig:25   | Killed an ancient lich
130622 | Zig:25   | Killed an ancient lich
130626 | Zig:25   | Noticed an ancient lich
130626 | Zig:25   | Noticed an ancient lich
130626 | Zig:25   | Killed an ancient lich
130626 | Zig:25   | Killed an ancient lich
130630 | Zig:25   | Noticed an ancient lich
130632 | Zig:25   | Killed an ancient lich
130658 | Zig:25   | Identified the Handbook of Invincibility
130661 | Zig:25   | Got a vibrating brass amulet
130692 | Zig:25   | Got an ichor-stained rapier
130694 | Zig:25   | Identified the +4 rapier "Lotau" {venom, rElec rPois Str+3} (You found it on level 25 of a ziggurat)
130702 | Zig:25   | Identified the amulet of Absolutism {Dismiss rC+ MR+ Int+3 Dex-5 SInv} (You found it on level 25 of a ziggurat)
130707 | Zig:25   | Identified the ring of the Tempest {*Tele *Confuse Str+3 Int+6 Dex+3} (You found it on level 24 of a ziggurat)
130728 | Zig:26   | Entered Level 26 of a ziggurat
130742 | Zig:26   | Noticed an ancient lich
130744 | Zig:26   | Killed an ancient lich
130748 | Zig:26   | Noticed an ancient lich
130749 | Zig:26   | Killed an ancient lich
130750 | Zig:26   | Noticed an ancient lich
130753 | Zig:26   | Killed an ancient lich
130756 | Zig:26   | Noticed an ancient lich
130757 | Zig:26   | Killed an ancient lich
130757 | Zig:26   | Killed an ancient lich
130757 | Zig:26   | Killed an ancient lich
130759 | Zig:26   | Noticed an ancient lich
130759 | Zig:26   | Killed an ancient lich
130760 | Zig:26   | Killed an ancient lich
130761 | Zig:26   | Killed an ancient lich
130762 | Zig:26   | Reached skill level 27 in Shields
130765 | Zig:26   | Noticed an ancient lich
130766 | Zig:26   | Noticed an ancient lich
130767 | Zig:26   | Killed an ancient lich
130767 | Zig:26   | Killed an ancient lich
130767 | Zig:26   | Killed an ancient lich
130769 | Zig:26   | Killed an ancient lich
130775 | Zig:26   | Killed an ancient lich
130778 | Zig:26   | Noticed an ancient lich
130778 | Zig:26   | Noticed an ancient lich
130779 | Zig:26   | Killed an ancient lich
130779 | Zig:26   | Killed an ancient lich
130781 | Zig:26   | Killed an ancient lich
130782 | Zig:26   | Killed an ancient lich
130814 | Zig:26   | Got a translucent marble ring
130818 | Zig:26   | Got a faintly glowing emerald amulet
130843 | Zig:26   | Identified the ring "Somy" {rElec rC+ AC+2 Dex+6 Slay-3} (You found it on level 26 of a ziggurat)
130847 | Zig:26   | Identified the amulet "Kinoug" {Harm *Drain MR- Str+2 Int+4} (You found it on level 26 of a ziggurat)
130854 | Zig:26   | Got a sparkling turquoise ring
130856 | Zig:26   | Identified the ring of Quqok {Str+4 Int+2} (You found it on level 26 of a ziggurat)
130862 | Zig:26   | Got a coiled bone ring
130864 | Zig:26   | Identified the ring of Woataodu {+Blink rPois MR+ Str+2 Int+2} (You found it on level 26 of a ziggurat)
130871 | Zig:26   | Identified the Handbook of the Entourage
130877 | Zig:26   | Got a smoking ice dragon armour
130888 | Zig:26   | Identified the +8 ice dragon armour of Agoraphobia {-Cast *Confuse rPois rF- rC++ Regen+} (You found it on level 26 of a ziggurat)
130902 | Zig:26   | Got a heavily runed leather armour
130913 | Zig:26   | Identified the +1 leather armour of Orghefro {Regen+} (You found it on level 26 of a ziggurat)
130927 | Zig:26   | Got a topaz-studded chain mail
130938 | Zig:26   | Identified the +3 chain mail of Articulation {*Corrode +Inv rPois} (You found it on level 26 of a ziggurat)
130951 | Zig:26   | Got a spiked chain mail
130962 | Zig:26   | Identified the +1 chain mail of the Okapi {rN+ Regen+ Str+4} (You found it on level 26 of a ziggurat)
130979 | Zig:27   | Entered Level 27 of a ziggurat
131050 | Zig:27   | Identified Feifi's Collected Works on the Snowflakes
131053 | Zig:27   | Identified Cerebov's Grimoire of the Blaze
131077 | Zig:27   | Identified Noludgh's Tome of Dislocated Transmutation
131080 | Zig:27   | Identified the Volume of Stones and Heat
131847 | Hell     | Found a gateway to the ashen valley of Gehenna.
132136 | Hell     | Found a gateway to the decaying netherworld of Tartarus.
132145 | Tar:1    | Entered Level 1 of Tartarus
132187 | Hell     | Found a gateway to the freezing wastes of Cocytus.
132202 | Coc:1    | Entered Level 1 of Cocytus
132307 | Hell     | Found a gateway to the Iron City of Dis.
132317 | Dis:1    | Entered Level 1 of the Iron City of Dis
132871 | Dis:5    | Reached skill level 27 in Earth Magic
132998 | Dis:7    | Entered Level 7 of the Iron City of Dis
133187 | Dis:7    | Reached skill level 27 in Armour
133338 | Dis:7    | Got an iron rune of Zot
133485 | Dis:7    | Noticed Dispater
133502 | Dis:7    | Killed Dispater
133514 | Dis:7    | Got a vibrating lapis lazuli ring
133691 | Coc:1    | ololoev: Антея пошел метелить?
133692 | Coc:1    | Goblin1989: агась
133692 | Coc:1    | Goblin1989: зени какой я умный
133693 | Coc:1    | Goblin1989: зацени
133693 | Coc:1    | ololoev: нехило
133693 | Coc:1    | Goblin1989: правда, потом я все равно щит другой одену, дефенсовый
133761 | Coc:2    | ololoev: это какой?
133762 | Coc:2    | ololoev: +8 large shield of Bykag {rC+ MR+ Dex+4}?
133762 | Coc:2    | Goblin1989: не
133762 | Coc:2    | Goblin1989: там еще один
133762 | Coc:2    | ololoev: +5 large shield of the Pure Nights {rF+ rC+}
133762 | Coc:2    | Goblin1989: на резист к холоду и огню
133762 | Coc:2    | Goblin1989: да
133768 | Coc:2    | ololoev: нинужен
133769 | Coc:2    | ololoev: хотя может и нужен будет конечно
133769 | Coc:2    | Goblin1989: у меня рс++ и рф++
133769 | Coc:2    | Goblin1989: а надо по +++
133769 | Coc:2    | ololoev: надо смотреть что у тебя будет в ОЦПА
133769 | Coc:2    | ololoev: не надо
133770 | Coc:2    | ololoev: зачем, лол?
133770 | Coc:2    | Goblin1989: ну ладно
133770 | Coc:2    | Goblin1989: в ринципе резистов модно и намутировать ведь
133771 | Coc:2    | ololoev: с твоим АС разница между ++ и +++ будет процентов на 5
133772 | Coc:2    | Goblin1989: серьезно?
133772 | Coc:2    | Goblin1989: я при чем здесь АС
133772 | Coc:2    | ololoev: я недавно в визмоде чекал что будет если сравнить 22АС с рС+++ или 26АС с рС++ против холодной желейки
133773 | Coc:2    | ololoev: это та синяя, которая холодом на 100+ может ухреначить
133773 | Coc:2    | ololoev: так вот там рС+++ выиграл с отрывом в 10%
133781 | Coc:2    | ololoev: у тебя же будет 50+ АС
133782 | Coc:2    | ololoev: и я вообщ не уверен что разница между ++ и +++ будет заметна
133787 | Coc:2    | ololoev: вот у меня вчера ппц что в спидране
133787 | Coc:2    | ololoev: чудом пережил первые этажи
133787 | Coc:2    | ololoev: получил пбд 2
133787 | Coc:2    | ololoev: дошел до орков
133787 | Coc:2    | ololoev: в магазине алхимик за 1к
133787 | Coc:2    | ololoev: но вот у меня растут чертовы рога!!!
133787 | Coc:2    | ololoev: спидраны это сраный рандом!
133787 | Coc:2    | Goblin1989: на самом деле я бы сперва прорбовал орком
133787 | Coc:2    | Goblin1989: у него скорости на топоры неплохзие
133787 | Coc:2    | Goblin1989: и вообще он гуд
133803 | Coc:2    | ololoev: орки тоже норм
133804 | Coc:2    | ololoev: у них и на магию апты хорошие
133804 | Coc:2    | Goblin1989: так а я о чем
133804 | Coc:2    | ololoev: !lg . ho-- place=geh:7 -log
133804 | Coc:2    | beem: 1. ololoev, XL27 HOFi, T:35278: http://crawl.xtahua.com/crawl/morgue/ololoev/morgue-ololoev-20150928-104327.txt
133804 | Coc:2    | ololoev: вот тут я с 11ю рунами в геене уже вкачал негра
133804 | Coc:2    | ololoev: и все это за 35к ходов
133804 | Coc:2    | Goblin1989: у демонспавнов на самом деле сраный рандом иногда просто беситъ
133804 | Coc:2    | Goblin1989: да, ты мне его показчвал когда я дворфом играл
133804 | Coc:2    | Goblin1989: помню
134171 | Coc:7    | Entered Level 7 of Cocytus
134341 | Coc:7    | Got an icy rune of Zot
134352 | Coc:7    | Noticed Antaeus
134380 | Coc:7    | Killed Antaeus
134575 | Tar:3    | Goblin1989: что за надпись howl? что значит?
134596 | Tar:3    | Reached skill level 27 in Dodging
134604 | Tar:3    | Goblin1989: и почему торнадо действует всего на 5 клеток, а не на 7?
134620 | Tar:3    | ololoev: хз
134642 | Tar:3    | ololoev: хоул значит что будут прилетать мобы разные
134850 | Tar:7    | Entered Level 7 of Tartarus
135015 | Tar:7    | Noticed the Serpent of Hell
135019 | Tar:7    | Killed the Serpent of Hell
135059 | Tar:7    | Noticed Ereshkigal
135063 | Tar:7    | Killed Ereshkigal
135117 | Tar:7    | Got a pitted steel ring
135121 | Tar:7    | Got a distressingly furry leather armour
135128 | Tar:7    | Got a brightly glowing golden ring
135138 | Tar:7    | Identified the Volume of Flamy Beguiling (You found it on level 7 of Tartarus)
135140 | Tar:7    | Got a bone rune of Zot
135259 | Geh:1    | Entered Level 1 of Gehenna
135368 | Geh:7    | Entered Level 7 of Gehenna
135466 | Geh:7    | Noticed Asmodeus
135517 | Geh:7    | Killed Asmodeus
135684 | Geh:7    | Got an obsidian rune of Zot
135865 | Hell     | Identified the ring "Mipuss" {rPois SInv} (You found it on level 7 of Tartarus)
135867 | Hell     | Identified the ring "Byqoic" {Int+5 Stlth+} (You found it on level 7 of Tartarus)
135869 | Hell     | Identified the ring "Deewur" {rPois Slay+2 SInv} (You took it off Dispater on level 7 of the Iron City of Dis)
135886 | Hell     | Identified the +3 leather armour "Ughe Yrph" {Dex+5} (You found it on level 7 of Tartarus)
136129 | Lair:1   | Your ally Meis Wuq died
136129 | Lair:1   | Your ally Onais died
136516 | Tomb:1   | Entered Level 1 of the Tomb of the Ancients
136559 | Tomb:1   | Noticed a greater mummy
136559 | Tomb:1   | Noticed a greater mummy
136560 | Tomb:1   | Noticed a greater mummy
136560 | Tomb:1   | Noticed a greater mummy
136560 | Tomb:1   | Noticed a greater mummy
136561 | Tomb:1   | Noticed a greater mummy
136562 | Tomb:1   | Noticed a greater mummy
136562 | Tomb:1   | Killed a greater mummy
136563 | Tomb:1   | Killed a greater mummy
136563 | Tomb:1   | Killed a greater mummy
136563 | Tomb:1   | Killed a greater mummy
136563 | Tomb:1   | Killed a greater mummy
136565 | Tomb:1   | Killed a greater mummy
136565 | Tomb:1   | Killed a greater mummy
136584 | Tomb:2   | Noticed an ancient lich
136584 | Tomb:2   | Noticed a greater mummy
136585 | Tomb:2   | Killed an ancient lich
136589 | Tomb:2   | Killed a greater mummy
136597 | Tomb:2   | Noticed Mara
136598 | Tomb:2   | Killed Mara
136603 | Tomb:2   | Noticed a greater mummy
136603 | Tomb:2   | Noticed an ancient lich
136604 | Tomb:2   | Killed an ancient lich
136605 | Tomb:2   | Killed a greater mummy
136697 | Tomb:3   | Entered Level 3 of the Tomb of the Ancients
136707 | Tomb:3   | Noticed a greater mummy
136708 | Tomb:3   | Killed a greater mummy
136709 | Tomb:3   | Noticed a greater mummy
136712 | Tomb:3   | Killed a greater mummy
136715 | Tomb:3   | Noticed a greater mummy
136715 | Tomb:3   | Noticed an ancient lich
136715 | Tomb:3   | Killed an ancient lich
136716 | Tomb:3   | Killed a greater mummy
136830 | Tomb:3   | Identified the Guide on Igneous Malediction
136956 | Tomb:3   | Got a warped crystal plate armour
136957 | Tomb:3   | Identified the +0 crystal plate armour of Wimaomn {SInv} (You found it on level 3 of the Tomb of the Ancients)
136966 | Tomb:3   | Identified the Handbook of Execration and the Arsonist
136982 | Tomb:3   | Noticed a greater mummy
136987 | Tomb:3   | Killed a greater mummy
137003 | Tomb:3   | Got a pitted broad axe
137029 | Tomb:3   | Got a warped morningstar
137095 | Tomb:3   | Noticed a greater mummy
137096 | Tomb:3   | Killed a greater mummy
137100 | Tomb:3   | Noticed a greater mummy
137102 | Tomb:3   | Got a golden rune of Zot
137103 | Tomb:3   | Noticed a greater mummy
137180 | Tomb:1   | Noticed a greater mummy
137182 | Tomb:1   | Noticed a greater mummy
137182 | Tomb:1   | Killed a greater mummy
137183 | Tomb:1   | Killed a greater mummy
137193 | Tomb:1   | Noticed a greater mummy
137194 | Tomb:1   | Noticed a greater mummy
137197 | Tomb:1   | Killed a greater mummy
137203 | Tomb:1   | Noticed a greater mummy
137215 | Tomb:1   | Noticed a greater mummy
137215 | Tomb:1   | Killed a greater mummy
137221 | Tomb:1   | Joat: that was scary
137222 | Tomb:1   | Goblin1989: Little
137689 | Depths:4 | Voluntarily entered the Abyss.
137691 | Abyss:1  | Found a corrupted altar of Lugonu.
138171 | Abyss:1  | Reached skill level 27 in Throwing
138353 | Abyss:1  | Found a radiant altar of Vehumet.
138379 | Abyss:1  | Found a corrupted altar of Lugonu.
138591 | Abyss:3  | Found a runed door.
138591 | Abyss:3  | Found a corrupted altar of Lugonu.
138596 | Abyss:3  | Found a runed door.
138596 | Abyss:3  | Found a runed door.
138602 | Abyss:3  | Got an abyssal rune of Zot
138743 | Abyss:5  | Entered Level 5 of the Abyss
138765 | Depths:4 | Escaped the Abyss
139553 | Zot:5    | Entered Level 5 of the Realm of Zot
139691 | Zot:5    | Reached skill level 5 in Stealth
139703 | Zot:5    | Noticed an ancient lich
139704 | Zot:5    | Killed an ancient lich
139970 | Zot:5    | Noticed an ancient lich
139971 | Zot:5    | Killed an ancient lich
139980 | Zot:5    | Noticed an orb of fire
139981 | Zot:5    | Noticed an ancient lich
139981 | Zot:5    | Killed an ancient lich
139985 | Zot:5    | Killed an orb of fire
140064 | Zot:5    | Noticed an ancient lich
140068 | Zot:5    | Killed an ancient lich
140069 | Zot:5    | Noticed an ancient lich
140071 | Zot:5    | Killed an ancient lich
140084 | Zot:5    | Noticed an ancient lich
140085 | Zot:5    | Noticed an orb of fire
140086 | Zot:5    | Killed an ancient lich
140088 | Zot:5    | Killed an orb of fire
140090 | Zot:5    | Found a glowing silver altar of Zin.
140110 | Zot:5    | Killed an ancient lich
140146 | Zot:5    | Identified the +10 broad axe of Quarrel {venom, +Blink rF+ rN+} (You found it on level 3 of the Tomb of the Ancients)
140147 | Zot:5    | Identified the +9 morningstar of Beyond {crush, +Inv rF+ Str-5 Dex+5} (You found it on level 3 of the Tomb of the Ancients)
140234 | Zot:5    | Noticed an ancient lich
140235 | Zot:5    | Killed an ancient lich
140259 | Zot:5    | Noticed an orb of fire
140260 | Zot:5    | Killed an orb of fire
140261 | Zot:5    | Noticed an orb of fire
140264 | Zot:5    | Killed an orb of fire
140264 | Zot:5    | Reached skill level 27 in Necromancy
140267 | Zot:5    | Noticed an ancient lich
140271 | Zot:5    | Killed an ancient lich
140349 | Zot:5    | Reached skill level 10 in Stealth
141318 | Slime:1  | Lost mutation: Your muscles are strong. (Str +2) [a shining eye]
141794 | Lair:1   | Got a shimmering flail
141795 | Lair:1   | Identified the +3 flail "Waohiof" {freeze, Str+4} (You acquired it on level 1 of the Lair of Beasts)
141801 | Lair:1   | Got a twisted trident
141802 | Lair:1   | Identified the +9 trident of Biovviniw {pain, MP-9 Dex+5} (You acquired it on level 1 of the Lair of Beasts)
141912 | Temple   | Entered the Ecumenical Temple
141997 | Temple   | Fell from the grace of Vehumet
141997 | Temple   | Became a worshipper of Makhleb the Destroyer
142143 | Zig:1    | Entered Level 1 of a ziggurat
142213 | Zig:2    | Entered Level 2 of a ziggurat
142214 | Zig:2    | Reached * piety under Makhleb
142285 | Zig:3    | Entered Level 3 of a ziggurat
142396 | Zig:4    | Entered Level 4 of a ziggurat
142399 | Zig:4    | Reached ** piety under Makhleb
142518 | Zig:5    | Entered Level 5 of a ziggurat
142524 | Zig:5    | Reached *** piety under Makhleb
142783 | Zig:6    | Entered Level 6 of a ziggurat
142790 | Zig:6    | Reached **** piety under Makhleb
142801 | Zig:6    | Identified the Papyrus of Mutagenic Orientation
142923 | Zig:7    | Entered Level 7 of a ziggurat
142928 | Zig:7    | Reached ***** piety under Makhleb
143064 | Zig:8    | Entered Level 8 of a ziggurat
143070 | Zig:8    | Noticed a greater mummy
143073 | Zig:8    | Noticed a greater mummy
143075 | Zig:8    | Killed a greater mummy
143077 | Zig:8    | Killed a greater mummy
143077 | Zig:8    | Reached skill level 10 in Invocations
143079 | Zig:8    | Reached ****** piety under Makhleb
143088 | Zig:8    | Got a shimmering plate armour
143119 | Zig:8    | Identified the cursed +0 plate armour "Akkuror" {rElec Slay+3 SInv} (You found it on level 8 of a ziggurat)
143243 | Zig:9    | Entered Level 9 of a ziggurat
143250 | Zig:9    | Noticed an ancient lich
143252 | Zig:9    | Noticed an ancient lich
143252 | Zig:9    | Killed an ancient lich
143254 | Zig:9    | Noticed an ancient lich
143254 | Zig:9    | Noticed an ancient lich
143254 | Zig:9    | Killed an ancient lich
143255 | Zig:9    | Noticed an ancient lich
143256 | Zig:9    | Killed an ancient lich
143256 | Zig:9    | Killed an ancient lich
143258 | Zig:9    | Killed an ancient lich
143286 | Zig:9    | Identified the Catalogue of Warped Good Luck
143403 | Zig:10   | Entered Level 10 of a ziggurat
143408 | Zig:10   | Noticed a greater mummy
143408 | Zig:10   | Noticed a greater mummy
143408 | Zig:10   | Noticed a greater mummy
143409 | Zig:10   | Noticed a greater mummy
143412 | Zig:10   | Killed a greater mummy
143412 | Zig:10   | Killed a greater mummy
143414 | Zig:10   | Killed a greater mummy
143414 | Zig:10   | Killed a greater mummy
143449 | Zig:10   | Got a shimmering gossamer ring
143457 | Zig:10   | Got an ebony morningstar
143458 | Zig:10   | Identified the +7 morningstar "Urphyxuve" {pain, Int+4} (You found it on level 10 of a ziggurat)
143463 | Zig:10   | Identified the ring of Durakh {rN+ Int+2 Dex+4} (You found it on level 10 of a ziggurat)
143614 | Zig:11   | Entered Level 11 of a ziggurat
143623 | Zig:11   | Reached skill level 10 in Hexes
143625 | Zig:11   | Reached skill level 27 in Transmutations
143629 | Zig:11   | Reached skill level 27 in Ice Magic
143663 | Zig:11   | Got a brightly glowing plate armour
143675 | Zig:11   | Identified the +10 plate armour "Tadghis" {rElec rF++ Str-3 Int+4} (You found it on level 11 of a ziggurat)
143685 | Zig:11   | Got a brightly glowing dagger
143686 | Zig:11   | Identified the +11 dagger of the Illusory Ships {pain, MR+} (You found it on level 11 of a ziggurat)
143763 | Zig:12   | Entered Level 12 of a ziggurat
143777 | Zig:12   | Noticed Ogoazus the pandemonium lord
143779 | Zig:12   | Reached skill level 15 in Charms
143783 | Zig:12   | Killed Ogoazus the pandemonium lord
143783 | Zig:12   | Reached skill level 15 in Invocations
143794 | Zig:12   | Got a crude chain mail
143831 | Zig:12   | Identified the +6 chain mail of the Good {*Contam +Blink Slay+2 Stlth+} (You found it on level 12 of a ziggurat)
144039 | Zig:13   | Entered Level 13 of a ziggurat
144077 | Zig:13   | Got a scorched steel ring
144091 | Zig:13   | Identified Ekiasa's Guide on Evil Arts and Creation
144093 | Zig:13   | Identified the Collected Works on the Warped Rocks
144102 | Zig:13   | Identified the ring of the Equinox {rElec rF+} (You found it on level 13 of a ziggurat)
144138 | Zig:14   | Entered Level 14 of a ziggurat
144150 | Zig:14   | Noticed a juggernaut
144152 | Zig:14   | Noticed a juggernaut
144152 | Zig:14   | Reached skill level 15 in Stealth
144153 | Zig:14   | Noticed a juggernaut
144158 | Zig:14   | Killed a juggernaut
144159 | Zig:14   | Killed a juggernaut
144159 | Zig:14   | Killed a juggernaut
144186 | Zig:14   | Identified the Catalogue of Stones and Weightlessness
144200 | Zig:14   | Got a translucent hand axe
144201 | Zig:14   | Identified the +4 hand axe of Imminent Death {flame, -Tele rPois rN+} (You found it on level 14 of a ziggurat)
144225 | Zig:15   | Entered Level 15 of a ziggurat
144282 | Zig:15   | Reached skill level 15 in Hexes
144284 | Zig:15   | Identified Sif Muna's Disquisition on Damaging Moulding
144288 | Zig:15   | Identified Dial's Volume of Feathery Ice
144357 | Zig:16   | Entered Level 16 of a ziggurat
144588 | Zig:16   | Got an opalescent robe
144594 | Zig:16   | Got an ichor-stained swamp dragon armour
144611 | Zig:16   | Got a slimy plate armour
144622 | Zig:16   | Got a twitching brass ring
144656 | Zig:16   | Got a steaming blowgun
144658 | Zig:16   | Identified the +10 blowgun of Dissolution {speed, Str+2 Dex+4 Stlth+} (You found it on level 16 of a ziggurat)
144671 | Zig:16   | Identified the +6 swamp dragon armour of Sif Muna's Hope {rPois rC+ SInv} (You found it on level 16 of a ziggurat)
144681 | Zig:16   | Identified the +1 robe of Divine Compulsion {Dex+4} (You found it on level 16 of a ziggurat)
144691 | Zig:16   | Identified the +11 plate armour of the Three Blessings {rElec rC- Stlth+} (You found it on level 16 of a ziggurat)
144706 | Zig:16   | Identified the ring of Paerit {rElec rPois MP+9 Int+5 Dex-4} (You found it on level 16 of a ziggurat)
144727 | Zig:17   | Entered Level 17 of a ziggurat
144744 | Zig:17   | Reached skill level 1 in Polearms
144744 | Zig:17   | Reached skill level 1 in Long Blades
144744 | Zig:17   | Reached skill level 1 in Unarmed Combat
144781 | Zig:17   | Got a dazzling trident
144786 | Zig:17   | Identified Sif Muna's Handbook of Curses
144805 | Zig:17   | Got a translucent lapis lazuli ring
144812 | Zig:17   | Identified the Reference Book on the Birds and Conjuration
144817 | Zig:17   | Got a faintly glowing steel ring
144841 | Zig:17   | Got a steaming falchion
144843 | Zig:17   | Identified the +7 trident of Sylan Mie {speed, rF++ Int-3 SInv} (You found it on level 17 of a ziggurat)
144844 | Zig:17   | Identified the +2 falchion of Sunlight {vamp, +Rage MP+9 Int-2 SInv} (You found it on level 17 of a ziggurat)
144849 | Zig:17   | Identified the ring of Oraora {+Blink AC+2 Str+4 Dex+4} (You found it on level 17 of a ziggurat)
144851 | Zig:17   | Identified the ring of the Ships {Str+7 Dex+5 Stlth+} (You found it on level 17 of a ziggurat)
144883 | Zig:18   | Entered Level 18 of a ziggurat
144904 | Zig:18   | Reached skill level 5 in Long Blades
144907 | Zig:18   | Reached skill level 5 in Polearms
144908 | Zig:18   | Reached skill level 5 in Unarmed Combat
144929 | Zig:18   | Got a warped ring mail
144950 | Zig:18   | Got a transparent hand axe
144952 | Zig:18   | Identified the +10 hand axe of Qempap {venom, rPois MR- Str+5} (You found it on level 18 of a ziggurat)
144971 | Zig:18   | Identified the +5 ring mail "Sonuref" {rC+ MP-9 Str+3 Dex+6} (You found it on level 18 of a ziggurat)
144992 | Zig:18   | Goblin1989: hah
145141 | Zig:19   | Entered Level 19 of a ziggurat
145150 | Zig:19   | Noticed an ancient lich
145156 | Zig:19   | Killed an ancient lich
145158 | Zig:19   | Noticed an ancient lich
145159 | Zig:19   | Killed an ancient lich
145161 | Zig:19   | Noticed an ancient lich
145162 | Zig:19   | Noticed an ancient lich
145163 | Zig:19   | Noticed an ancient lich
145164 | Zig:19   | Noticed an ancient lich
145164 | Zig:19   | Noticed an ancient lich
145165 | Zig:19   | Killed an ancient lich
145166 | Zig:19   | Killed an ancient lich
145166 | Zig:19   | Killed an ancient lich
145166 | Zig:19   | Killed an ancient lich
145166 | Zig:19   | Killed an ancient lich
145167 | Zig:19   | Noticed an ancient lich
145167 | Zig:19   | Noticed an ancient lich
145171 | Zig:19   | Killed an ancient lich
145172 | Zig:19   | Killed an ancient lich
145229 | Zig:19   | Got a translucent ivory amulet
145233 | Zig:19   | Got a steaming lapis lazuli ring
145245 | Zig:19   | Got a heavily runed wooden ring
145255 | Zig:19   | Got a twisted short sword
145257 | Zig:19   | Identified the cursed +1 short sword of Aciumuod {flame, rElec Str+4 Dex+4} (You found it on level 19 of a ziggurat)
145262 | Zig:19   | Identified the amulet of Foikim {Inacc Str+4 Int+3} (You found it on level 19 of a ziggurat)
145266 | Zig:19   | Identified the ring "Wakeywywn" {+Blink MP+9 Str-2 Dex+2} (You found it on level 19 of a ziggurat)
145268 | Zig:19   | Identified the cursed ring "Wexist" {rN+ EV-3} (You found it on level 19 of a ziggurat)
145288 | Zig:20   | Entered Level 20 of a ziggurat
145337 | Zig:20   | Got a smoking marble ring
145344 | Zig:20   | Got an ancient dagger
145365 | Zig:20   | Got a pitted spear
145373 | Zig:20   | Got a clouded silver amulet
145387 | Zig:20   | Got a wizard robe
145391 | Zig:20   | Got a fine falchion
145398 | Zig:20   | Got a faintly glowing falchion
145404 | Zig:20   | Identified the +5 dagger "Hiupeono" {flame, Dex+4} (You found it on level 20 of a ziggurat)
145405 | Zig:20   | Identified the +8 falchion of Etasmaroawk {slice, rPois Str-3 Dex-4 SInv} (You found it on level 20 of a ziggurat)
145406 | Zig:20   | Identified the +8 falchion of Pakellas's Hatred {elec, Str+3} (You found it on level 20 of a ziggurat)
145407 | Zig:20   | Identified the +5 spear of the Hills {venom, +Blink rC++ rN+ Int-4} (You found it on level 20 of a ziggurat)
145422 | Zig:20   | Identified the +1 robe of Death Resistance {MP+9} (You found it on level 20 of a ziggurat)
145434 | Zig:20   | Identified the amulet of Foleul {Faith rElec Int-5 Slay+5 Stlth-} (You found it on level 20 of a ziggurat)
145440 | Zig:20   | Identified the ring of Dim Light {+Inv rPois rN+ Str+4 Stlth+} (You found it on level 20 of a ziggurat)
145456 | Zig:21   | Entered Level 21 of a ziggurat
145484 | Zig:21   | Reached skill level 10 in Long Blades
145488 | Zig:21   | Reached skill level 10 in Polearms
145490 | Zig:21   | Reached skill level 10 in Unarmed Combat
145491 | Zig:21   | Noticed Syji the pandemonium lord
145494 | Zig:21   | Killed Syji the pandemonium lord
145529 | Zig:21   | Got a coiled ivory ring
145590 | Zig:21   | Identified the ring of Hobrat {rPois Str+3 Int+6 Dex-5 Slay+4 Stlth+} (You found it on level 21 of a ziggurat)
145600 | Zig:22   | Entered Level 22 of a ziggurat
145645 | Zig:22   | Joat: scary
145645 | Zig:22   | Goblin1989: I agree
145668 | Zig:22   | Goblin1989: You regained 14 mp, and now have 14/91 mp.
145702 | Zig:22   | Goblin1989: This time you need to remember! :)
145724 | Zig:22   | Got a pair of faintly glowing boots
145727 | Zig:22   | Got a smoking falchion
145731 | Zig:22   | Got an iridescent long sword
145734 | Zig:22   | Joat: ouch
145757 | Zig:22   | Got a twitching silver ring
145761 | Zig:22   | Got a distressingly furry chain mail
145764 | Zig:22   | Got a smoking ring mail
145779 | Zig:22   | Identified the +0 pair of boots of the Game Afoot {rC+ Dex+6} (You found it on level 22 of a ziggurat)
145790 | Zig:22   | Identified the +4 chain mail "Kiamol" {rF- rC+ rN++ SInv} (You found it on level 22 of a ziggurat)
145800 | Zig:22   | Identified the +5 ring mail "Pumugy" {Int-4 Dex+2 SInv} (You found it on level 22 of a ziggurat)
145813 | Zig:22   | Identified the ring "Medothr Juamy" {+Inv AC+3 Str+5} (You found it on level 22 of a ziggurat)
145818 | Zig:22   | Identified the +7 falchion "Axass" {flame, +Blink rN++ Dex-4} (You found it on level 22 of a ziggurat)
145819 | Zig:22   | Identified the cursed +1 long sword of Obbey {elec, rPois rN+ MP+9} (You found it on level 22 of a ziggurat)
145892 | Zig:23   | Entered Level 23 of a ziggurat
145904 | Zig:23   | Noticed an ancient lich
145905 | Zig:23   | Noticed an ancient lich
145907 | Zig:23   | Noticed an ancient lich
145909 | Zig:23   | Noticed an ancient lich
145909 | Zig:23   | Noticed an ancient lich
145911 | Zig:23   | Killed an ancient lich
145911 | Zig:23   | Killed an ancient lich
145911 | Zig:23   | Killed an ancient lich
145911 | Zig:23   | Killed an ancient lich
145912 | Zig:23   | Noticed an ancient lich
145913 | Zig:23   | Killed an ancient lich
145915 | Zig:23   | Killed an ancient lich
145919 | Zig:23   | Noticed an ancient lich
145920 | Zig:23   | Noticed an ancient lich
145924 | Zig:23   | Killed an ancient lich
145924 | Zig:23   | Killed an ancient lich
145977 | Zig:23   | Got a slimy copper ring
145990 | Zig:23   | Got a smoking short sword
145994 | Zig:23   | Got a translucent mace
145996 | Zig:23   | Identified the +8 short sword "Ocaihux" {drain, rPois Str+3 Dex+2} (You found it on level 23 of a ziggurat)
145997 | Zig:23   | Identified the +6 mace of Trog's Generosity {drain, rF- rN++ SInv Stlth+} (You found it on level 23 of a ziggurat)
146030 | Zig:24   | Entered Level 24 of a ziggurat
146082 | Zig:24   | Got a faintly glowing iron amulet
146107 | Zig:24   | Got a brightly glowing iron amulet
146122 | Zig:24   | Got a scorched lead amulet
146135 | Zig:24   | Identified the amulet of Vavevey {+Rage Int+3} (You found it on level 24 of a ziggurat)
146137 | Zig:24   | Identified the amulet "Giullaha" {Faith rC++ Str-4} (You found it on level 24 of a ziggurat)
146139 | Zig:24   | Identified the amulet of the Establishment {Reflect Int+9 SH+2} (You found it on level 24 of a ziggurat)
146141 | Zig:24   | Identified the ring of Kekkac {rPois rF+ MP-9 Str+5 Slay+4} (You found it on level 23 of a ziggurat)
146172 | Zig:25   | Entered Level 25 of a ziggurat
146193 | Zig:25   | Noticed an ancient lich
146194 | Zig:25   | Noticed an ancient lich
146195 | Zig:25   | Noticed an ancient lich
146197 | Zig:25   | Noticed an ancient lich
146199 | Zig:25   | Killed an ancient lich
146199 | Zig:25   | Killed an ancient lich
146200 | Zig:25   | Noticed an ancient lich
146203 | Zig:25   | Killed an ancient lich
146203 | Zig:25   | Killed an ancient lich
146204 | Zig:25   | Killed an ancient lich
146205 | Zig:25   | Noticed an ancient lich
146205 | Zig:25   | Noticed an ancient lich
146211 | Zig:25   | Killed an ancient lich
146213 | Zig:25   | Killed an ancient lich
146228 | Zig:25   | Got an ancient lapis lazuli ring
146231 | Zig:25   | Got a translucent wooden ring
146252 | Zig:25   | Got a clouded ivory ring
146274 | Zig:25   | Identified the ring of Utzeliamo {MP+9 SInv} (You found it on level 25 of a ziggurat)
146276 | Zig:25   | Identified the ring "Laizogem" {rF+ MP+9} (You found it on level 25 of a ziggurat)
146278 | Zig:25   | Identified the ring "Velloro" {rElec Str+3 Int-2 Stlth-} (You found it on level 25 of a ziggurat)
146289 | Zig:25   | Got an ancient rapier
146290 | Zig:25   | Identified the +3 rapier of Causality {venom, rElec Str+5} (You found it on level 25 of a ziggurat)
146300 | Zig:25   | Got a crude hand axe
146301 | Zig:25   | Identified the +4 hand axe of Oreom {vamp, rElec MR++ Str+3} (You found it on level 25 of a ziggurat)
146425 | Zig:26   | Entered Level 26 of a ziggurat
146456 | Zig:26   | Reached skill level 15 in Long Blades
146456 | Zig:26   | Reached skill level 15 in Unarmed Combat
146462 | Zig:26   | Reached skill level 15 in Polearms
146465 | Zig:26   | Noticed Jusiytt the pandemonium lord
146480 | Zig:26   | Killed Jusiytt the pandemonium lord
146604 | Zig:26   | Got a steaming short sword
146626 | Zig:26   | Got a crude plate armour
146637 | Zig:26   | Identified the +9 plate armour "Kuall" {+Inv} (You found it on level 26 of a ziggurat)
146657 | Zig:26   | Got a spiked plate armour
146668 | Zig:26   | Identified the +7 plate armour "Tuguenas" {rPois rC+} (You found it on level 26 of a ziggurat)
146841 | Zig:27   | Entered Level 27 of a ziggurat
146893 | Zig:27   | Got a slimy platinum ring
146900 | Zig:27   | Got a glittering bronze ring
146932 | Zig:27   | Got a warped golden ring
146934 | Zig:27   | Identified the ring of Pasedaawk {MR+ Int+3 Dex+2 Stlth+} (You found it on level 27 of a ziggurat)
147224 | Zig:27   | Got a brightly glowing dagger
147226 | Zig:27   | Identified the +7 dagger of Ciuvuisa {vamp, rN+ Str+4 Dex-2} (You found it on level 27 of a ziggurat)
147227 | Zig:27   | Identified the +7 short sword "Liveupepp" {elec, +Blink Str+2} (You found it on level 26 of a ziggurat)
147234 | Zig:27   | Got a bloodstained long sword
147235 | Zig:27   | Identified the +3 long sword "Tiury" {elec, *Rage rC+ Dex+9} (You found it on level 27 of a ziggurat)
147240 | Zig:27   | Got a smelly chain mail
147251 | Zig:27   | Identified the +8 chain mail "Metes" {Slay+2} (You found it on level 27 of a ziggurat)
147265 | Zig:27   | Got a shimmering long sword
147266 | Zig:27   | Identified the +8 long sword of the Vaults {flame, rElec Stlth+} (You found it on level 27 of a ziggurat)
147276 | Zig:27   | Got a faintly glowing buckler
147287 | Zig:27   | Identified the cursed +0 buckler of Dawn {+Fly rF+} (You found it on level 27 of a ziggurat)
147326 | Lair:1   | Identified the ring of Curiosity {Str+3 Stlth-} (You found it on level 27 of a ziggurat)
147328 | Lair:1   | Identified the ring of Fedhas's Anger {+Fly Str+6} (You found it on level 27 of a ziggurat)
147441 | Zig:1    | Entered Level 1 of a ziggurat
147501 | Zig:2    | Entered Level 2 of a ziggurat
147541 | Zig:3    | Entered Level 3 of a ziggurat
147541 | Zig:3    | Noticed an ancient lich
147543 | Zig:3    | Killed an ancient lich
147548 | Zig:3    | Reached skill level 27 in Invocations
147586 | Zig:4    | Entered Level 4 of a ziggurat
147633 | Zig:5    | Entered Level 5 of a ziggurat
147636 | Zig:5    | Noticed a greater mummy
147636 | Zig:5    | Noticed a greater mummy
147636 | Zig:5    | Noticed a greater mummy
147643 | Zig:5    | Killed a greater mummy
147643 | Zig:5    | Killed a greater mummy
147644 | Zig:5    | Killed a greater mummy
147656 | Zig:5    | Got a twitching amber ring
147660 | Zig:5    | Got a warped war axe
147661 | Zig:5    | Identified the +6 war axe "Gokale" {venom, -Tele rPois Dex+2} (You found it on level 5 of a ziggurat)
147665 | Zig:5    | Identified the ring "Zobi Tenn" {rF+ MR+} (You found it on level 5 of a ziggurat)
147818 | Zig:6    | Entered Level 6 of a ziggurat
147847 | Zig:6    | Got a sparkling bronze ring
147888 | Zig:6    | Got a jewelled leather armour
147899 | Zig:6    | Identified the +1 leather armour of Adabroab {rC+} (You found it on level 6 of a ziggurat)
147913 | Zig:6    | Identified the ring "Tamofez" {rPois Dex+3 Slay+3} (You found it on level 6 of a ziggurat)
147993 | Zig:7    | Entered Level 7 of a ziggurat
148014 | Zig:7    | Got a pitted iron ring
148073 | Zig:7    | Identified the ring of Ulilaf {MR+ Dex+3} (You found it on level 7 of a ziggurat)
148114 | Zig:8    | Entered Level 8 of a ziggurat
148138 | Zig:8    | Got a coiled bronze ring
148239 | Zig:8    | Identified the ring of the Queen {MR+ Dex+3} (You found it on level 8 of a ziggurat)
148258 | Zig:9    | Entered Level 9 of a ziggurat
148264 | Zig:9    | Noticed an ancient lich
148264 | Zig:9    | Noticed an ancient lich
148268 | Zig:9    | Killed an ancient lich
148268 | Zig:9    | Killed an ancient lich
148282 | Zig:9    | Got a slimy granite ring
148396 | Zig:9    | Identified the ring of Orihotet {rCorr rF+} (You found it on level 9 of a ziggurat)
148414 | Zig:10   | Entered Level 10 of a ziggurat
148442 | Zig:10   | Got a flickering pewter amulet
148463 | Zig:10   | Was forgiven by Vehumet
148484 | Zig:10   | Got a shimmering iron ring
148560 | Zig:10   | Identified the amulet "Taan" {Spirit rF+} (You found it on level 10 of a ziggurat)
148566 | Zig:10   | Identified the ring of Pacieguu {SustAt MR+} (You found it on level 10 of a ziggurat)
148817 | Zig:11   | Entered Level 11 of a ziggurat
148821 | Zig:11   | Noticed Dunecvybai the pandemonium lord
148822 | Zig:11   | Noticed Satteat the pandemonium lord
148822 | Zig:11   | Noticed Orota Diri the pandemonium lord
148824 | Zig:11   | Noticed Uhunump the pandemonium lord
148824 | Zig:11   | Noticed Cakeuf the pandemonium lord
148824 | Zig:11   | Noticed Xumey the pandemonium lord
148825 | Zig:11   | Noticed Jaizus the pandemonium lord
148825 | Zig:11   | Noticed Hodghuof the pandemonium lord
148827 | Zig:11   | Noticed Lewetwok the pandemonium lord
148828 | Zig:11   | Noticed Nicec the pandemonium lord
148828 | Zig:11   | Noticed Deegerue the pandemonium lord
148828 | Zig:11   | Noticed Yfe Oclu the pandemonium lord
148828 | Zig:11   | Noticed Lynafier the pandemonium lord
148828 | Zig:11   | Noticed Deptekur the pandemonium lord
148829 | Zig:11   | Killed Lewetwok the pandemonium lord
148829 | Zig:11   | Killed Dunecvybai the pandemonium lord
148829 | Zig:11   | Killed Cakeuf the pandemonium lord
148830 | Zig:11   | Noticed Lonou the pandemonium lord
148830 | Zig:11   | Noticed Gasas the pandemonium lord
148830 | Zig:11   | Killed Satteat the pandemonium lord
148830 | Zig:11   | Killed Orota Diri the pandemonium lord
148830 | Zig:11   | Killed Uhunump the pandemonium lord
148830 | Zig:11   | Killed Xumey the pandemonium lord
148830 | Zig:11   | Killed Hodghuof the pandemonium lord
148831 | Zig:11   | Killed Lynafier the pandemonium lord
148833 | Zig:11   | Killed Yfe Oclu the pandemonium lord
148837 | Zig:11   | Killed Jaizus the pandemonium lord
148840 | Zig:11   | Killed Deegerue the pandemonium lord
148840 | Zig:11   | Killed Lonou the pandemonium lord
148840 | Zig:11   | Killed Deptekur the pandemonium lord
148844 | Zig:11   | Killed Nicec the pandemonium lord
148844 | Zig:11   | Killed Gasas the pandemonium lord
148849 | Zig:11   | Goblin1989: You take 25 damage, and have 224/249 hp. You regained 23 mp, and now have 43/72 mp.
148849 | Zig:11   | Goblin1989: PBP 3
148870 | Zig:11   | Got a transparent helmet
148915 | Zig:11   | Identified the +2 helmet of Eholimuob {MR+ Str+4 Dex+2} (You found it on level 11 of a ziggurat)
149001 | Zig:12   | Entered Level 12 of a ziggurat
149019 | Zig:12   | Joat: uhoh
149023 | Zig:12   | Goblin1989: heh
149173 | Zig:12   | Got a bound turquoise ring
149182 | Zig:12   | Joat: living on the edge
149256 | Zig:12   | Goblin1989: No, I had everything under control. :)
149260 | Zig:12   | Got a crystal demon blade
149262 | Zig:12   | Got a slimy scale mail
149278 | Zig:12   | Identified the +8 scale mail of the Seven Curses {Dex+3 Slay+2 Stlth+} (You found it on level 12 of a ziggurat)
149292 | Zig:12   | Got a bloodstained flail
149297 | Zig:12   | Identified the +9 flail "Xoggos" {crush, rF+ Int+7} (You found it on level 12 of a ziggurat)
149298 | Zig:12   | Identified the +7 demon blade "Emmept" {speed, rF+ Str+3 Dex+3} (You found it on level 12 of a ziggurat)
149305 | Zig:13   | Entered Level 13 of a ziggurat
149347 | Zig:13   | Got a sparkling turquoise ring
149348 | Zig:13   | Joat: random door
149364 | Zig:13   | Got a faintly glowing broad axe
149500 | Zig:13   | Identified the ring of Wygiq {+Blink rPois SInv} (You found it on level 12 of a ziggurat)
149502 | Zig:13   | Identified the ring "Ratis" {Fire rN+ Dex+2 Stlth+} (You found it on level 13 of a ziggurat)
149519 | Zig:14   | Entered Level 14 of a ziggurat
149580 | Zig:14   | Got a wavering jade ring
149647 | Zig:14   | Got an ancient chain mail
149658 | Zig:14   | Identified the +8 chain mail of Rialaech {-Tele rPois Str-5 Slay+5 SInv} (You found it on level 14 of a ziggurat)
149670 | Zig:14   | Identified the ring of the Trilobite {+Inv MP+9 Str+6 Int+4} (You found it on level 14 of a ziggurat)
149680 | Zig:14   | Goblin1989: lol
149680 | Zig:14   | Goblin1989: I was already a lot of ziggurats that this wand I have already appeared.
149717 | Zig:15   | Entered Level 15 of a ziggurat
149724 | Zig:15   | Noticed an ancient lich
149725 | Zig:15   | Noticed an ancient lich
149726 | Zig:15   | Noticed an ancient lich
149726 | Zig:15   | Noticed an ancient lich
149728 | Zig:15   | Killed an ancient lich
149728 | Zig:15   | Killed an ancient lich
149731 | Zig:15   | Killed an ancient lich
149731 | Zig:15   | Killed an ancient lich
149733 | Zig:15   | Noticed an ancient lich
149733 | Zig:15   | Noticed an ancient lich
149735 | Zig:15   | Noticed an ancient lich
149735 | Zig:15   | Noticed an ancient lich
149735 | Zig:15   | Killed an ancient lich
149736 | Zig:15   | Noticed an ancient lich
149737 | Zig:15   | Killed an ancient lich
149739 | Zig:15   | Noticed an ancient lich
149739 | Zig:15   | Noticed an ancient lich
149740 | Zig:15   | Killed an ancient lich
149747 | Zig:15   | Killed an ancient lich
149747 | Zig:15   | Killed an ancient lich
149748 | Zig:15   | Killed an ancient lich
149749 | Zig:15   | Killed an ancient lich
149766 | Zig:15   | Got a jewelled cloak
149771 | Zig:15   | Got a wavering silver ring
149779 | Zig:15   | Got a steaming plate armour
149911 | Zig:15   | Joat: how old is this character, in real time terms?
149911 | Zig:15   | Goblin1989: I've been playing them since May
149911 | Zig:15   | Joat: wow
149911 | Zig:15   | Joat: I never last 24h lol
149911 | Zig:15   | Goblin1989: But in fact, not regularly. I prefer to play the version 0.17
149911 | Zig:15   | Goblin1989: Just for my purposes right for this game.
149912 | Zig:15   | Identified the ring of Surprise {rN+ Str+4 SInv} (You found it on level 15 of a ziggurat)
149926 | Zig:15   | Identified the +8 plate armour of Defiance {rF- rCorr Int+4} (You found it on level 15 of a ziggurat)
149947 | Zig:15   | Identified the +0 cloak "Didghatewk" {rC+} (You found it on level 15 of a ziggurat)
149964 | Zig:16   | Entered Level 16 of a ziggurat
149980 | Zig:16   | Paralysed by accursed screaming for 2 turns
150122 | Zig:16   | Got a crude copper amulet
150151 | Zig:16   | Got a twisted scimitar
150153 | Zig:16   | Identified the +4 scimitar of Trauma {slice, Dex+3 SInv} (You found it on level 16 of a ziggurat)
150154 | Zig:16   | Identified the cursed +1 broad axe of Kaedeogg {flame, Int+2} (You found it on level 13 of a ziggurat)
150160 | Zig:16   | Identified the amulet "Qaluggil" {+Rage rPois Dex+4} (You found it on level 16 of a ziggurat)
150224 | Zig:17   | Entered Level 17 of a ziggurat
150448 | Zig:17   | Got a warped brass ring
150460 | Zig:17   | Got a shimmering bone ring
150474 | Zig:17   | Got a brightly glowing leather armour
150485 | Zig:17   | Identified the +1 leather armour of Untold Secrets {rC+ Dex-5 Slay+3} (You found it on level 17 of a ziggurat)
150497 | Zig:17   | Identified the ring of Arphuo {+Blink Str+4 Dex+3 SInv} (You found it on level 17 of a ziggurat)
150499 | Zig:17   | Identified the ring "Nayschun" {rC+ Dex+2} (You found it on level 17 of a ziggurat)
150517 | Zig:18   | Entered Level 18 of a ziggurat
150534 | Zig:18   | Reached skill level 27 in Translocations
150541 | Zig:18   | Reached skill level 27 in Hexes
150769 | Zig:19   | Entered Level 19 of a ziggurat
150781 | Zig:19   | Noticed a juggernaut
150781 | Zig:19   | Noticed a juggernaut
150783 | Zig:19   | Noticed a juggernaut
150787 | Zig:19   | Killed a juggernaut
150790 | Zig:19   | Noticed a juggernaut
150791 | Zig:19   | Killed a juggernaut
150791 | Zig:19   | Killed a juggernaut
150792 | Zig:19   | Noticed a juggernaut
150797 | Zig:19   | Killed a juggernaut
150800 | Zig:19   | Killed a juggernaut
150803 | Zig:19   | Reached skill level 27 in Stealth
150809 | Zig:19   | Got a scorched silver amulet
150811 | Zig:19   | Got a fine steel ring
150844 | Zig:19   | Got a fine bronze ring
151025 | Zig:19   | Got a steaming great sword
151030 | Zig:19   | Identified the amulet "Qagoc" {Gourm MP+9} (You found it on level 19 of a ziggurat)
151035 | Zig:19   | Identified the ring "Duuhanim" {Str+4 Stlth+} (You found it on level 19 of a ziggurat)
151037 | Zig:19   | Identified the ring "Wotey" {*Drain rPois MP+9 Dex+4 Slay+4} (You found it on level 19 of a ziggurat)
151047 | Zig:20   | Entered Level 20 of a ziggurat
151057 | Zig:20   | Noticed a greater mummy
151064 | Zig:20   | Noticed a greater mummy
151065 | Zig:20   | Noticed a greater mummy
151065 | Zig:20   | Noticed a greater mummy
151066 | Zig:20   | Reached skill level 27 in Staves
151067 | Zig:20   | Noticed a greater mummy
151067 | Zig:20   | Noticed a greater mummy
151068 | Zig:20   | Noticed a greater mummy
151068 | Zig:20   | Killed a greater mummy
151069 | Zig:20   | Noticed a greater mummy
151069 | Zig:20   | Noticed a greater mummy
151070 | Zig:20   | Killed a greater mummy
151071 | Zig:20   | Noticed a greater mummy
151072 | Zig:20   | Noticed a greater mummy
151073 | Zig:20   | Noticed a greater mummy
151073 | Zig:20   | Killed a greater mummy
151073 | Zig:20   | Killed a greater mummy
151073 | Zig:20   | Killed a greater mummy
151073 | Zig:20   | Killed a greater mummy
151074 | Zig:20   | Noticed a greater mummy
151076 | Zig:20   | Killed a greater mummy
151076 | Zig:20   | Killed a greater mummy
151076 | Zig:20   | Killed a greater mummy
151076 | Zig:20   | Killed a greater mummy
151076 | Zig:20   | Killed a greater mummy
151077 | Zig:20   | Noticed a greater mummy
151078 | Zig:20   | Noticed a greater mummy
151078 | Zig:20   | Killed a greater mummy
151078 | Zig:20   | Killed a greater mummy
151081 | Zig:20   | Noticed a greater mummy
151081 | Zig:20   | Noticed a greater mummy
151081 | Zig:20   | Noticed a greater mummy
151081 | Zig:20   | Reached skill level 27 in Charms
151083 | Zig:20   | Killed a greater mummy
151084 | Zig:20   | Killed a greater mummy
151085 | Zig:20   | Noticed a greater mummy
151098 | Zig:20   | Killed a greater mummy
151099 | Zig:20   | Killed a greater mummy
151099 | Zig:20   | Killed a greater mummy
151099 | Zig:20   | Killed a greater mummy
151173 | Zig:20   | Got an ancient long sword
151206 | Zig:20   | ololoev: yo
151206 | Zig:20   | Goblin1989: yo
151209 | Zig:20   | ololoev: ну как с хлебом?
151210 | Zig:20   | ololoev: нормально ченнелить успеваешь?
151210 | Zig:20   | Goblin1989: веселее чуть-чуть :)
151210 | Zig:20   | Goblin1989: у меня тут -24 AC было
151210 | Zig:20   | Goblin1989: и пару раз парализовало
151210 | Zig:20   | Goblin1989: и один уровень с 0 МП
151210 | Zig:20   | Goblin1989: но там я затупил
151210 | Zig:20   | ololoev: кстати есть маза вкачать топоры и таскать с собой аргу, в сайлент этажах вроде есть гады с релеком толстые
151210 | Zig:20   | Goblin1989: да ниче
151210 | Zig:20   | Goblin1989: нормально
151210 | Zig:20   | Goblin1989: а вот ни му, ни ОЦПА нету
151210 | Zig:20   | Goblin1989: и это печааально
151334 | Zig:20   | Got a crystal blowgun
151336 | Zig:20   | Identified the +9 blowgun of Cimikhie {speed, rC+} (You found it on level 20 of a ziggurat)
151339 | Zig:20   | Got an iridescent flail
151340 | Zig:20   | Identified the +7 long sword of Sera {pain, +Blink SInv} (You found it on level 20 of a ziggurat)
151341 | Zig:20   | Identified the +4 flail of Governance {crush, rElec rC+ Dex+3 Stlth+} (You found it on level 20 of a ziggurat)
151350 | Zig:21   | Entered Level 21 of a ziggurat
151406 | Zig:21   | Goblin1989: You regained 51 mp, and now have 52/54 mp.
151406 | Zig:21   | Goblin1989: !!!!!
151417 | Zig:21   | Got a fine ivory ring
151441 | Zig:21   | Got a heavily runed platinum ring
151482 | Zig:21   | Got a twitching brass amulet
151498 | Zig:21   | Got a pitted mace
151500 | Zig:21   | Identified the +6 mace "Anin" {speed, rElec Str-3 Stlth+} (You found it on level 21 of a ziggurat)
151505 | Zig:21   | Identified the amulet of the Sky {Inacc +Blink rPois rN+ MR+} (You found it on level 21 of a ziggurat)
151508 | Zig:21   | Identified the ring "Foybburypn" {rN+ Str+5} (You found it on level 21 of a ziggurat)
151510 | Zig:21   | Identified the ring of Ciept {+Inv +Fly rF++ rC- Int+2 SInv} (You found it on level 21 of a ziggurat)
151657 | Zig:22   | Entered Level 22 of a ziggurat
151787 | Zig:22   | Got a ring of the Octopus King
151791 | Zig:22   | Got a scorched copper ring
151804 | Zig:22   | Got an encrusted spear
151806 | Zig:22   | Identified the +8 spear "Seocatz" {pierce, rPois rF+ Int+4} (You found it on level 22 of a ziggurat)
151810 | Zig:22   | Identified a ring of the Octopus King {rF+ AC+1 EV+1 Str+1 Int+1 Dex+1} (You found it on level 22 of a ziggurat)
151812 | Zig:22   | Identified the ring of Kumuadit {MR+ Int+3} (You found it on level 22 of a ziggurat)
151962 | Zig:23   | Entered Level 23 of a ziggurat
151971 | Zig:23   | Noticed Zemiwi the pandemonium lord
151974 | Zig:23   | Noticed Vazown Itah the pandemonium lord
151975 | Zig:23   | Noticed Zonnuf the pandemonium lord
151975 | Zig:23   | Noticed Vipipp the pandemonium lord
151975 | Zig:23   | Noticed Arhokemm the pandemonium lord
151977 | Zig:23   | Noticed Woomaika the pandemonium lord
151977 | Zig:23   | Noticed Xeappips the pandemonium lord
151978 | Zig:23   | Noticed Qiucugih the pandemonium lord
151978 | Zig:23   | Noticed Xoheod the pandemonium lord
151979 | Zig:23   | Noticed Miese the pandemonium lord
151979 | Zig:23   | Noticed Rywang the pandemonium lord
151979 | Zig:23   | Noticed Usiangapso the pandemonium lord
151979 | Zig:23   | Reached skill level 1 in Crossbows
151979 | Zig:23   | Reached skill level 1 in Short Blades
151979 | Zig:23   | Reached skill level 1 in Maces & Flails
151980 | Zig:23   | Reached skill level 1 in Axes
151980 | Zig:23   | Reached skill level 1 in Bows
151981 | Zig:23   | Noticed Teopsed the pandemonium lord
151981 | Zig:23   | Noticed Viech the pandemonium lord
151981 | Zig:23   | Noticed Ytucladu the pandemonium lord
151981 | Zig:23   | Killed Zemiwi the pandemonium lord
151982 | Zig:23   | Noticed Obbyuf the pandemonium lord
151982 | Zig:23   | Killed Vipipp the pandemonium lord
151983 | Zig:23   | Noticed Bekiogout the pandemonium lord
151984 | Zig:23   | Noticed Ytrequt the pandemonium lord
151984 | Zig:23   | Killed Miese the pandemonium lord
151984 | Zig:23   | Killed Qiucugih the pandemonium lord
151987 | Zig:23   | Killed Usiangapso the pandemonium lord
151987 | Zig:23   | Killed Rywang the pandemonium lord
151987 | Zig:23   | Killed Xoheod the pandemonium lord
151987 | Zig:23   | Killed Viech the pandemonium lord
151990 | Zig:23   | Noticed Tybaavez the pandemonium lord
151990 | Zig:23   | Noticed Ymev the pandemonium lord
151990 | Zig:23   | Killed Ytucladu the pandemonium lord
151990 | Zig:23   | Killed Woomaika the pandemonium lord
151990 | Zig:23   | Killed Arhokemm the pandemonium lord
151990 | Zig:23   | Killed Tybaavez the pandemonium lord
151990 | Zig:23   | Killed Vazown Itah the pandemonium lord
151991 | Zig:23   | Noticed Usijooz the pandemonium lord
151991 | Zig:23   | Killed Zonnuf the pandemonium lord
151991 | Zig:23   | Killed Ymev the pandemonium lord
151992 | Zig:23   | Noticed Jusin the pandemonium lord
151992 | Zig:23   | Killed Bekiogout the pandemonium lord
151992 | Zig:23   | Killed Teopsed the pandemonium lord
151992 | Zig:23   | Killed Xeappips the pandemonium lord
151992 | Zig:23   | Killed Obbyuf the pandemonium lord
151992 | Zig:23   | Killed Ytrequt the pandemonium lord
151993 | Zig:23   | Noticed Voatinep the pandemonium lord
151993 | Zig:23   | Noticed Kiucosod the pandemonium lord
151993 | Zig:23   | Noticed Qiet the pandemonium lord
151993 | Zig:23   | Noticed Wiet the pandemonium lord
151993 | Zig:23   | Noticed Ducuahorgho the pandemonium lord
151993 | Zig:23   | Noticed Toipou the pandemonium lord
151993 | Zig:23   | Noticed Aluytyq the pandemonium lord
151993 | Zig:23   | Noticed Wonyimia the pandemonium lord
151993 | Zig:23   | Noticed Xoich the pandemonium lord
151993 | Zig:23   | Noticed Quitolo the pandemonium lord
151993 | Zig:23   | Noticed Fufik the pandemonium lord
151993 | Zig:23   | Noticed Roamewko the pandemonium lord
151993 | Zig:23   | Noticed Irphuvaorr the pandemonium lord
151993 | Zig:23   | Noticed Guskoah the pandemonium lord
151993 | Zig:23   | Noticed Bohepo the pandemonium lord
151993 | Zig:23   | Noticed Lunedoit the pandemonium lord
151993 | Zig:23   | Noticed Taukhiel the pandemonium lord
151993 | Zig:23   | Noticed Enoraavu the pandemonium lord
151993 | Zig:23   | Noticed Ickeceic the pandemonium lord
151993 | Zig:23   | Reached skill level 5 in Crossbows
151993 | Zig:23   | Killed Ducuahorgho the pandemonium lord
151994 | Zig:23   | Reached skill level 5 in Axes
151994 | Zig:23   | Reached skill level 5 in Maces & Flails
151994 | Zig:23   | Reached skill level 5 in Bows
151995 | Zig:23   | Noticed Hirch the pandemonium lord
151995 | Zig:23   | Noticed Galoho Rihu the pandemonium lord
151996 | Zig:23   | Killed Aluytyq the pandemonium lord
151996 | Zig:23   | Reached skill level 5 in Short Blades
151996 | Zig:23   | Killed Taukhiel the pandemonium lord
151996 | Zig:23   | Killed Irphuvaorr the pandemonium lord
151998 | Zig:23   | Noticed Totuwenemp the pandemonium lord
151998 | Zig:23   | Killed Xoich the pandemonium lord
152004 | Zig:23   | Killed Usijooz the pandemonium lord
152005 | Zig:23   | Killed Kiucosod the pandemonium lord
152006 | Zig:23   | Killed Totuwenemp the pandemonium lord
152006 | Zig:23   | Killed Jusin the pandemonium lord
152007 | Zig:23   | Killed Quitolo the pandemonium lord
152009 | Zig:23   | Noticed Zuoqyraf the pandemonium lord
152009 | Zig:23   | Killed Guskoah the pandemonium lord
152009 | Zig:23   | Killed Wonyimia the pandemonium lord
152009 | Zig:23   | Killed Ickeceic the pandemonium lord
152010 | Zig:23   | Killed Hirch the pandemonium lord
152010 | Zig:23   | Killed Qiet the pandemonium lord
152014 | Zig:23   | Noticed Fucey the pandemonium lord
152015 | Zig:23   | Noticed Zaar the pandemonium lord
152015 | Zig:23   | Killed Roamewko the pandemonium lord
152016 | Zig:23   | Killed Galoho Rihu the pandemonium lord
152016 | Zig:23   | Killed Fufik the pandemonium lord
152016 | Zig:23   | Killed Zaar the pandemonium lord
152017 | Zig:23   | Killed Zuoqyraf the pandemonium lord
152018 | Zig:23   | Killed Toipou the pandemonium lord
152018 | Zig:23   | Killed Enoraavu the pandemonium lord
152018 | Zig:23   | Killed Bohepo the pandemonium lord
152020 | Zig:23   | Killed Lunedoit the pandemonium lord
152021 | Zig:23   | Noticed Kikhyow the pandemonium lord
152021 | Zig:23   | Killed Fucey the pandemonium lord
152022 | Zig:23   | Noticed Qacon the pandemonium lord
152022 | Zig:23   | Noticed Ytiunone the pandemonium lord
152023 | Zig:23   | Killed Voatinep the pandemonium lord
152026 | Zig:23   | Noticed Soinguol the pandemonium lord
152028 | Zig:23   | Killed Wiet the pandemonium lord
152029 | Zig:23   | Killed Ytiunone the pandemonium lord
152030 | Zig:23   | Killed Qacon the pandemonium lord
152031 | Zig:23   | Noticed Ydob the pandemonium lord
152032 | Zig:23   | Killed Kikhyow the pandemonium lord
152032 | Zig:23   | Killed Soinguol the pandemonium lord
152039 | Zig:23   | Killed Ydob the pandemonium lord
152069 | Zig:23   | Got a transparent pewter amulet
152072 | Zig:23   | Got a crude golden amulet
152077 | Zig:23   | Got a slimy tin ring
152091 | Zig:23   | Got a coiled bronze ring
152100 | Zig:23   | Got a vibrating granite ring
152110 | Zig:23   | Got a fine copper ring
152149 | Zig:23   | Got a steaming war axe
152157 | Zig:23   | Identified the cursed +0 war axe of Purpose {distort, Str+4} (You found it on level 23 of a ziggurat)
152162 | Zig:23   | Got a scorched long sword
152163 | Zig:23   | Identified the +3 long sword "Jadghasha" {antimagic, *Noise Str+2 Int+6} (You found it on level 23 of a ziggurat)
152166 | Zig:23   | Identified the amulet "Cutteuqi" {Gourm Dex+3} (You found it on level 23 of a ziggurat)
152167 | Zig:23   | Identified the amulet "Joirchiat" {Reflect Int+2 Dex+4 SH+6} (You found it on level 23 of a ziggurat)
152171 | Zig:23   | Identified the ring "Rouhic" {*Tele Str+8} (You found it on level 23 of a ziggurat)
152173 | Zig:23   | Identified the ring of Bitappon {rElec MR+ Str-4 Int+5} (You found it on level 23 of a ziggurat)
152175 | Zig:23   | Identified the ring "Fimpeack" {SustAt rElec} (You found it on level 23 of a ziggurat)
152177 | Zig:23   | Identified the ring of the Tuna {AC+4 Dex+2} (You found it on level 23 of a ziggurat)
152282 | Zig:24   | Entered Level 24 of a ziggurat
152310 | Zig:24   | Reached skill level 10 in Crossbows
152312 | Zig:24   | Reached skill level 10 in Bows
152312 | Zig:24   | Reached skill level 10 in Axes
152313 | Zig:24   | Reached skill level 10 in Maces & Flails
152313 | Zig:24   | Reached skill level 10 in Short Blades
152316 | Zig:24   | Reached skill level 27 in Unarmed Combat
152327 | Zig:24   | Reached skill level 27 in Polearms
152348 | Zig:24   | Got a clouded granite ring
152387 | Zig:24   | Got a slimy pewter ring
152401 | Zig:24   | Got a faintly glowing ivory ring
152411 | Zig:24   | Got a translucent whip
152418 | Zig:24   | Got a bloodstained dagger
152424 | Zig:24   | Identified the +5 dagger "Xutesote" {freeze, +Inv MR++ Str-4 Dex+2 Stlth+} (You found it on level 24 of a ziggurat)
152425 | Zig:24   | Identified the +6 whip "Roigulofri" {drain, rPois rF+ Int+4} (You found it on level 24 of a ziggurat)
152428 | Zig:24   | Got a warped spear
152429 | Zig:24   | Identified the +6 spear of Inconvenience {flame, Int+3} (You found it on level 24 of a ziggurat)
152432 | Zig:24   | Identified the ring of Contentment {SInv Stlth+} (You found it on level 24 of a ziggurat)
152434 | Zig:24   | Identified the ring of Bedifrex {Ice +Blink} (You found it on level 24 of a ziggurat)
152436 | Zig:24   | Identified the ring "Wuiv Arph" {rC+ Int+3} (You found it on level 24 of a ziggurat)
152588 | Zig:25   | Entered Level 25 of a ziggurat
152699 | Zig:25   | Got a slimy pearl dragon armour
152705 | Zig:25   | Got a scorched broad axe
152740 | Zig:25   | Identified the +7 pearl dragon armour of Dishonesty {rN+ Int+5 Dex+4} (You found it on level 25 of a ziggurat)
152831 | Zig:25   | Got an ichor-stained morningstar
152832 | Zig:25   | Identified the +3 morningstar of Weekimu {freeze, *Confuse +Inv rN+++ MP-9} (You found it on level 25 of a ziggurat)
152837 | Zig:25   | Got a distressingly furry ring mail
152848 | Zig:25   | Identified the +4 ring mail of Docad {rPois Dex+4 Slay+3} (You found it on level 25 of a ziggurat)
152866 | Zig:26   | Entered Level 26 of a ziggurat
153144 | Zig:26   | Got a flickering steel ring
153215 | Zig:26   | Identified the ring of Xom's Fair Game {rElec MR+ Dex+5 Stlth+} (You found it on level 26 of a ziggurat)
153230 | Zig:26   | Got an ancient pearl dragon armour
153241 | Zig:26   | Identified the +9 pearl dragon armour of the Solstice {rPois rC+ rN+ MP-9 Int+3} (You found it on level 26 of a ziggurat)
153255 | Zig:26   | Got a dazzling morningstar
153256 | Zig:26   | Identified the cursed +1 morningstar of the Goat {crush, MR+ SInv} (You found it on level 26 of a ziggurat)
153262 | Zig:27   | Entered Level 27 of a ziggurat
153309 | Zig:27   | Reached skill level 15 in Short Blades
153310 | Zig:27   | Reached skill level 15 in Axes
153310 | Zig:27   | Reached skill level 15 in Crossbows
153310 | Zig:27   | Reached skill level 15 in Bows
153311 | Zig:27   | Reached skill level 15 in Maces & Flails
153733 | Zig:27   | Got a serpentine iron amulet
153735 | Zig:27   | Identified the amulet "Cighu" {Dismiss MR+ Str+6 Int+3} (You found it on level 27 of a ziggurat)
153749 | Zig:27   | Got a flickering pewter ring
153751 | Zig:27   | Identified the ring of Arutsuq {SustAt Str+4} (You found it on level 27 of a ziggurat)
153757 | Zig:27   | Got a coiled turquoise ring
153759 | Zig:27   | Identified the ring of Leufeus {rPois rN+++ MR- Dex+3 Stlth+} (You found it on level 27 of a ziggurat)
153763 | Zig:27   | Got a pitted brass ring
153764 | Zig:27   | Identified the ring "Hir Wuy" {rPois rC+ MR+ Str+2} (You found it on level 27 of a ziggurat)
153770 | Zig:27   | Got a brightly glowing turquoise ring
153771 | Zig:27   | Identified the ring of Weetoh {*Tele rElec} (You found it on level 27 of a ziggurat)
153789 | Zig:27   | Got a shimmering pewter ring
153812 | Zig:27   | Got a crystal morningstar
153813 | Zig:27   | Identified the +7 morningstar "Cocygg" {freeze, rF+++ rC- rN+} (You found it on level 27 of a ziggurat)
153821 | Zig:27   | Got a bloodstained flail
153822 | Zig:27   | Identified the +6 flail of Tesiza {flame, *Corrode rC+ Str+2 Dex+4} (You found it on level 27 of a ziggurat)
153865 | Lair:1   | Gained mutation: Your system is resistant to poisons. [potion of beneficial mutation]
153866 | Lair:1   | Gained mutation: Your mind is very acute. (Int +4) [potion of beneficial mutation]
153867 | Lair:1   | Gained mutation: You are highly resistant to hostile enchantments. [potion of beneficial mutation]
153868 | Lair:1   | Gained mutation: You passively map a small area around you. [potion of beneficial mutation]
153869 | Lair:1   | Gained mutation: You are covered in thick fur (AC +2). [potion of beneficial mutation]
153870 | Lair:1   | Gained mutation: You evolve. [potion of beneficial mutation]
153871 | Lair:1   | Gained mutation: You have a pair of small horns on your head. [potion of beneficial mutation]
153879 | Lair:1   | Gained mutation: You have a pair of horns on your head. [potion of beneficial mutation]
154077 | Lair:1   | Gained mutation: You have a pair of large horns on your head. [helix card]
154091 | Lair:1   | Lost mutation: You have razor-sharp toenails. [potion of cure mutation]
154091 | Lair:1   | Lost mutation: Your system is resistant to poisons. [potion of cure mutation]
154091 | Lair:1   | Lost mutation: Your flesh is cold resistant. [potion of cure mutation]
154091 | Lair:1   | Lost mutation: Your mind is very acute. (Int +4) [potion of cure mutation]
154092 | Lair:1   | Lost mutation: You are highly resistant to hostile enchantments. [potion of cure mutation]
154092 | Lair:1   | Lost mutation: You are agile. (Dex +2) [potion of cure mutation]
154092 | Lair:1   | Lost mutation: Your mind is acute. (Int +2) [potion of cure mutation]
154092 | Lair:1   | Lost mutation: You are resistant to hostile enchantments. [potion of cure mutation]
154092 | Lair:1   | Lost mutation: You have a pair of large horns on your head. [potion of cure mutation]
154092 | Lair:1   | Lost mutation: You passively map a small area around you. [potion of cure mutation]
154098 | Lair:1   | Gained mutation: You can translocate small distances at will. [potion of beneficial mutation]
154146 | Zig:1    | Entered Level 1 of a ziggurat
154220 | Zig:2    | Entered Level 2 of a ziggurat
154248 | Zig:3    | Entered Level 3 of a ziggurat
154282 | Zig:3    | Got a faintly glowing scimitar
154358 | Zig:4    | Entered Level 4 of a ziggurat
154471 | Zig:5    | Entered Level 5 of a ziggurat
154475 | Zig:5    | Noticed Bucliss the pandemonium lord
154480 | Zig:5    | Killed Bucliss the pandemonium lord
154504 | Zig:5    | Got a crude falchion
154532 | Zig:5    | Identified the +7 falchion "Venoug" {slice, rElec rPois Int+6 Dex-2} (You found it on level 5 of a ziggurat)
154533 | Zig:5    | Identified the +2 scimitar of the Seeker {drain, *Noise +Inv Str+8} (You found it on level 3 of a ziggurat)
154641 | Zig:6    | Entered Level 6 of a ziggurat
154739 | Zig:7    | Entered Level 7 of a ziggurat
154774 | Zig:7    | Got a clouded bronze ring
154859 | Zig:7    | Identified the ring of Departure {rF+ Int+4 Slay+2} (You found it on level 7 of a ziggurat)
154906 | Zig:8    | Entered Level 8 of a ziggurat
154917 | Zig:8    | Noticed Seepibai the pandemonium lord
154923 | Zig:8    | Killed Seepibai the pandemonium lord
154981 | Zig:9    | Entered Level 9 of a ziggurat
155054 | Zig:9    | Got a twitching lead ring
155077 | Zig:9    | Identified the ring "Zuilupatt" {rF++ rC+ Slay+3 Stlth+} (You found it on level 9 of a ziggurat)
155090 | Zig:10   | Entered Level 10 of a ziggurat
155155 | Zig:10   | Got a scintillating copper ring
155294 | Zig:10   | Got a bloodstained hand axe
155295 | Zig:10   | ololoev: МАЧИИИ ГОББЕР!
155295 | Zig:10   | ololoev: ГОБЛИНАТОР
155295 | Zig:10   | Goblin1989: hi
155296 | Zig:10   | Identified the +7 hand axe of Corruption {antimagic, rElec Dex+2} (You found it on level 10 of a ziggurat)
155409 | Zig:11   | Entered Level 11 of a ziggurat
155418 | Zig:11   | ololoev: ООФов не было еще?
155479 | Zig:11   | Goblin1989: не
155499 | Zig:11   | Got a wavering bronze ring
155512 | Zig:11   | Got a crystal war axe
155513 | Zig:11   | Identified the +6 war axe of Blood {venom, Str+6} (You found it on level 11 of a ziggurat)
155561 | Zig:11   | ololoev: ну не переживай, будут
155607 | Zig:11   | Goblin1989: хех
155607 | Zig:11   | Goblin1989: я и не переживал вобщем-то
155609 | Zig:12   | Entered Level 12 of a ziggurat
155616 | Zig:12   | Noticed an ancient lich
155616 | Zig:12   | Noticed an ancient lich
155617 | Zig:12   | Noticed an ancient lich
155621 | Zig:12   | Noticed an ancient lich
155621 | Zig:12   | Killed an ancient lich
155622 | Zig:12   | Killed an ancient lich
155622 | Zig:12   | Killed an ancient lich
155623 | Zig:12   | Noticed an ancient lich
155624 | Zig:12   | Noticed an ancient lich
155625 | Zig:12   | Killed an ancient lich
155627 | Zig:12   | Killed an ancient lich
155628 | Zig:12   | Killed an ancient lich
155638 | Zig:12   | ololoev: перчи войны!
155700 | Zig:12   | Goblin1989: надо как-нибудь мегазиг спригганом попробовать
155703 | Zig:12   | ololoev: зачем?
155708 | Zig:12   | Goblin1989: ни у кого не было
155708 | Zig:12   | ololoev: в мегазиге все равно
155708 | Zig:12   | ololoev: кроме всяких фелидов
155708 | Zig:12   | Goblin1989: кстати
155708 | Zig:12   | ololoev: лол, почему ты так думаешь что не было?
155708 | Zig:12   | Goblin1989: как узанть на каком самом низком уровне игру заканичивали?
155708 | Zig:12   | Goblin1989: я не видел
155708 | Zig:12   | Goblin1989: как у бима про это спросить?
155710 | Zig:12   | ololoev: !lg * x=min(xl)
155714 | Zig:12   | beem: 5962375 games for *: min(xl)=1
155716 | Zig:12   | ololoev: !lg * won x=min(xl)
155716 | Zig:12   | beem: 45323 games for * (won): min(xl)=1
155716 | Zig:12   | ololoev: что за
155716 | Zig:12   | ololoev: !lg * won min(xl)
155716 | Zig:12   | beem: 45323. syllogism the Farming Englaciator (L1 HEIE of Nemelex Xobeh), escaped with the Orb on 2010-01-28 14:34:12, with 250008 points after 209486 turns and 21:26:39.
155716 | Zig:12   | ololoev: !lg * won uune>2 min(xl)
155716 | Zig:12   | beem: Unknown field: uune
155716 | Zig:12   | ololoev: !lg * won urune>2 min(xl) -log
155716 | Zig:12   | beem: 45212. 78291, XL12 SpAE, T:30876: http://crawl.akrasiac.org/rawdata/78291/morgue-78291-20090814-042736.txt
155716 | Zig:12   | Goblin1989: ссылку на этого чела
155716 | Zig:12   | ololoev: вот
155716 | Zig:12   | ololoev: но это говнище в 0.5 версии
155716 | Zig:12   | ololoev: там куча стремного дерьма было типа детект кричерз и т.п.
155716 | Zig:12   | ololoev: !lg * won urune>2 min(xl) v>0.15 -log
155716 | Zig:12   | beem: 23824. joy1999, XL14 FeEn, T:65781: http://crawl.akrasiac.org/rawdata/joy1999/morgue-joy1999-20150325-130225.txt
155716 | Zig:12   | Goblin1989: копать-хоронить...
155716 | Zig:12   | ololoev: вот в норм версиях
155716 | Zig:12   | Goblin1989: 12 лвл
155716 | Zig:12   | ololoev: тот 12 лвл можешь не смотреть, 0.5 совсем другая игра была
155716 | Zig:12   | ololoev: вот 14 лвл
155716 | Zig:12   | ololoev: фелид рю
155716 | Zig:12   | ololoev: это ппц
155716 | Zig:12   | Goblin1989: ага, посмотрел уже
155716 | Zig:12   | Goblin1989: вот это люди играют...
155717 | Zig:13   | Entered Level 13 of a ziggurat
155740 | Zig:13   | Goblin1989: чет задумался и вниз прыгнул с половиной маны
155750 | Zig:13   | ololoev: где твой шаттер?
155751 | Zig:13   | Goblin1989: hfyj
155751 | Zig:13   | Goblin1989: рано
155751 | Zig:13   | ololoev: херово
155751 | Zig:13   | ololoev: а
155751 | Zig:13   | Goblin1989: чем ближе подойду тем больше убью
155751 | Zig:13   | ololoev: рано кастовать имеешь в виду?
155751 | Zig:13   | ololoev: это норм
155751 | Zig:13   | Goblin1989: я обычно вплотную подхожу и тогда жарю
155878 | Zig:14   | Entered Level 14 of a ziggurat
156062 | Zig:14   | Gained mutation: You are resistant to hostile enchantments. [evolution]
156086 | Zig:15   | Entered Level 15 of a ziggurat
156187 | Zig:15   | Got a scintillating golden amulet
156202 | Zig:15   | Gained mutation: You have a pair of large horns on your head. [potion of beneficial mutation]
156203 | Zig:15   | Lost mutation: You have a pair of large horns on your head. [potion of cure mutation]
156203 | Zig:15   | Lost mutation: You have a pair of horns on your head. [potion of cure mutation]
156203 | Zig:15   | Lost mutation: You have a pair of small horns on your head. [potion of cure mutation]
156203 | Zig:15   | Lost mutation: You are resistant to hostile enchantments. [potion of cure mutation]
156203 | Zig:15   | Lost mutation: Your spells are a little harder to cast, but a little more powerful. [potion of cure mutation]
156204 | Zig:15   | Gained mutation: You rapidly evolve. [potion of beneficial mutation]
156401 | Zig:16   | Entered Level 16 of a ziggurat
156506 | Zig:16   | Got an ancient morningstar
156507 | Zig:16   | Identified the +2 morningstar "Fiycoen" {speed, rN++ Str+2 Int+4} (You found it on level 16 of a ziggurat)
156513 | Zig:16   | Got an emerald-studded chain mail
156524 | Zig:16   | Identified the +5 chain mail "Zohos" {rF+ MR+ rCorr Str+6 Int-2} (You found it on level 16 of a ziggurat)
156536 | Zig:16   | Identified the amulet "Duaphase" {Harm *Drain Str+4} (You found it on level 15 of a ziggurat)
156538 | Zig:16   | Identified the ring of Contentment {Wiz rN+ Int+4} (You found it on level 10 of a ziggurat)
156540 | Zig:16   | Identified the ring "Raqe" {MR+ Str+2} (You found it on level 11 of a ziggurat)
156619 | Zig:17   | Entered Level 17 of a ziggurat
156632 | Zig:17   | Noticed an ancient lich
156632 | Zig:17   | Noticed an ancient lich
156632 | Zig:17   | Noticed an ancient lich
156632 | Zig:17   | Noticed an ancient lich
156633 | Zig:17   | Noticed an ancient lich
156634 | Zig:17   | Noticed an ancient lich
156636 | Zig:17   | Noticed an ancient lich
156636 | Zig:17   | Noticed an ancient lich
156637 | Zig:17   | Noticed an ancient lich
156637 | Zig:17   | Killed an ancient lich
156637 | Zig:17   | Killed an ancient lich
156637 | Zig:17   | Killed an ancient lich
156637 | Zig:17   | Killed an ancient lich
156642 | Zig:17   | Killed an ancient lich
156645 | Zig:17   | Killed an ancient lich
156645 | Zig:17   | Killed an ancient lich
156646 | Zig:17   | Killed an ancient lich
156646 | Zig:17   | Killed an ancient lich
156647 | Zig:17   | Noticed an ancient lich
156647 | Zig:17   | Noticed an ancient lich
156650 | Zig:17   | Noticed an ancient lich
156656 | Zig:17   | Killed an ancient lich
156656 | Zig:17   | Killed an ancient lich
156656 | Zig:17   | Killed an ancient lich
156802 | Zig:17   | Got a faintly glowing marble ring
156849 | Zig:18   | Entered Level 18 of a ziggurat
156860 | Zig:18   | Noticed Zott the pandemonium lord
156862 | Zig:18   | Noticed Ziuryfob the pandemonium lord
156862 | Zig:18   | Noticed Rick the pandemonium lord
156862 | Zig:18   | Noticed Jinoxoge the pandemonium lord
156862 | Zig:18   | Noticed Wipac the pandemonium lord
156862 | Zig:18   | Noticed Ythruidd the pandemonium lord
156862 | Zig:18   | Noticed Antunwiw the pandemonium lord
156863 | Zig:18   | Noticed Oghy Kucs the pandemonium lord
156863 | Zig:18   | Noticed Tophal the pandemonium lord
156863 | Zig:18   | Noticed Ydesetosch the pandemonium lord
156864 | Zig:18   | Noticed Futohiur the pandemonium lord
156864 | Zig:18   | Noticed Uhuloel the pandemonium lord
156866 | Zig:18   | Noticed Pes Loa the pandemonium lord
156866 | Zig:18   | Noticed Codicur the pandemonium lord
156866 | Zig:18   | Killed Jinoxoge the pandemonium lord
156866 | Zig:18   | Killed Ydesetosch the pandemonium lord
156867 | Zig:18   | Noticed Toew the pandemonium lord
156867 | Zig:18   | Noticed Ycos the pandemonium lord
156867 | Zig:18   | Noticed Listre the pandemonium lord
156868 | Zig:18   | Noticed Firha the pandemonium lord
156868 | Zig:18   | Noticed Osuracim the pandemonium lord
156868 | Zig:18   | Noticed Hoisih the pandemonium lord
156868 | Zig:18   | Killed Antunwiw the pandemonium lord
156868 | Zig:18   | Killed Oghy Kucs the pandemonium lord
156868 | Zig:18   | Killed Rick the pandemonium lord
156869 | Zig:18   | Noticed Goukunuw the pandemonium lord
156869 | Zig:18   | Noticed Zuhuoceo the pandemonium lord
156869 | Zig:18   | Noticed Rintoczo the pandemonium lord
156869 | Zig:18   | Noticed Anafeab the pandemonium lord
156869 | Zig:18   | Killed Wipac the pandemonium lord
156870 | Zig:18   | Noticed Bohaataf the pandemonium lord
156870 | Zig:18   | Noticed Poustoq the pandemonium lord
156870 | Zig:18   | Noticed Kuchumi the pandemonium lord
156870 | Zig:18   | Noticed Icyeneess the pandemonium lord
156870 | Zig:18   | Noticed Upputunt the pandemonium lord
156870 | Zig:18   | Noticed Tusen the pandemonium lord
156870 | Zig:18   | Killed Ythruidd the pandemonium lord
156870 | Zig:18   | Killed Codicur the pandemonium lord
156871 | Zig:18   | Noticed Felon the pandemonium lord
156871 | Zig:18   | Noticed Ziucrehe the pandemonium lord
156871 | Zig:18   | Noticed Kaz Mace the pandemonium lord
156871 | Zig:18   | Noticed Soysux Seem the pandemonium lord
156871 | Zig:18   | Noticed Bestiov the pandemonium lord
156871 | Zig:18   | Noticed Toihor the pandemonium lord
156871 | Zig:18   | Killed Pes Loa the pandemonium lord
156871 | Zig:18   | Killed Uhuloel the pandemonium lord
156872 | Zig:18   | Noticed Toxal the pandemonium lord
156872 | Zig:18   | Noticed Riotolab the pandemonium lord
156872 | Zig:18   | Killed Futohiur the pandemonium lord
156873 | Zig:18   | Noticed Xuuniec the pandemonium lord
156873 | Zig:18   | Noticed Ellil the pandemonium lord
156873 | Zig:18   | Killed Zott the pandemonium lord
156874 | Zig:18   | Noticed Gotso the pandemonium lord
156878 | Zig:18   | Noticed Lojaabil the pandemonium lord
156881 | Zig:18   | Noticed Sorod the pandemonium lord
156882 | Zig:18   | Killed Hoisih the pandemonium lord
156883 | Zig:18   | Killed Bestiov the pandemonium lord
156883 | Zig:18   | Killed Firha the pandemonium lord
156883 | Zig:18   | Killed Kuchumi the pandemonium lord
156883 | Zig:18   | Killed Goukunuw the pandemonium lord
156883 | Zig:18   | Killed Tophal the pandemonium lord
156883 | Zig:18   | Killed Bohaataf the pandemonium lord
156885 | Zig:18   | Killed Toew the pandemonium lord
156885 | Zig:18   | Killed Ycos the pandemonium lord
156885 | Zig:18   | Killed Ziuryfob the pandemonium lord
156885 | Zig:18   | Reached skill level 27 in Maces & Flails
156890 | Zig:18   | Killed Listre the pandemonium lord
156890 | Zig:18   | Killed Zuhuoceo the pandemonium lord
156891 | Zig:18   | Killed Rintoczo the pandemonium lord
156892 | Zig:18   | Killed Anafeab the pandemonium lord
156892 | Zig:18   | Reached skill level 27 in Long Blades
156892 | Zig:18   | Killed Tusen the pandemonium lord
156893 | Zig:18   | Killed Poustoq the pandemonium lord
156893 | Zig:18   | Killed Felon the pandemonium lord
156893 | Zig:18   | Killed Soysux Seem the pandemonium lord
156894 | Zig:18   | Killed Upputunt the pandemonium lord
156894 | Zig:18   | Killed Icyeneess the pandemonium lord
156895 | Zig:18   | Killed Kaz Mace the pandemonium lord
156897 | Zig:18   | Killed Toxal the pandemonium lord
156897 | Zig:18   | Killed Ziucrehe the pandemonium lord
156900 | Zig:18   | Reached skill level 27 in Short Blades
156900 | Zig:18   | Killed Sorod the pandemonium lord
156900 | Zig:18   | Cast into level 4 of the Abyss (Osuracim)
156908 | Zig:18   | Escaped the Abyss
156910 | Zig:18   | Killed Gotso the pandemonium lord
156910 | Zig:18   | Killed Riotolab the pandemonium lord
156910 | Zig:18   | Killed Xuuniec the pandemonium lord
156910 | Zig:18   | Killed Osuracim the pandemonium lord
156914 | Zig:18   | Killed Lojaabil the pandemonium lord
156915 | Zig:18   | Killed Ellil the pandemonium lord
156916 | Zig:18   | Killed Toihor the pandemonium lord
156963 | Zig:18   | Got a faintly humming plate armour
156987 | Zig:18   | Got a pitted turquoise ring
156997 | Zig:18   | Identified the cursed ring of Coronation {rElec MP-9 Str+4 Int-3 Dex+8} (You found it on level 17 of a ziggurat)
157000 | Zig:18   | Identified the ring "Vaeck" {Str+3 Stlth+} (You found it on level 18 of a ziggurat)
157015 | Zig:18   | Identified the +0 plate armour "Teined" {*Drain +Blink MP+9 Dex+3} (You found it on level 18 of a ziggurat)
157030 | Zig:18   | Got a polished scale mail
157041 | Zig:18   | Identified the +6 scale mail of Crawling {rN+} (You found it on level 18 of a ziggurat)
157059 | Zig:19   | Entered Level 19 of a ziggurat
157111 | Zig:19   | Got an encrusted eveningstar
157112 | Zig:19   | Identified the +11 eveningstar "Demonspawn's Foe" {freeze, rC+ MP+9 Dex+2} (You found it on level 19 of a ziggurat)
157146 | Zig:19   | Got a transparent chain mail
157157 | Zig:19   | Identified the cursed +1 chain mail of Disguise {rC+} (You found it on level 19 of a ziggurat)
157290 | Zig:20   | Entered Level 20 of a ziggurat
157300 | Zig:20   | Noticed a greater mummy
157300 | Zig:20   | Noticed a greater mummy
157300 | Zig:20   | Noticed a greater mummy
157301 | Zig:20   | Noticed a greater mummy
157301 | Zig:20   | Noticed a greater mummy
157303 | Zig:20   | Noticed a greater mummy
157304 | Zig:20   | Noticed a greater mummy
157304 | Zig:20   | Noticed a greater mummy
157305 | Zig:20   | Noticed a greater mummy
157305 | Zig:20   | Noticed a greater mummy
157306 | Zig:20   | Noticed a greater mummy
157307 | Zig:20   | Noticed a greater mummy
157307 | Zig:20   | Killed a greater mummy
157307 | Zig:20   | Killed a greater mummy
157308 | Zig:20   | Noticed a greater mummy
157309 | Zig:20   | Noticed a greater mummy
157309 | Zig:20   | Killed a greater mummy
157309 | Zig:20   | Killed a greater mummy
157309 | Zig:20   | Killed a greater mummy
157309 | Zig:20   | Killed a greater mummy
157309 | Zig:20   | Killed a greater mummy
157309 | Zig:20   | Killed a greater mummy
157310 | Zig:20   | Noticed a greater mummy
157310 | Zig:20   | Noticed a greater mummy
157310 | Zig:20   | Noticed a greater mummy
157310 | Zig:20   | Killed a greater mummy
157311 | Zig:20   | Noticed a greater mummy
157311 | Zig:20   | Noticed a greater mummy
157311 | Zig:20   | Noticed a greater mummy
157311 | Zig:20   | Killed a greater mummy
157312 | Zig:20   | Noticed a greater mummy
157312 | Zig:20   | Killed a greater mummy
157312 | Zig:20   | Killed a greater mummy
157313 | Zig:20   | Noticed a greater mummy
157313 | Zig:20   | Noticed a greater mummy
157313 | Zig:20   | Killed a greater mummy
157314 | Zig:20   | Killed a greater mummy
157315 | Zig:20   | Noticed a greater mummy
157315 | Zig:20   | Noticed a greater mummy
157315 | Zig:20   | Killed a greater mummy
157315 | Zig:20   | Killed a greater mummy
157315 | Zig:20   | Killed a greater mummy
157315 | Zig:20   | Killed a greater mummy
157315 | Zig:20   | Killed a greater mummy
157316 | Zig:20   | Noticed a greater mummy
157316 | Zig:20   | Noticed a greater mummy
157317 | Zig:20   | Noticed a greater mummy
157317 | Zig:20   | Noticed a greater mummy
157320 | Zig:20   | Killed a greater mummy
157320 | Zig:20   | Killed a greater mummy
157320 | Zig:20   | Killed a greater mummy
157321 | Zig:20   | Killed a greater mummy
157322 | Zig:20   | Killed a greater mummy
157322 | Zig:20   | Killed a greater mummy
157322 | Zig:20   | Killed a greater mummy
157322 | Zig:20   | Killed a greater mummy
157324 | Zig:20   | Killed a greater mummy
157324 | Zig:20   | Killed a greater mummy
157345 | Zig:20   | Got a wavering turquoise ring
157379 | Zig:20   | Got a crystal falchion
157382 | Zig:20   | Got a polished flail
157384 | Zig:20   | Identified the +5 falchion "Wiul" {freeze, +Rage} (You found it on level 20 of a ziggurat)
157385 | Zig:20   | Identified the cursed +2 flail of the Seven Hells {flame, rF+ Int+7} (You found it on level 20 of a ziggurat)
157429 | Zig:21   | Entered Level 21 of a ziggurat
157559 | Zig:21   | Got a wavering ruby amulet
157563 | Zig:21   | Got a slimy amber ring
157688 | Zig:21   | Got an iridescent rapier
157689 | Zig:21   | Identified the cursed +1 rapier of Desperation {venom, *Contam rElec rPois} (You found it on level 21 of a ziggurat)
157697 | Zig:21   | Got a steaming falchion
157698 | Zig:21   | Identified the +11 falchion of Currency {vamp, +Rage rElec rF+ Dex-2} (You found it on level 21 of a ziggurat)
157701 | Zig:21   | Got a jewelled falchion
157702 | Zig:21   | Identified the +2 falchion of the Establishment {drain, +Blink MP-9 Str+3 Int+3} (You found it on level 21 of a ziggurat)
157707 | Zig:21   | Got a jewelled broad axe
157708 | Zig:21   | Identified the +8 broad axe of Fortitude {antimagic, rElec rPois MR+ Int-4} (You found it on level 21 of a ziggurat)
157861 | Zig:21   | Identified the amulet of Liuvoxal {Inacc rF+ Str+3} (You found it on level 21 of a ziggurat)
157865 | Zig:21   | Identified the ring "Ysask" {Fire *Drain Str+5 Int+3} (You found it on level 21 of a ziggurat)
157867 | Zig:21   | Identified the ring "Kiofoih" {rC++ Stlth-} (You found it on level 20 of a ziggurat)
157916 | Zig:22   | Entered Level 22 of a ziggurat
157987 | Zig:22   | Got a smoking lead ring
158014 | Zig:22   | Got a jewelled falchion
158195 | Zig:22   | Got a bone scimitar
158198 | Zig:22   | Got an ivory falchion
158200 | Zig:22   | Identified the +2 scimitar "Qeucem" {slice, SInv} (You found it on level 22 of a ziggurat)
158205 | Zig:22   | Identified the ring of Cugoymun {Ice MP+9 Int+4 SInv} (You found it on level 22 of a ziggurat)
158231 | Zig:23   | Entered Level 23 of a ziggurat
158324 | Zig:23   | Got a steaming silver ring
158327 | Zig:23   | Got a smoking turquoise ring
158363 | Zig:23   | Got a glittering ruby amulet
158371 | Zig:23   | Identified the Incunabulum of Displaced Shape Shifting (You found it on level 23 of a ziggurat)
158562 | Zig:23   | Identified the amulet "Fiz Maawn" {Gourm rC+ Str+3 Dex+2} (You found it on level 23 of a ziggurat)
158566 | Zig:23   | Identified the ring "Tureafoa" {AC+2 Str+4 Int+2 Dex+5} (You found it on level 23 of a ziggurat)
158568 | Zig:23   | Identified the ring of Toos Pusm {*Tele MR+} (You found it on level 23 of a ziggurat)
158590 | Zig:24   | Entered Level 24 of a ziggurat
158725 | Zig:24   | Got a sparkling glass ring
158759 | Zig:24   | Got a scorched iron amulet
158790 | Zig:24   | Got a translucent lead ring
158849 | Zig:25   | Entered Level 25 of a ziggurat
158873 | Zig:25   | Reached skill level 27 in Crossbows
158982 | Zig:25   | Identified the amulet "Ommurawapi" {RegenMP rF+ rC+ Slay+2} (You found it on level 24 of a ziggurat)
158986 | Zig:25   | Identified the ring "Cievall" {SustAt rF+ rC+ Stlth+} (You found it on level 24 of a ziggurat)
158988 | Zig:25   | Identified the cursed ring of the Moon {rC+ AC-3 Int-4 Dex+4} (You found it on level 24 of a ziggurat)
158997 | Zig:25   | Got a steaming mottled dragon armour
159008 | Zig:25   | Identified the +0 mottled dragon armour of Midwinter {rElec Str+2 Stlth+} (You found it on level 25 of a ziggurat)
159093 | Zig:26   | Entered Level 26 of a ziggurat
159155 | Zig:26   | Got a fine copper ring
159193 | Zig:26   | Got a ring of the Octopus King
159197 | Zig:26   | Identified the cursed ring of Qonei {*Drain +Inv Str-4 Dex+2 Slay+2} (You found it on level 26 of a ziggurat)
159199 | Zig:26   | Identified a ring of the Octopus King {SustAt AC+1 EV+1 Str+1 Int+1 Dex+1} (You found it on level 26 of a ziggurat)
159205 | Zig:26   | Got a warped copper ring
159207 | Zig:26   | Identified the ring of Iphah {rC+ Int+4} (You found it on level 26 of a ziggurat)
159493 | Zig:27   | Entered Level 27 of a ziggurat
159831 | Zig:27   | Gained mutation: You are weak. (Str -2) [evolution]
160054 | Zig:1    | Entered Level 1 of a ziggurat
160054 | Zig:1    | Noticed an ancient lich
160056 | Zig:1    | Killed an ancient lich
160082 | Zig:2    | Entered Level 2 of a ziggurat
160133 | Zig:3    | Entered Level 3 of a ziggurat
160133 | Zig:3    | Noticed a juggernaut
160133 | Zig:3    | Noticed a juggernaut
160135 | Zig:3    | Noticed a juggernaut
160135 | Zig:3    | Killed a juggernaut
160136 | Zig:3    | Killed a juggernaut
160137 | Zig:3    | Noticed a juggernaut
160137 | Zig:3    | Killed a juggernaut
160139 | Zig:3    | Killed a juggernaut
160174 | Zig:4    | Entered Level 4 of a ziggurat
160243 | Zig:5    | Entered Level 5 of a ziggurat
160273 | Zig:5    | Got a brightly glowing jade ring
160307 | Zig:5    | Identified the ring of Uddem {rC+ Int+4} (You found it on level 5 of a ziggurat)
160318 | Zig:6    | Entered Level 6 of a ziggurat
160318 | Zig:6    | Noticed an ancient lich
160319 | Zig:6    | Noticed an ancient lich
160320 | Zig:6    | Noticed an ancient lich
160321 | Zig:6    | Noticed an ancient lich
160321 | Zig:6    | Noticed an ancient lich
160323 | Zig:6    | Killed an ancient lich
160324 | Zig:6    | Killed an ancient lich
160326 | Zig:6    | Killed an ancient lich
160327 | Zig:6    | Killed an ancient lich
160328 | Zig:6    | Killed an ancient lich
160421 | Zig:7    | Entered Level 7 of a ziggurat
160464 | Zig:7    | Got a faintly glowing golden ring
160596 | Zig:8    | Entered Level 8 of a ziggurat
160647 | Zig:8    | Identified the ring of the Eight Wars {Ice rN++ Stlth-} (You found it on level 7 of a ziggurat)
160804 | Zig:9    | Entered Level 9 of a ziggurat
160823 | Zig:9    | Got a smoking silver amulet
160828 | Zig:9    | Got a ring of the Octopus King
160876 | Zig:9    | Identified the amulet "Botuagg" {Harm *Drain rC- rN+++ MR++ Dex-3} (You found it on level 9 of a ziggurat)
160880 | Zig:9    | Identified a ring of the Octopus King {MP+9 AC+1 EV+1 Str+1 Int+1 Dex+1} (You found it on level 9 of a ziggurat)
160955 | Zig:10   | Entered Level 10 of a ziggurat
161188 | Zig:11   | Entered Level 11 of a ziggurat
161239 | Zig:11   | Got a warped ivory ring
161416 | Zig:12   | Entered Level 12 of a ziggurat
161421 | Zig:12   | Noticed Siosar the pandemonium lord
161422 | Zig:12   | Noticed Keteuzao the pandemonium lord
161422 | Zig:12   | Noticed Astraaf the pandemonium lord
161423 | Zig:12   | Noticed Jefrunge the pandemonium lord
161424 | Zig:12   | Noticed Rizuadal the pandemonium lord
161425 | Zig:12   | Noticed Payp the pandemonium lord
161425 | Zig:12   | Noticed Paifagik the pandemonium lord
161425 | Zig:12   | Noticed Peutz the pandemonium lord
161425 | Zig:12   | Noticed Gakhluz the pandemonium lord
161425 | Zig:12   | Noticed Jiucahuo the pandemonium lord
161426 | Zig:12   | Noticed Piadgh the pandemonium lord
161427 | Zig:12   | Noticed Qeufeukh the pandemonium lord
161428 | Zig:12   | Noticed Ceim the pandemonium lord
161428 | Zig:12   | Noticed Nyuson the pandemonium lord
161428 | Zig:12   | Noticed Poqiepn the pandemonium lord
161428 | Zig:12   | Noticed Qilirole the pandemonium lord
161428 | Zig:12   | Noticed Fisueger the pandemonium lord
161428 | Zig:12   | Noticed Ovedaqim the pandemonium lord
161428 | Zig:12   | Noticed Ciagim the pandemonium lord
161429 | Zig:12   | Noticed Pajij the pandemonium lord
161429 | Zig:12   | Noticed Milab the pandemonium lord
161429 | Zig:12   | Noticed Vasups the pandemonium lord
161430 | Zig:12   | Noticed Nuralepe the pandemonium lord
161430 | Zig:12   | Killed Jefrunge the pandemonium lord
161430 | Zig:12   | Killed Astraaf the pandemonium lord
161430 | Zig:12   | Killed Keteuzao the pandemonium lord
161431 | Zig:12   | Killed Siosar the pandemonium lord
161431 | Zig:12   | Killed Jiucahuo the pandemonium lord
161431 | Zig:12   | Killed Peutz the pandemonium lord
161432 | Zig:12   | Noticed Boomih the pandemonium lord
161432 | Zig:12   | Noticed Lialaiti the pandemonium lord
161433 | Zig:12   | Noticed Hoskil the pandemonium lord
161433 | Zig:12   | Killed Qilirole the pandemonium lord
161433 | Zig:12   | Killed Rizuadal the pandemonium lord
161433 | Zig:12   | Killed Ciagim the pandemonium lord
161435 | Zig:12   | Noticed Eduwn the pandemonium lord
161436 | Zig:12   | Killed Nyuson the pandemonium lord
161436 | Zig:12   | Killed Payp the pandemonium lord
161438 | Zig:12   | Killed Qeufeukh the pandemonium lord
161440 | Zig:12   | Killed Pajij the pandemonium lord
161441 | Zig:12   | Killed Milab the pandemonium lord
161442 | Zig:12   | Killed Vasups the pandemonium lord
161442 | Zig:12   | Killed Piadgh the pandemonium lord
161443 | Zig:12   | Killed Ovedaqim the pandemonium lord
161448 | Zig:12   | Killed Poqiepn the pandemonium lord
161450 | Zig:12   | Killed Gakhluz the pandemonium lord
161450 | Zig:12   | Killed Hoskil the pandemonium lord
161450 | Zig:12   | Killed Lialaiti the pandemonium lord
161450 | Zig:12   | Killed Fisueger the pandemonium lord
161450 | Zig:12   | Killed Nuralepe the pandemonium lord
161451 | Zig:12   | Killed Ceim the pandemonium lord
161452 | Zig:12   | Killed Paifagik the pandemonium lord
161453 | Zig:12   | Killed Eduwn the pandemonium lord
161454 | Zig:12   | Killed Boomih the pandemonium lord
161489 | Zig:12   | Got a transparent copper ring
161509 | Zig:13   | Entered Level 13 of a ziggurat
161716 | Zig:13   | Identified the ring "Tiaxum" {rF+ rN+ Stlth-} (You found it on level 12 of a ziggurat)
161718 | Zig:13   | Identified the ring of Yendor {*Confuse MP+9 Str+3} (You found it on level 11 of a ziggurat)
161736 | Zig:14   | Entered Level 14 of a ziggurat
161848 | Zig:15   | Entered Level 15 of a ziggurat
162022 | Zig:16   | Entered Level 16 of a ziggurat
162029 | Zig:16   | Noticed an ancient lich
162031 | Zig:16   | Noticed an ancient lich
162032 | Zig:16   | Noticed an ancient lich
162035 | Zig:16   | Killed an ancient lich
162035 | Zig:16   | Killed an ancient lich
162035 | Zig:16   | Killed an ancient lich
162036 | Zig:16   | Noticed an ancient lich
162036 | Zig:16   | Killed an ancient lich
162038 | Zig:16   | Noticed an ancient lich
162039 | Zig:16   | Killed an ancient lich
162040 | Zig:16   | Noticed an ancient lich
162040 | Zig:16   | Noticed an ancient lich
162040 | Zig:16   | Noticed an ancient lich
162041 | Zig:16   | Noticed an ancient lich
162042 | Zig:16   | Killed an ancient lich
162044 | Zig:16   | Noticed an ancient lich
162045 | Zig:16   | Noticed an ancient lich
162045 | Zig:16   | Noticed an ancient lich
162046 | Zig:16   | Killed an ancient lich
162046 | Zig:16   | Killed an ancient lich
162046 | Zig:16   | Killed an ancient lich
162046 | Zig:16   | Killed an ancient lich
162046 | Zig:16   | Killed an ancient lich
162047 | Zig:16   | Killed an ancient lich
162183 | Zig:17   | Entered Level 17 of a ziggurat
162401 | Zig:17   | Got a fine steel ring
162433 | Zig:17   | Got a scorched granite ring
162461 | Zig:18   | Entered Level 18 of a ziggurat
162546 | Zig:18   | Got a shimmering emerald amulet
162566 | Zig:18   | Got a translucent platinum amulet
162580 | Zig:18   | Got a clouded turquoise ring
162592 | Zig:18   | Identified the amulet of Dojoor {Faith rElec rPois Int+3} (You found it on level 18 of a ziggurat)
162594 | Zig:18   | Identified the amulet of Nuomnat {Dismiss Str+2 Dex+9} (You found it on level 18 of a ziggurat)
162600 | Zig:18   | Identified the ring "Raikhlum" {*Contam Str+7 Int+2 Slay+3} (You found it on level 18 of a ziggurat)
162603 | Zig:18   | Identified the ring "Four" {rN+ Str+4} (You found it on level 17 of a ziggurat)
162605 | Zig:18   | Identified the ring "Wownil" {+Fly MR+} (You found it on level 17 of a ziggurat)
162642 | Zig:19   | Entered Level 19 of a ziggurat
162645 | Zig:19   | Noticed a greater mummy
162646 | Zig:19   | Noticed a greater mummy
162646 | Zig:19   | Noticed a greater mummy
162647 | Zig:19   | Noticed a greater mummy
162648 | Zig:19   | Noticed a greater mummy
162649 | Zig:19   | Noticed a greater mummy
162651 | Zig:19   | Noticed a greater mummy
162651 | Zig:19   | Noticed a greater mummy
162652 | Zig:19   | Killed a greater mummy
162652 | Zig:19   | Killed a greater mummy
162652 | Zig:19   | Killed a greater mummy
162652 | Zig:19   | Killed a greater mummy
162653 | Zig:19   | Noticed a greater mummy
162653 | Zig:19   | Noticed a greater mummy
162653 | Zig:19   | Noticed a greater mummy
162654 | Zig:19   | Noticed a greater mummy
162654 | Zig:19   | Noticed a greater mummy
162654 | Zig:19   | Killed a greater mummy
162655 | Zig:19   | Killed a greater mummy
162656 | Zig:19   | Noticed a greater mummy
162656 | Zig:19   | Killed a greater mummy
162657 | Zig:19   | Noticed a greater mummy
162658 | Zig:19   | Noticed a greater mummy
162658 | Zig:19   | Noticed a greater mummy
162659 | Zig:19   | Noticed a greater mummy
162659 | Zig:19   | Noticed a greater mummy
162660 | Zig:19   | Noticed a greater mummy
162660 | Zig:19   | Killed a greater mummy
162661 | Zig:19   | Noticed a greater mummy
162661 | Zig:19   | Killed a greater mummy
162661 | Zig:19   | Killed a greater mummy
162661 | Zig:19   | Killed a greater mummy
162661 | Zig:19   | Killed a greater mummy
162661 | Zig:19   | Killed a greater mummy
162661 | Zig:19   | Killed a greater mummy
162661 | Zig:19   | Killed a greater mummy
162662 | Zig:19   | Noticed a greater mummy
162663 | Zig:19   | Noticed a greater mummy
162663 | Zig:19   | Noticed a greater mummy
162663 | Zig:19   | Noticed a greater mummy
162664 | Zig:19   | Noticed a greater mummy
162664 | Zig:19   | Killed a greater mummy
162664 | Zig:19   | Killed a greater mummy
162664 | Zig:19   | Killed a greater mummy
162664 | Zig:19   | Killed a greater mummy
162664 | Zig:19   | Killed a greater mummy
162664 | Zig:19   | Killed a greater mummy
162666 | Zig:19   | Noticed a greater mummy
162666 | Zig:19   | Noticed a greater mummy
162667 | Zig:19   | Killed a greater mummy
162667 | Zig:19   | Killed a greater mummy
162667 | Zig:19   | Killed a greater mummy
162668 | Zig:19   | Noticed a greater mummy
162668 | Zig:19   | Noticed a greater mummy
162668 | Zig:19   | Killed a greater mummy
162668 | Zig:19   | Killed a greater mummy
162669 | Zig:19   | Noticed a greater mummy
162672 | Zig:19   | Killed a greater mummy
162672 | Zig:19   | Killed a greater mummy
162672 | Zig:19   | Killed a greater mummy
162672 | Zig:19   | Killed a greater mummy
162674 | Zig:19   | Killed a greater mummy
162677 | Zig:19   | Noticed a greater mummy
162686 | Zig:19   | Killed a greater mummy
162713 | Zig:19   | Got a steaming marble ring
162725 | Zig:19   | Got a vibrating silver ring
162731 | Zig:19   | Got a translucent copper ring
162781 | Zig:19   | Identified the ring of Jealousy {Ice rN+} (You found it on level 19 of a ziggurat)
162783 | Zig:19   | Identified the ring "Galam" {Str+4 Stlth-} (You found it on level 19 of a ziggurat)
162785 | Zig:19   | Identified the cursed ring "Vupruicu" {Str-2 Int+2 Dex-2 Slay+3} (You found it on level 19 of a ziggurat)
162797 | Zig:19   | Lost mutation: You can translocate small distances at will. [potion of cure mutation]
162797 | Zig:19   | Lost mutation: You are weak. (Str -2) [potion of cure mutation]
162797 | Zig:19   | Lost mutation: You rapidly evolve. [potion of cure mutation]
162798 | Zig:19   | Gained mutation: You are agile. (Dex +2) [potion of beneficial mutation]
162799 | Zig:19   | Gained mutation: Your muscles are strong. (Str +2) [potion of beneficial mutation]
162802 | Zig:20   | Entered Level 20 of a ziggurat
162877 | Zig:20   | Got a sparkling platinum amulet
162907 | Zig:20   | Got a crude wooden ring
162909 | Zig:20   | Got a clouded ivory amulet
162976 | Zig:21   | Entered Level 21 of a ziggurat
163041 | Zig:21   | Got an ancient pewter ring
163061 | Zig:21   | Got a jewelled cloak
163103 | Zig:21   | Got a steaming ruby amulet
163125 | Zig:21   | ololoev: yo
163125 | Zig:21   | ololoev: вукад!
163135 | Zig:21   | Identified the +2 cloak of Beul {Dex+2} (You found it on level 21 of a ziggurat)
163147 | Zig:21   | Identified the amulet of Ikymaf {rElec rF+++ MR- Regen+ Str-5} (You found it on level 20 of a ziggurat)
163148 | Zig:21   | ololoev: оцпа!
163149 | Zig:21   | Identified the amulet of Zaoguvesh {Reflect +Blink MR+ SH+2} (You found it on level 20 of a ziggurat)
163150 | Zig:21   | ololoev: да я смотрю ты тут приоделся
163150 | Zig:21   | Goblin1989: ты посмотри через ькакой период я их нашел
163150 | Zig:21   | Goblin1989: в конце одного один, в начале другого другой выпросил
163150 | Zig:21   | Goblin1989: а спеллпавер не полный
163150 | Zig:21   | Goblin1989: удивительно
163150 | Zig:21   | Goblin1989: и торнадо пятитайловое
163150 | Zig:21   | Goblin1989: тоже удивительно
163151 | Zig:21   | Identified the amulet of Peskiada {Reflect rPois Str-3 Dex+4 SH+5 Stlth+} (You found it on level 21 of a ziggurat)
163155 | Zig:21   | Identified the ring "Xeikk" {rCorr Int+5 Stlth-} (You found it on level 21 of a ziggurat)
163157 | Zig:21   | Identified the ring "Ucudi" {rN+++ MP+9 AC+2 Str-2 Int+2} (You found it on level 20 of a ziggurat)
163165 | Zig:21   | ololoev: с одним энхансером надо 75 инты для макс павера
163165 | Zig:21   | ololoev: у теб только один с армора
163165 | Zig:21   | Goblin1989: ok
163169 | Zig:22   | Entered Level 22 of a ziggurat
163194 | Zig:22   | ololoev: когда мана появляется торнаду врубай
163194 | Zig:22   | Goblin1989: знаю
163194 | Zig:22   | ololoev: пбп конечно сверхгодная мутка для мегазигов
163194 | Zig:22   | Goblin1989: мне везет на такие этажи
163194 | Zig:22   | ololoev: не думал что в паучьем зиге ан начало твоего хода у тебя может быть 20 маны
163194 | Zig:22   | Goblin1989: по 50 маны за ход отрегенить можно
163207 | Zig:22   | ololoev: сайлент зиг был уже?
163207 | Zig:22   | ololoev: чтобы весь этаж в сале?
163207 | Zig:22   | Goblin1989: да
163207 | Zig:22   | Goblin1989: ну он почти весь был
163207 | Zig:22   | Goblin1989: это наверное не считается
163207 | Zig:22   | Goblin1989: я из сала выходил, торнадо врубал и заходил обратно
163207 | Zig:22   | ololoev: да, это не круто
163209 | Zig:22   | ololoev: круто когда заходишь и все в сале
163209 | Zig:22   | ololoev: как-то не густо у тебя с ХП
163212 | Zig:22   | Goblin1989: элексир или что тянуть?
163330 | Zig:22   | Got a fine ivory ring
163345 | Zig:22   | Identified the ring of Obbefy {rC+ MR+ Stlth+} (You found it on level 22 of a ziggurat)
163353 | Zig:23   | Entered Level 23 of a ziggurat
163382 | Zig:23   | Noticed Gobymius the pandemonium lord
163388 | Zig:23   | Killed Gobymius the pandemonium lord
163427 | Zig:23   | Got a translucent crystal amulet
163436 | Zig:23   | Got a translucent glass ring
163454 | Zig:23   | Got a glittering glass ring
163472 | Zig:24   | Entered Level 24 of a ziggurat
163485 | Zig:24   | Noticed an ancient lich
163489 | Zig:24   | Noticed an ancient lich
163490 | Zig:24   | Noticed an ancient lich
163490 | Zig:24   | Killed an ancient lich
163491 | Zig:24   | Noticed an ancient lich
163491 | Zig:24   | Noticed an ancient lich
163492 | Zig:24   | Noticed an ancient lich
163493 | Zig:24   | Noticed an ancient lich
163493 | Zig:24   | Noticed an ancient lich
163493 | Zig:24   | Noticed an ancient lich
163494 | Zig:24   | Noticed an ancient lich
163494 | Zig:24   | Killed an ancient lich
163494 | Zig:24   | Killed an ancient lich
163495 | Zig:24   | Killed an ancient lich
163495 | Zig:24   | Killed an ancient lich
163495 | Zig:24   | Killed an ancient lich
163495 | Zig:24   | Killed an ancient lich
163495 | Zig:24   | Killed an ancient lich
163495 | Zig:24   | Killed an ancient lich
163495 | Zig:24   | Killed an ancient lich
163496 | Zig:24   | Noticed an ancient lich
163496 | Zig:24   | Noticed an ancient lich
163496 | Zig:24   | Noticed an ancient lich
163496 | Zig:24   | Killed an ancient lich
163496 | Zig:24   | Killed an ancient lich
163497 | Zig:24   | Noticed an ancient lich
163497 | Zig:24   | Killed an ancient lich
163497 | Zig:24   | Killed an ancient lich
163498 | Zig:24   | Noticed an ancient lich
163503 | Zig:24   | Noticed an ancient lich
163503 | Zig:24   | Noticed an ancient lich
163504 | Zig:24   | Noticed an ancient lich
163504 | Zig:24   | Killed an ancient lich
163505 | Zig:24   | Noticed an ancient lich
163505 | Zig:24   | Noticed an ancient lich
163505 | Zig:24   | Noticed an ancient lich
163506 | Zig:24   | Noticed an ancient lich
163506 | Zig:24   | Noticed an ancient lich
163507 | Zig:24   | Noticed an ancient lich
163507 | Zig:24   | Killed an ancient lich
163507 | Zig:24   | Killed an ancient lich
163507 | Zig:24   | Killed an ancient lich
163507 | Zig:24   | Killed an ancient lich
163508 | Zig:24   | Noticed an ancient lich
163508 | Zig:24   | Killed an ancient lich
163508 | Zig:24   | Killed an ancient lich
163508 | Zig:24   | Killed an ancient lich
163508 | Zig:24   | Killed an ancient lich
163508 | Zig:24   | Killed an ancient lich
163509 | Zig:24   | Noticed an ancient lich
163510 | Zig:24   | Noticed an ancient lich
163510 | Zig:24   | Killed an ancient lich
163511 | Zig:24   | Noticed an ancient lich
163511 | Zig:24   | Noticed an ancient lich
163513 | Zig:24   | Noticed an ancient lich
163513 | Zig:24   | Killed an ancient lich
163514 | Zig:24   | Killed an ancient lich
163517 | Zig:24   | Killed an ancient lich
163517 | Zig:24   | Killed an ancient lich
163517 | Zig:24   | Killed an ancient lich
163593 | Zig:24   | Identified the amulet of Boxabil {Spirit *Contam +Blink rF+ SInv} (You found it on level 23 of a ziggurat)
163597 | Zig:24   | Identified the ring of the Lobster {SustAt +Blink rElec Stlth+} (You found it on level 23 of a ziggurat)
163599 | Zig:24   | Identified the cursed ring of Fusic Kau {rF+ Dex-3 Slay+3 SInv} (You found it on level 23 of a ziggurat)
163767 | Zig:25   | Entered Level 25 of a ziggurat
163778 | Zig:25   | Noticed an orb of fire
163778 | Zig:25   | Noticed an orb of fire
163778 | Zig:25   | Noticed an orb of fire
163779 | Zig:25   | Noticed an orb of fire
163779 | Zig:25   | Noticed an orb of fire
163780 | Zig:25   | Noticed an orb of fire
163780 | Zig:25   | Noticed an orb of fire
163780 | Zig:25   | Noticed an orb of fire
163780 | Zig:25   | Noticed an orb of fire
163780 | Zig:25   | Noticed an orb of fire
163781 | Zig:25   | Noticed an orb of fire
163789 | Zig:25   | Killed an orb of fire
163793 | Zig:25   | Killed an orb of fire
163794 | Zig:25   | Killed an orb of fire
163796 | Zig:25   | Killed an orb of fire
163797 | Zig:25   | Killed an orb of fire
163797 | Zig:25   | Killed an orb of fire
163797 | Zig:25   | Killed an orb of fire
163799 | Zig:25   | Killed an orb of fire
163799 | Zig:25   | Killed an orb of fire
163799 | Zig:25   | Killed an orb of fire
163799 | Zig:25   | Killed an orb of fire
163804 | Zig:25   | Noticed an orb of fire
163806 | Zig:25   | Killed an orb of fire
163817 | Zig:25   | Noticed an orb of fire
163819 | Zig:25   | Noticed an orb of fire
163819 | Zig:25   | Killed an orb of fire
163822 | Zig:25   | Killed an orb of fire
163825 | Zig:25   | Noticed an orb of fire
163825 | Zig:25   | Noticed an orb of fire
163827 | Zig:25   | Noticed an orb of fire
163828 | Zig:25   | Killed an orb of fire
163828 | Zig:25   | Killed an orb of fire
163829 | Zig:25   | Killed an orb of fire
163830 | Zig:25   | Noticed an orb of fire
163830 | Zig:25   | Noticed an orb of fire
163832 | Zig:25   | Killed an orb of fire
163833 | Zig:25   | Killed an orb of fire
163846 | Zig:25   | Noticed an orb of fire
163848 | Zig:25   | Killed an orb of fire
163849 | Zig:25   | Noticed an orb of fire
163850 | Zig:25   | Noticed an orb of fire
163851 | Zig:25   | Noticed an orb of fire
163851 | Zig:25   | Killed an orb of fire
163851 | Zig:25   | Killed an orb of fire
163853 | Zig:25   | Noticed an orb of fire
163853 | Zig:25   | Noticed an orb of fire
163855 | Zig:25   | Killed an orb of fire
163856 | Zig:25   | Noticed an orb of fire
163856 | Zig:25   | Noticed an orb of fire
163856 | Zig:25   | Noticed an orb of fire
163857 | Zig:25   | Noticed an orb of fire
163857 | Zig:25   | Noticed an orb of fire
163857 | Zig:25   | Noticed an orb of fire
163857 | Zig:25   | Noticed an orb of fire
163857 | Zig:25   | Noticed an orb of fire
163857 | Zig:25   | Killed an orb of fire
163861 | Zig:25   | Killed an orb of fire
163861 | Zig:25   | Killed an orb of fire
163862 | Zig:25   | Noticed an orb of fire
163862 | Zig:25   | Killed an orb of fire
163862 | Zig:25   | Killed an orb of fire
163862 | Zig:25   | Killed an orb of fire
163862 | Zig:25   | Killed an orb of fire
163862 | Zig:25   | Killed an orb of fire
163862 | Zig:25   | Killed an orb of fire
163862 | Zig:25   | Killed an orb of fire
163863 | Zig:25   | Noticed an orb of fire
163863 | Zig:25   | Noticed an orb of fire
163863 | Zig:25   | Killed an orb of fire
163865 | Zig:25   | Noticed an orb of fire
163865 | Zig:25   | Killed an orb of fire
163866 | Zig:25   | Killed an orb of fire
163867 | Zig:25   | Killed an orb of fire
163868 | Zig:25   | Noticed an orb of fire
163868 | Zig:25   | Goblin1989: вот ведь срань господня досталась!!!
163869 | Zig:25   | Killed an orb of fire
163878 | Zig:25   | Noticed an orb of fire
163880 | Zig:25   | Killed an orb of fire
163881 | Zig:25   | Noticed an orb of fire
163882 | Zig:25   | Killed an orb of fire
163885 | Zig:25   | Noticed an orb of fire
163889 | Zig:25   | Killed an orb of fire
163894 | Zig:25   | Noticed an orb of fire
163896 | Zig:25   | Killed an orb of fire
163925 | Zig:25   | Noticed an orb of fire
163926 | Zig:25   | Killed an orb of fire
163928 | Zig:25   | Noticed an orb of fire
163930 | Zig:25   | Killed an orb of fire
163932 | Zig:25   | Noticed an orb of fire
163936 | Zig:25   | Killed an orb of fire
164063 | Zig:25   | Got a bound silver ring
164081 | Zig:25   | Got a ring of the Octopus King
164152 | Zig:25   | Identified a ring of the Octopus King {Wiz AC+1 EV+1 Str+1 Int+1 Dex+1} (You found it on level 25 of a ziggurat)
164154 | Zig:25   | Identified the ring "Iryeb" {rC- rN+ Int+7} (You found it on level 25 of a ziggurat)
164182 | Zig:26   | Entered Level 26 of a ziggurat
164193 | Zig:26   | Noticed Hadik the pandemonium lord
164194 | Zig:26   | Noticed Kutaag the pandemonium lord
164195 | Zig:26   | Noticed Qekky the pandemonium lord
164195 | Zig:26   | Noticed Paloyhell the pandemonium lord
164198 | Zig:26   | Noticed Rigon the pandemonium lord
164199 | Zig:26   | Noticed Wunum the pandemonium lord
164200 | Zig:26   | Noticed Naissy the pandemonium lord
164201 | Zig:26   | Noticed Ojiyppex the pandemonium lord
164201 | Zig:26   | Noticed Saameral the pandemonium lord
164201 | Zig:26   | Noticed Suguyluso the pandemonium lord
164201 | Zig:26   | Noticed Look the pandemonium lord
164201 | Zig:26   | Noticed Axykuo the pandemonium lord
164201 | Zig:26   | Noticed Vennaol the pandemonium lord
164202 | Zig:26   | Noticed Ymainner the pandemonium lord
164203 | Zig:26   | Noticed Zushegac the pandemonium lord
164203 | Zig:26   | Noticed Idel the pandemonium lord
164203 | Zig:26   | Killed Hadik the pandemonium lord
164204 | Zig:26   | Noticed Doereobeu the pandemonium lord
164204 | Zig:26   | Killed Naissy the pandemonium lord
164205 | Zig:26   | Noticed Esual the pandemonium lord
164205 | Zig:26   | Killed Paloyhell the pandemonium lord
164205 | Zig:26   | Killed Look the pandemonium lord
164206 | Zig:26   | Noticed Cuapel the pandemonium lord
164206 | Zig:26   | Noticed Xyoc the pandemonium lord
164208 | Zig:26   | Killed Rigon the pandemonium lord
164208 | Zig:26   | Killed Suguyluso the pandemonium lord
164208 | Zig:26   | Killed Ojiyppex the pandemonium lord
164208 | Zig:26   | Killed Vennaol the pandemonium lord
164208 | Zig:26   | Killed Ymainner the pandemonium lord
164209 | Zig:26   | Killed Esual the pandemonium lord
164209 | Zig:26   | Killed Kutaag the pandemonium lord
164210 | Zig:26   | Killed Wunum the pandemonium lord
164210 | Zig:26   | Killed Doereobeu the pandemonium lord
164211 | Zig:26   | Noticed Efudoman the pandemonium lord
164211 | Zig:26   | Noticed Fiuj the pandemonium lord
164211 | Zig:26   | Killed Qekky the pandemonium lord
164212 | Zig:26   | Noticed Giotobo the pandemonium lord
164214 | Zig:26   | Noticed Ceskua the pandemonium lord
164214 | Zig:26   | Killed Saameral the pandemonium lord
164214 | Zig:26   | Killed Idel the pandemonium lord
164215 | Zig:26   | Noticed Gocuuho the pandemonium lord
164216 | Zig:26   | Noticed Cehia the pandemonium lord
164216 | Zig:26   | Noticed Tythoituw the pandemonium lord
164216 | Zig:26   | Noticed Soje the pandemonium lord
164216 | Zig:26   | Noticed Vifusm the pandemonium lord
164216 | Zig:26   | Noticed Kebog the pandemonium lord
164216 | Zig:26   | Noticed Ikkig the pandemonium lord
164216 | Zig:26   | Killed Zushegac the pandemonium lord
164216 | Zig:26   | Killed Xyoc the pandemonium lord
164217 | Zig:26   | Noticed Gioste the pandemonium lord
164217 | Zig:26   | Killed Cuapel the pandemonium lord
164218 | Zig:26   | Noticed Otzuj the pandemonium lord
164218 | Zig:26   | Noticed Osigeiph the pandemonium lord
164218 | Zig:26   | Killed Efudoman the pandemonium lord
164218 | Zig:26   | Killed Kebog the pandemonium lord
164219 | Zig:26   | Noticed Wanoeg the pandemonium lord
164219 | Zig:26   | Noticed Laniuwn the pandemonium lord
164219 | Zig:26   | Noticed Olecamum the pandemonium lord
164220 | Zig:26   | Noticed Tapext the pandemonium lord
164220 | Zig:26   | Noticed Jyaphum the pandemonium lord
164220 | Zig:26   | Noticed Seudomm the pandemonium lord
164220 | Zig:26   | Noticed Ekudaqug the pandemonium lord
164220 | Zig:26   | Killed Gocuuho the pandemonium lord
164220 | Zig:26   | Killed Ikkig the pandemonium lord
164221 | Zig:26   | Noticed Vefet the pandemonium lord
164221 | Zig:26   | Noticed Nif Rat the pandemonium lord
164221 | Zig:26   | Noticed Paesys the pandemonium lord
164221 | Zig:26   | Killed Soje the pandemonium lord
164221 | Zig:26   | Killed Axykuo the pandemonium lord
164221 | Zig:26   | Killed Fiuj the pandemonium lord
164223 | Zig:26   | Noticed Memm the pandemonium lord
164223 | Zig:26   | Noticed Ukhlon the pandemonium lord
164223 | Zig:26   | Killed Giotobo the pandemonium lord
164223 | Zig:26   | Killed Ceskua the pandemonium lord
164223 | Zig:26   | Killed Jyaphum the pandemonium lord
164224 | Zig:26   | Noticed Wamikk the pandemonium lord
164224 | Zig:26   | Killed Vifusm the pandemonium lord
164224 | Zig:26   | Killed Ukhlon the pandemonium lord
164225 | Zig:26   | Noticed Boisch the pandemonium lord
164225 | Zig:26   | Killed Tythoituw the pandemonium lord
164225 | Zig:26   | Killed Tapext the pandemonium lord
164225 | Zig:26   | Killed Otzuj the pandemonium lord
164226 | Zig:26   | Killed Gioste the pandemonium lord
164227 | Zig:26   | Noticed Qin Qaps the pandemonium lord
164227 | Zig:26   | Killed Osigeiph the pandemonium lord
164228 | Zig:26   | Noticed Tici the pandemonium lord
164228 | Zig:26   | Noticed Dece the pandemonium lord
164228 | Zig:26   | Killed Laniuwn the pandemonium lord
164228 | Zig:26   | Killed Vefet the pandemonium lord
164229 | Zig:26   | Killed Cehia the pandemonium lord
164231 | Zig:26   | Noticed Muys the pandemonium lord
164231 | Zig:26   | Noticed Acegibbool the pandemonium lord
164231 | Zig:26   | Noticed Wargheiff the pandemonium lord
164232 | Zig:26   | Noticed Leryejoc the pandemonium lord
164232 | Zig:26   | Noticed Irruq the pandemonium lord
164233 | Zig:26   | Noticed Towext the pandemonium lord
164233 | Zig:26   | Killed Boisch the pandemonium lord
164234 | Zig:26   | Noticed Foth the pandemonium lord
164234 | Zig:26   | Noticed Socsoupt the pandemonium lord
164235 | Zig:26   | Killed Nif Rat the pandemonium lord
164235 | Zig:26   | Killed Wamikk the pandemonium lord
164236 | Zig:26   | Noticed Yraliuqu the pandemonium lord
164237 | Zig:26   | Killed Ekudaqug the pandemonium lord
164237 | Zig:26   | Killed Acegibbool the pandemonium lord
164238 | Zig:26   | Noticed Miono the pandemonium lord
164239 | Zig:26   | Noticed Xaifonon the pandemonium lord
164239 | Zig:26   | Killed Muys the pandemonium lord
164239 | Zig:26   | Killed Foth the pandemonium lord
164240 | Zig:26   | Killed Dece the pandemonium lord
164241 | Zig:26   | Killed Olecamum the pandemonium lord
164241 | Zig:26   | Killed Wanoeg the pandemonium lord
164243 | Zig:26   | Killed Paesys the pandemonium lord
164244 | Zig:26   | Killed Tici the pandemonium lord
164245 | Zig:26   | Killed Seudomm the pandemonium lord
164245 | Zig:26   | Killed Memm the pandemonium lord
164248 | Zig:26   | Killed Leryejoc the pandemonium lord
164254 | Zig:26   | Noticed Ehyimuma the pandemonium lord
164255 | Zig:26   | Noticed Nuos Qod the pandemonium lord
164255 | Zig:26   | Killed Xaifonon the pandemonium lord
164255 | Zig:26   | Killed Wargheiff the pandemonium lord
164256 | Zig:26   | Noticed Udiat the pandemonium lord
164256 | Zig:26   | Noticed Xateyx the pandemonium lord
164256 | Zig:26   | Killed Miono the pandemonium lord
164257 | Zig:26   | Noticed Cilleng the pandemonium lord
164257 | Zig:26   | Noticed Non Ozawn the pandemonium lord
164257 | Zig:26   | Noticed Yteloss the pandemonium lord
164257 | Zig:26   | Noticed Ofuner the pandemonium lord
164257 | Zig:26   | Noticed Focoph the pandemonium lord
164258 | Zig:26   | Noticed Sokloawe the pandemonium lord
164258 | Zig:26   | Noticed Ulank the pandemonium lord
164258 | Zig:26   | Killed Irruq the pandemonium lord
164259 | Zig:26   | Killed Socsoupt the pandemonium lord
164259 | Zig:26   | Killed Yraliuqu the pandemonium lord
164260 | Zig:26   | Killed Towext the pandemonium lord
164260 | Zig:26   | Killed Qin Qaps the pandemonium lord
164261 | Zig:26   | Killed Nuos Qod the pandemonium lord
164261 | Zig:26   | Killed Focoph the pandemonium lord
164262 | Zig:26   | Killed Ehyimuma the pandemonium lord
164262 | Zig:26   | Killed Non Ozawn the pandemonium lord
164262 | Zig:26   | Killed Sokloawe the pandemonium lord
164263 | Zig:26   | Killed Udiat the pandemonium lord
164264 | Zig:26   | Killed Cilleng the pandemonium lord
164264 | Zig:26   | Killed Yteloss the pandemonium lord
164265 | Zig:26   | Killed Ulank the pandemonium lord
164266 | Zig:26   | Killed Ofuner the pandemonium lord
164268 | Zig:26   | Noticed Meorgh the pandemonium lord
164268 | Zig:26   | Noticed Luehergh the pandemonium lord
164268 | Zig:26   | Noticed Nahya the pandemonium lord
164268 | Zig:26   | Killed Xateyx the pandemonium lord
164269 | Zig:26   | Noticed Vethru Noeq the pandemonium lord
164270 | Zig:26   | Noticed Tysenuli the pandemonium lord
164270 | Zig:26   | Noticed Poarib the pandemonium lord
164270 | Zig:26   | Noticed Tona the pandemonium lord
164272 | Zig:26   | Noticed Lazu the pandemonium lord
164272 | Zig:26   | Killed Luehergh the pandemonium lord
164272 | Zig:26   | Killed Poarib the pandemonium lord
164273 | Zig:26   | Noticed Baxet the pandemonium lord
164274 | Zig:26   | Noticed Eju Maf the pandemonium lord
164275 | Zig:26   | Killed Vethru Noeq the pandemonium lord
164275 | Zig:26   | Killed Nahya the pandemonium lord
164277 | Zig:26   | Killed Lazu the pandemonium lord
164278 | Zig:26   | Killed Tysenuli the pandemonium lord
164278 | Zig:26   | Killed Eju Maf the pandemonium lord
164281 | Zig:26   | Killed Meorgh the pandemonium lord
164282 | Zig:26   | Killed Baxet the pandemonium lord
164284 | Zig:26   | Killed Tona the pandemonium lord
164368 | Zig:26   | Got a brightly glowing jade amulet
164379 | Zig:26   | Identified the amulet of Onkaj {rF+ Regen+ MP+9} (You found it on level 26 of a ziggurat)
164394 | Zig:27   | Entered Level 27 of a ziggurat
164460 | Zig:27   | Got a faintly glowing granite ring
164462 | Zig:27   | Got a heavily runed pewter ring
164567 | Zig:27   | Identified the ring "Paugheto" {Ice rN+ Dex+3} (You found it on level 27 of a ziggurat)
164569 | Zig:27   | Identified the ring "Cimumupu" {MP+9 Str-2 Dex+3 SInv Stlth+} (You found it on level 27 of a ziggurat)
164574 | Zig:27   | Reached skill level 27 in Axes
164618 | Lair:1   | Goblin1989: Все. Хватит зиккуратами баловаться. Принцип я понял.
165141 | Zot:5    | Got the Orb of Zot
165275 | Depths:5 | Noticed Gutiomni the pandemonium lord
165418 | D:14     | Noticed Kemiss the pandemonium lord
165427 | D:14     | Killed Kemiss the pandemonium lord
165527 | D:11     | Noticed Plog the pandemonium lord
165537 | D:10     | Killed Plog the pandemonium lord
165803 | D:$      | Escaped with the Orb!

Skill      XL: |  1  2  3  4  5  6  7  8  9 10 11 12 13 14 15 16 17 18 19 20 21 22 23 24 25 26 27 |
---------------+----------------------------------------------------------------------------------+-----
Fire Magic     | 3 4 5 6 7 9 10 11 12 14 15 16 17 18 19 20 21 22 27 | 27.0
Conjurations   | 3 4 5 7 9 10 12 13 15 16 17 18 19 20 21 22 23 24 27 | 27.0
Spellcasting   | 3 4 5 6 7 8 9 10 11 12 13 14 15 16 17 27 | 27.0
Dodging        | 4 5 7 8 9 10 11 27 | 27.0
Fighting       | 2 5 7 8 9 10 27 | 27.0
Shields        | 3 4 6 8 9 11 27 | 27.0
Armour         | 4 6 7 9 27 | 27.0
Charms         | 3 6 27 | 27.0
Transmutations | 2 6 8 27 | 27.0
Necromancy     | 2 8 10 27 | 27.0
Evocations     | 4 27 | 27.0
Air Magic      | 27 | 27.0
Invocations    | 27 | 27.0
Ice Magic      | 27 | 27.0
Hexes          | 27 | 27.0
Throwing       | 27 | 27.0
Staves         | 27 | 27.0
Translocations | 27 | 27.0
Earth Magic    | 27 | 27.0
Stealth        | 27 | 27.0
Polearms       | 27 | 27.0
Long Blades    | 27 | 27.0
Unarmed Combat | 27 | 27.0
Crossbows      | 27 | 27.0
Short Blades   | 27 | 27.0
Maces & Flails | 27 | 27.0
Axes           | 27 | 27.0
Bows           | 19 | 19.7
Poison Magic   | |  0.2

Action                   |  1- 3 |  4- 6 |  7- 9 | 10-12 | 13-15 | 16-18 | 19-21 | 22-24 | 25-27 || total
-------------------------+-------+-------+-------+-------+-------+-------+-------+-------+-------++-------
Melee: Unarmed           |     4 |     6 |     9 |    11 |       |       |       |       |     1 ||    31
       Flail             |       |       |    17 |    35 |       |       |       |       |    60 ||   112
       Greatsling        |       |       |     1 |       |       |       |       |       |       ||     1
       Dagger            |       |       |    44 |    17 |       |       |       |       |       ||    61
       Mace              |       |       |       |       |     3 |       |       |       |       ||     3
       War axe           |       |       |       |       |     6 |     5 |       |       |       ||    11
       Spear             |       |       |       |       |       |       |     1 |       |    74 ||    75
       Staff             |       |       |       |       |       |       |       |       |    94 ||    94
       Bite              |       |       |       |       |       |       |       |       |     5 ||     5
       Headbutt          |       |       |       |       |       |       |       |       |     2 ||     2
 Fire: Greatsling        |       |       |    70 |    11 |    10 |       |       |       |       ||    91
       Blowgun           |       |       |     9 |       |       |       |       |       |       ||     9
Throw: Javelin           |       |       |       |       |       |       |       |       |     6 ||     6
 Cast: Flame Tongue      |    70 |    30 |   247 |    96 |    12 |       |       |       |       ||   455
       Sticky Flame      |       |     8 |    21 |    25 |    20 |     6 |    17 |    10 |       ||   107
       Conjure Flame     |       |     1 |    13 |    13 |     2 |     2 |       |       |       ||    31
       Inner Flame       |       |       |     7 |     2 |     2 |       |       |       |       ||    11
       Fireball          |       |       |       |   234 |   617 |   628 |   206 |    74 |       ||  1759
       Bolt of Fire      |       |       |       |     3 |     8 |    26 |    15 |     8 |     3 ||    63
       Delayed Fireball  |       |       |       |       |     3 |     6 |     1 |     2 |     7 ||    19
       Iron Shot         |       |       |       |       |     5 |    54 |    41 |    99 |    67 ||   266
       Spellforged Servi |       |       |       |       |       |     3 |     4 |     2 |       ||     9
       Fire Storm        |       |       |       |       |       |     2 |   204 |   310 |  2976 ||  3492
       Apportation       |       |       |       |       |       |       |     3 |     2 |    61 ||    66
       Haste             |       |       |       |       |       |       |     5 |     6 |   164 ||   175
       Shatter           |       |       |       |       |       |       |       |       |  1369 ||  1369
       Necromutation     |       |       |       |       |       |       |       |       |   683 ||   683
       Tornado           |       |       |       |       |       |       |       |       |   397 ||   397
       Lehudib's Crystal |       |       |       |       |       |       |       |       |   172 ||   172
       Glaciate          |       |       |       |       |       |       |       |       |   163 ||   163
       Controlled Blink  |       |       |       |       |       |       |       |       |    86 ||    86
       Darkness          |       |       |       |       |       |       |       |       |    15 ||    15
 Abil: Release Delayed F |       |       |       |       |     3 |     5 |     1 |     2 |     7 ||    18
       Damnation         |       |       |       |       |       |       |       |       |    25 ||    25
       End Transformatio |       |       |       |       |       |       |       |       |    24 ||    24
Evoke: Wand              |       |       |       |     7 |     6 |     6 |       |     2 |    19 ||    40
       Staff of energy   |       |       |       |       |       |       |       |       |  3500 ||  3500
       Staff of Wucad Mu |       |       |       |       |       |       |       |       |   306 ||   306
       Disc of storms    |       |       |       |       |       |       |       |       |   233 ||   233
       Deck              |       |       |       |       |       |       |       |       |    21 ||    21
       Figurine of a zig |       |       |       |       |       |       |       |       |     7 ||     7
  Use: Scroll            |       |       |    13 |     9 |    19 |    16 |     3 |    12 |   209 ||   281
       Potion            |       |       |     2 |     2 |     3 |       |       |       |   163 ||   170
  Eat: Chunk             |     5 |     1 |    16 |    43 |    83 |    65 |   100 |   128 |    59 ||   500
       Meat ration       |       |     1 |     1 |     5 |     3 |       |     4 |     5 |    16 ||    35
       Beef jerky        |       |       |     1 |       |     1 |       |       |     1 |    16 ||    19
       Bread ration      |       |       |       |     1 |     3 |       |       |       |     3 ||     7
       Pizza             |       |       |       |     1 |       |       |     4 |     1 |     8 ||    14
       Fruit             |       |       |       |     7 |     5 |       |     7 |     4 |     8 ||    31
       Royal jelly       |       |       |       |       |     1 |       |     4 |       |    15 ||    20
Armor: Robe              |     5 |     8 |    69 |    56 |    17 |       |       |       |       ||   155
       Leather armour    |       |       |       |       |    11 |    58 |       |       |       ||    69
       Ring mail         |       |       |       |       |       |       |    44 |    18 |   102 ||   164
       Crystal plate arm |       |       |       |       |       |       |       |       |   439 ||   439
       Scale mail        |       |       |       |       |       |       |       |       |   366 ||   366
       Pearl dragon armo |       |       |       |       |       |       |       |       |   297 ||   297
Dodge: Dodged            |    17 |    15 |   144 |    84 |    81 |    86 |    67 |    39 |  3347 ||  3880
Block: Other             |       |       |    37 |    39 |     9 |       |       |       |       ||    85
       Reflection        |       |       |       |     3 |       |       |       |     2 |   332 ||   337
       Buckler           |       |       |       |       |     4 |    35 |    23 |    22 |       ||    84
       Shield            |       |       |       |       |       |       |       |     7 |   278 ||   285
       Large shield      |       |       |       |       |       |       |       |       |  4794 ||  4794
